Workbook

Sheet MATRIZ RCC
B2: MATRIZ DE INFORMACIÓN MINIMA PARA INFORME FINAL DE RENDICIÓN DE CUENTAS AL CIUDADANO - EJERCICIO 2026
B4: 1- PRESENTACIÓN
B5: Institución: | C5: Ministerio del Ambiente y Desarrollo Sostenible
B6: Periodo del informe: | C6: Enero - Febrero - Marzo 2026
B7: Misión institucional
B8: Entidad pública encargada de establecer y evaluar la Política Ambiental Nacional, promoviendo la investigación, preservación, conservación, recuperación, protección, ordenamiento, manejo y aprovechamiento de los recursos naturales, a fin de alcanzar el desarrollo sostenible y garantizar el derecho de los ciudadanos a vivir en un ambiente sano
B15: 2-PRESENTACIÓN DE LOS MIEMBROS DEL COMITÉ DE RENDICIÓN DE CUENTAS AL CIUDADANO (CRCC)
B16: https://www.mades.gov.py/wp-content/uploads/2025/03/Resolucion-45.pdf
B17: Nro. | C17: Dependencia | E17: Responsable | G17: Cargo que Ocupa
B18: 1 | C18: Direccion de Transparencia y Anticorrupción | E18: Julio Ferreira | G18: Director
B19: 2 | C19: Dirección General de Protección y Conservacion de la Biodiversidad | E19: Carlos Monges | G19: Director General
B20: 3 | C20: Dirección de Planificación Estrategica | E20: Jesús Riquelme | G20: Jefatura
B21: 4 | C21: Dirección de Gabinete | E21: Sergio Garay | G21: Coordinador
B22: 5 | C22: Dirección de Comunicaciones | E22: Cecilia Fariña | G22: Jefatura
B23: 6 | C23: Dirección General de Gestión Ambiental | E23: Claudio Velázquez | G23: Director
B24: 7 | C24: Dirección de Administración y Finanzas | E24: Julio Verthe | G24: Director
B25: 8 | C25: Dirección de Auditoria Interna | E25: Sandra Leiva | G25: Directora
B26: 9 | C26: Dirección General del Aire | E26: Mirtha Almada | G26: Jefatura
B27: 10 | C27: Dirección General de Protección y Conservacion de los Recursos Hidricos | E27: Beatriz Silvero | G27: Jefatura
B28: 11 | C28: Direccion de Sistema Informático | E28: Amadeo Bazán | G28: Tecnico
B29: 12 | C29: Coordinacion del MECIP | E29: Jesús Riquelme | G29: Coordinador
B30: 13 | C30: Dirección General de Control de la Calidad Ambiental R.N | E30: Monica Benitez | G30: Jefatura
B31: Cantidad de Miembros del CRCC: | F31: 13
B32: Total Hombres : | F32: 8
B33: Total Mujeres: | F33: 5
B34: Total nivel directivo o rango superior: | F34: 0.9844
B36: 2- PLAN DE RENDICIÓN DE CUENTAS AL CIUDADANO
B37: 2.1 Resolución de Aprobación y Anexo de Plan de Rendición de Cuentas
B38: https://www.mades.gov.py/wp-content/uploads/2026/03/PLAN-ANUAL-DE-RENDICION-RES-147-26.pdf
B39: 2.2 Plan de Rendición de Cuentas. (Copiar abajo link de acceso directo)
B40: https://www.mades.gov.py/wp-content/uploads/2026/03/PLAN-ANUAL-DE-RENDICION-RES-147-26.pdf
B41: Priorización | C41: Tema | E41: Vinculación POI, PEI, PND, ODS. | F41: Justificaciones | H41: Evidencia
B42: 1° | C42: Declaraciones de Impacto Ambiental: Las actividades humanas ocasionan impacto al ambiente, por esa razón el Ministerio del Ambiente y Desarrollo Sostenible, a través de la DGCCARN, emite Declaraciones de Impacto Ambiental. Estas DIA son el resultado de informes técnicos que tienen como propósito medir el impacto, sea positivo o negativo, de la actividad al ambiente para posteriormente aprobar o rechazar el proyecto desde la perspectiva ambiental. | E42: PND 2030: Estrategia "Sostenibilidad del Hábitat Global". ODS: ODS 15 - Meta 15.2. De aquí a 2020, promover la puesta en práctica de la gestión sostenible de todos los tipos de bosques, detener la deforestación, recuperar los bosques degradados y aumentar considerablemente la forestación y la reforestación a nivel mundial. | F42: Para lograr el desarrollo sustentable, existen mecanismos preventivos en la gestión ambiental. De acuerdo a la Ley N° 294/93 "De Evaluación de Impacto Ambiental", la Declaración de Impacto Ambiental es el estudio científico que permite identificar, prever y estimar impactos ambientales en obras y actividades proyectadas. | H42: Informe Semestral presentado a la DPE
B43: 2° | C43: Fiscalizaciones e intervenciones en el marco de la legislación ambiental vigente: Control del cumplimiento de las leyes ambientales; intervención a responsables de incumplir la legislación ambiental para el sumario administrativo correspondiente, y, en su caso, denuncia penal. | E43: ODS: ODS 6 / Meta 6.3 De aquí a 2030, mejorar la calidad del agua reduciendo la contaminación, eliminando el vertimiento y minimizando la emisión de productos químicos y materiales peligrosos, reduciendo a la mitad el porcentaje de aguas residuales sin tratar y aumentando considerablemente el reciclado y la reutilización sin riesgos a nivel mundial; 6.6 De aquí a 2020, proteger y restablecer los ecosistemas relacionados con el agua, incluidos los bosques, las montañas, los humedales, los ríos, los acuíferos y los lagos; ODS 11 / Meta 11.4 Redoblar los esfuerzos para proteger y salvaguardar el patrimonio cultural y natural del mundo; ODS 12 / Meta 12.2 De aquí a 2030, lograr la gestión sostenible y el uso eficiente de los recursos naturales; ODS 15 / Meta 15.2 Para 2020, promover la gestión sostenible de todos los tipos de bosques, poner fin a la deforestación, recuperar los bosques degradados e incrementar la forestación y la reforestación a nivel mundial; Meta 15.7 Adoptar medidas urgentes para poner fin a la caza furtiva y el tráfico de especies protegidas de flora y fauna y abordar la demanda y la oferta ilegales de productos silvestres. | F43: Las Fiscalizaciones realizadas en el marco de las denuncias y de lo establecido en las leyes ambientales contribuyen a identificar a los infractores. De la identificación, resulta un sumario administrativo que impone no solo sanciones pecuniarias, sino acciones de recomposición y restauración del ecosistema dañado y degradado. Es así que, la tarea encomendada a la DFAI es crucial para el cumplimiento de la Misión y Visión de la Institución. | H43: Informe Semestral presentado a la DPE
B44: 3° | C44: Regimen de Servicios Ambientales: Consiste en la evaluación de proyectos de certificación de servicios ambientales, la inscripción de registros de transacciones de CSA y las evaluaciones de gabinete y verificaciones in situ para mantener la calidad de los recursos naturales. | E44: ODS: Objetivo 15. - Meta 15.1.1 Superficie forestal en proporción a la superficie total. Objetivo 15 - Meta 15.9 De aquí a 2020, integrar los valores de los ecosistemas y la biodiversidad en la planificación, los procesos de desarrollo, las estrategias de reducción de la pobreza y la contabilidad nacionales y locales PND 2030: Estrategia "Sostenibilidad del Hábitat Global" | F44: El Ministerio del Ambiente y Desarrollo Sostenible, entre todas las funciones que realiza, ha generado un mecanismo de protección de los remanentes de bosques que finalmente son el pulmón del mundo. A través de la DSA se da cumplimiento a lo establecido en la Ley N° 3001 " ", que motiva a los propietarios de bosques a la protección de sus bosques generando un mecanismo de certificación, el cual tiene un valor monetario. | H44: Informe Semestral presentado a la DPE
B46: 3- GESTIÓN INSTITUCIONAL
B47: 3.1 Nivel de Cumplimiento de Minimo de Información Disponible - Transparencia Activa Ley 5189 /14
B48: Mes | C48: Nivel de Cumplimiento | F48: Enlace de publicación
B49: Enero | C49: REPORTADO | F49: https://www.mades.gov.py/ley-de-transparencia-y-anticorrupcion/
B50: Febrero | C50: REPORTADO
B51: Marzo | C51: PENDIENTES DE REPORTAR DENTRO DEL PLAZO
B52: observación: aguarda lineamiento por el organo rector CGR - nivel de cumplimiento
B54: 3.2 Nivel de Cumplimiento de Minimo de Información Disponible - Transparencia Activa Ley 5282/14
B55: Mes | C55: Nivel de Cumplimiento (%) | F55: Enlace de publicación
B56: Enero | C56: REPORTADO | F56: https://www.mades.gov.py/ley-de-transparencia-y-anticorrupcion/
B57: Febrero | C57: REPORTADO
B58: Marzo | C58: PENDIENTE DE REPORTAR
B59: observación: aguarda lineamiento por el organo rector CGR - nivel de cumplimiento
B61: 3.3 Nivel de Cumplimiento de Respuestas a Consultas Ciudadanas - Transparencia Pasiva Ley N° 5282/14
B62: Mes | C62: Cantidad de Consultas | D62: Respondidos | F62: No Respondidos o Reconsideradas | H62: Enlace Portal AIP
B63: Enero | C63: 39 | D63: 35 | F63: 3 (Obs. Figura en el portal como reconsideracion atendida). 1 (Obs. Figura en el portal como revocado) | H63: https://informacionpublica.paraguay.gov.py/#!/estadistica/cantidad-solicitud
B64: Febrero | C64: 27 | D64: 26 | F64: 1 En reconsideración (dentro del plazo) | H64: https://informacionpublica.paraguay.gov.py/#!/estadistica/cantidad-solicitud
B65: Marzo | C65: 21 | D65: 18 | F65: 3 Iniciado dentro del plazo | H65: https://informacionpublica.paraguay.gov.py/#!/estadistica/cantidad-solicitud
B66: Totales | C66: 87
B67: (Puede complementar información aquí y apoyarse en gráficos ilustrativos)
B69: 3.4- Servicios o Productos Misionales (Depende de la Naturaleza de la Misión Insitucional, puede abarcar un Programa o Proyecto)
B70: Descripción | C70: Objetivo | D70: Metas | E70: Población Beneficiaria | F70: Porcentaje de Ejecución | G70: Resultados Logrados | H70: Evidencia (Informe de Avance de Metas - SPR)
B71: Programa Central | C71: Conservación y preservación de los Recursos Naturales en el territorio nacional, garantizados | D71: 21% en Gestión Administrativa | E71: Ver con DPE - anexo | F71: 19 | G71: Ver con DPE - anexo | H71: REPORTE DE EJECUCIÓN PRESUPUESTARIA (ENERO A MARZO 2026) DEL SIARE/SIAF
D72: 6.500 instrumentos de Gestión Ambiental | E72: Ver con DPE - anexo | F72: 29 | G72: Ver con DPE - anexo | H72: REPORTE DE EJECUCIÓN PRESUPUESTARIA (ENERO A MARZO 2026) DEL SIARE/SIAF
D73: 0 Planes | E73: Ver con DPE - anexo | F73: 18 | G73: Ver con DPE - anexo | H73: REPORTE DE EJECUCIÓN PRESUPUESTARIA (ENERO A MARZO 2026) DEL SIARE/SIAF
B75: 3.5 Contrataciones realizadas
B76: ID | C76: Objeto | D76: Fecha de Contrato | E76: Valor del Contrato | F76: Proveedor Adjudicado | G76: Estado (Ejecución - Finiquitado) | H76: Enlace DNCP
B77: Enero | C77: NO SE HA SUCRITO CONTRATOS EN EL PRIMER SEMESTRE DEL EJERCICIO FISCAL 2026
B78: Febrero | C78: NO SE HAN SUSCRITO CONTRATOS EN EL PRIMER SEMESTRE DEL EJERCICIO FISCAL 2026
B79: Marzo | C79: NO SE HAN SUCRITO CONTRATOS EN EL PRIMER SEMESTRE DEL EJERCICIO FISCAL 2026
B81: 3.6 Ejecución Financiera
B82: Objeto de Gasto | D82: Descripción | E82: Presupuesto | F82: Ejecutado | G82: Saldos | H82: Evidencia (Enlace Ley 5189)
B83: Rubro | C83: Sub-rubros
B84: 100 | C84: 100 | D84: SERVICIOS PERSONALES | E84: =SUM(E85:E90) -> 55598174186 | F84: =SUM(F85:F90) -> 9651097630 | G84: =SUM(G85:G90) -> 45947076556 | H84: EJECUCIÓN PRESUPUESTARIA DE GASTOS ENERO A MARZO 2026
C85: 110 | D85: REMUNERACIONES BÁSICAS | E85: 35454781700 | F85: 6675914588 | G85: =+E85-F85 -> 28778867112
C86: 120 | D86: REMUNERACIONES TEMPORALES | E86: 4442137629 | F86: 480451938 | G86: =+E86-F86 -> 3961685691
C87: 130 | D87: ASIGNACIONES COMPLEMENTARIAS | E87: 8579620067 | F87: 1476757566 | G87: =+E87-F87 -> 7102862501
C88: 140 | D88: PERSONAL CONTRATADO | E88: 6589805240 | F88: 898176794 | G88: =+E88-F88 -> 5691628446
C89: 180 | D89: FONDOS DE RESERVAS ESPECIALES | E89: 0 | F89: 0 | G89: =+E89-F89 -> 0
C90: 190 | D90: OTROS GASTOS DEL PERSONAL | E90: 531829550 | F90: 119796744 | G90: =+E90-F90 -> 412032806
B91: 200 | C91: 200 | D91: SERVICIOS NO PERSONALES | E91: =SUM(E92:E99) -> 34021469393 | F91: =SUM(F92:F99) -> 11785119256 | G91: =SUM(G92:G99) -> 22236350137
C92: 210 | D92: SERVICIOS BÁSICOS | E92: 1122760000 | F92: 520970319 | G92: =+E92-F92 -> 601789681
C93: 230 | D93: PASAJES Y VIÁTICOS | E93: 3536766193 | F93: 534505002 | G93: =+E93-F93 -> 3002261191
C94: 240 | D94: GASTOS POR SERVICIOS DE ASEO, MANTENIMIENTO Y REPARACIONES | E94: 4329235572 | F94: 2191892981 | G94: =+E94-F94 -> 2137342591
C95: 250 | D95: ALQUILERES Y DERECHOS | E95: 271400000 | F95: 63400000 | G95: =+E95-F95 -> 208000000
C96: 260 | D96: SERVICIOS TÉCNICOS Y PROFESIONALES | E96: 19607287985 | F96: 6716351083 | G96: =+E96-F96 -> 12890936902
C97: 270 | D97: SERVICIO SOCIAL | E97: 4284000000 | F97: 1411000000 | G97: =+E97-F97 -> 2873000000
C98: 280 | D98: OTROS SERVICIOS EN GENERAL | E98: 543510000 | F98: 308999871 | G98: =+E98-F98 -> 234510129
C99: 290 | D99: SERVICIOS DE CAPACITACIÓN Y ADIESTRAMIENTO | E99: 326509643 | F99: 38000000 | G99: =+E99-F99 -> 288509643
B100: 300 | C100: 300 | D100: BIENES DE CONSUMO E INSUMOS | E100: =SUM(E101:E106) -> 4662326889 | F100: =SUM(F101:F106) -> 1302098564 | G100: =SUM(G101:G106) -> 3360228325
C101: 310 | D101: PRODUCTOS ALIMENTICIOS | E101: 410285088 | F101: 180860716 | G101: =+E101-F101 -> 229424372
C102: 330 | D102: PRODUCTOS DE PAPEL, CARTÓN E IMPRESOS | E102: 77938800 | F102: 7562800 | G102: =+E102-F102 -> 70376000
C103: 340 | D103: BIENES DE CONSUMO DE OFICINAS E INSUMOS | E103: 232266679 | F103: 134109055 | G103: =+E103-F103 -> 98157624
C104: 350 | D104: PRODUCTOS E INSTRUM. QUÍMICOS Y MEDICINALES | E104: 610522642 | F104: 9597000 | G104: =+E104-F104 -> 600925642
C105: 360 | D105: COMBUSTIBLES Y LUBRICANTES | E105: 3009919680 | F105: 900844993 | G105: =+E105-F105 -> 2109074687
C106: 390 | D106: OTROS BIENES DE CONSUMO | E106: 321394000 | F106: 69124000 | G106: =+E106-F106 -> 252270000
B107: 500 | C107: 500 | D107: INVERSION FÍSICA | E107: =SUM(E108:E111) -> 3473879650 | F107: =SUM(F108:F111) -> 641035500 | G107: =+G108+G109+G110+G111 -> 2832844150
C108: 520 | D108: CONSTRUCCIONES | E108: 498800000 | G108: =+E108-F108 -> 498800000
C109: 530 | D109: ADQ DE MAQ, EQ Y H EN GRAL | E109: 704678450 | F109: 80018700 | G109: =+E109-F109 -> 624659750
C110: 540 | D110: ADQUISICIONES DE EQUIPOS DE OFICINA Y COMPUTACION | E110: 2270401200 | F110: 561016800 | G110: =+E110-F110 -> 1709384400
C111: 570 | D111: ADQUISICIÓN DE ACTIVOS INTANGIBLES | E111: 0 | F111: 0 | G111: =+E111-F111 -> 0
B112: 800 | C112: 800 | D112: TRANSFERENCIAS | E112: =+E114+E113 -> 1400168971 | F112: =SUM(F113:F114) -> 200000000 | G112: =+G113+G114 -> 1200168971
C113: 840 | D113: TRANSF CORRIENTE AL SEC PRIVADO | E113: 1200168971 | F113: 0 | G113: =+E113-F113 -> 1200168971
C114: 850 | D114: TRANSFERENCIAS CORRIENTES AL SECTOR EXTERNO | E114: 200000000 | F114: 200000000 | G114: =+E114-F114 -> 0
B115: 900 | C115: 900 | D115: OTROS GASTOS | E115: =+E116+E117 -> 296839905 | F115: =+F116+F117 -> 45310300 | G115: =+G116+G117 -> 251529605
...

Sheet TOTALES
A1: MINISTERIO DEL AMBIENTE Y DESARROLLO SOSTENIBLE - ENERO-FEBRERO-MARZO 2026
A2: INSTRUMENTOS DE GESTIÓN | E2: TOTALES
B3: CANTIDAD POR DEPARTAMENTO. | C3: DISTRITO | D3: CANTIDAD POR DISTRITO | E3: DESTINATARIOS
E4: Mujeres | F4: Hombres | G4: SRL | H4: SA | I4: LTDA | J4: Agentes de Actividad aduanera | K4: Sociedades Auditoras Externas | L4: Empresas Mixtas o Públicas | M4: Entidades sin fines de Lucro | N4: Inst. De Gobierno Departamental | O4: Inst. De Gobierno Municipal | P4: Patrimonio Autónomo (Fideicomisos) | Q4: Sociedades Emisoras de Capital Abierto | R4: Instituc. de Gobierno Nacional | S4: Sociedades Calificadoras de Riesgo | T4: Administradoras de Fondos Mutuos | U4: Inst. Educativas Basica y Media | V4: Establecimiento de Salud | W4: Consejos Regionales y Locales | X4: Organismos Internacionales | Y4: Comunidades Indígenas | Z4: No Especificado
A5: CAPITAL | B5: =D5 -> 1267 | C5: Asunción | D5: =SUM(E5:Z5) -> 1267 | E5: =ENERO!E5+FEBRERO!E5+MARZO!E5 -> 147 | F5: =ENERO!F5+FEBRERO!F5+MARZO!F5 -> 436 | G5: =ENERO!G5+FEBRERO!G5+MARZO!G5 -> 208 | H5: =ENERO!H5+FEBRERO!H5+MARZO!H5 -> 393 | I5: =ENERO!I5+FEBRERO!I5+MARZO!I5 -> 72 | J5: =ENERO!J5+FEBRERO!J5+MARZO!J5 -> 0 | K5: =ENERO!K5+FEBRERO!K5+MARZO!K5 -> 0 | L5: =ENERO!L5+FEBRERO!L5+MARZO!L5 -> 0 | ... Z5: =ENERO!Z5+FEBRERO!Z5+MARZO!Z5 -> 7
A6: CONCEPCION | B6: =SUM(D6:D17) -> 189 | C6: Arroyito | D6: =SUM(E6:Z6) -> 14 | E6: =ENERO!E6+FEBRERO!E6+MARZO!E6 -> 6 | F6: =ENERO!F6+FEBRERO!F6+MARZO!F6 -> 2 | G6: =ENERO!G6+FEBRERO!G6+MARZO!G6 -> 6 | H6: =ENERO!H6+FEBRERO!H6+MARZO!H6 -> 0 | I6: =ENERO!I6+FEBRERO!I6+MARZO!I6 -> 0 | J6: =ENERO!J6+FEBRERO!J6+MARZO!J6 -> 0 | K6: =ENERO!K6+FEBRERO!K6+MARZO!K6 -> 0 | L6: =ENERO!L6+FEBRERO!L6+MARZO!L6 -> 0 | ... Z6: =ENERO!Z6+FEBRERO!Z6+MARZO!Z6 -> 0
C7: Azotey | D7: =SUM(E7:Z7) -> 10 | E7: =ENERO!E7+FEBRERO!E7+MARZO!E7 -> 1 | F7: =ENERO!F7+FEBRERO!F7+MARZO!F7 -> 5 | G7: =ENERO!G7+FEBRERO!G7+MARZO!G7 -> 0 | H7: =ENERO!H7+FEBRERO!H7+MARZO!H7 -> 4 | I7: =ENERO!I7+FEBRERO!I7+MARZO!I7 -> 0 | J7: =ENERO!J7+FEBRERO!J7+MARZO!J7 -> 0 | K7: =ENERO!K7+FEBRERO!K7+MARZO!K7 -> 0 | L7: =ENERO!L7+FEBRERO!L7+MARZO!L7 -> 0 | ... Z7: =ENERO!Z7+FEBRERO!Z7+MARZO!Z7 -> 0
C8: Belén | D8: =SUM(E8:Z8) -> 7 | E8: =ENERO!E8+FEBRERO!E8+MARZO!E8 -> 5 | F8: =ENERO!F8+FEBRERO!F8+MARZO!F8 -> 1 | G8: =ENERO!G8+FEBRERO!G8+MARZO!G8 -> 0 | H8: =ENERO!H8+FEBRERO!H8+MARZO!H8 -> 1 | I8: =ENERO!I8+FEBRERO!I8+MARZO!I8 -> 0 | J8: =ENERO!J8+FEBRERO!J8+MARZO!J8 -> 0 | K8: =ENERO!K8+FEBRERO!K8+MARZO!K8 -> 0 | L8: =ENERO!L8+FEBRERO!L8+MARZO!L8 -> 0 | ... Z8: =ENERO!Z8+FEBRERO!Z8+MARZO!Z8 -> 0
C9: Concepción | D9: =SUM(E9:Z9) -> 24 | E9: =ENERO!E9+FEBRERO!E9+MARZO!E9 -> 4 | F9: =ENERO!F9+FEBRERO!F9+MARZO!F9 -> 6 | G9: =ENERO!G9+FEBRERO!G9+MARZO!G9 -> 2 | H9: =ENERO!H9+FEBRERO!H9+MARZO!H9 -> 12 | I9: =ENERO!I9+FEBRERO!I9+MARZO!I9 -> 0 | J9: =ENERO!J9+FEBRERO!J9+MARZO!J9 -> 0 | K9: =ENERO!K9+FEBRERO!K9+MARZO!K9 -> 0 | L9: =ENERO!L9+FEBRERO!L9+MARZO!L9 -> 0 | ... Z9: =ENERO!Z9+FEBRERO!Z9+MARZO!Z9 -> 0
C10: Horqueta | D10: =SUM(E10:Z10) -> 20 | E10: =ENERO!E10+FEBRERO!E10+MARZO!E10 -> 4 | F10: =ENERO!F10+FEBRERO!F10+MARZO!F10 -> 6 | G10: =ENERO!G10+FEBRERO!G10+MARZO!G10 -> 0 | H10: =ENERO!H10+FEBRERO!H10+MARZO!H10 -> 10 | I10: =ENERO!I10+FEBRERO!I10+MARZO!I10 -> 0 | J10: =ENERO!J10+FEBRERO!J10+MARZO!J10 -> 0 | K10: =ENERO!K10+FEBRERO!K10+MARZO!K10 -> 0 | L10: =ENERO!L10+FEBRERO!L10+MARZO!L10 -> 0 | ... Z10: =ENERO!Z10+FEBRERO!Z10+MARZO!Z10 -> 0
C11: Loreto | D11: =SUM(E11:Z11) -> 13 | E11: =ENERO!E11+FEBRERO!E11+MARZO!E11 -> 3 | F11: =ENERO!F11+FEBRERO!F11+MARZO!F11 -> 2 | G11: =ENERO!G11+FEBRERO!G11+MARZO!G11 -> 8 | H11: =ENERO!H11+FEBRERO!H11+MARZO!H11 -> 0 | I11: =ENERO!I11+FEBRERO!I11+MARZO!I11 -> 0 | J11: =ENERO!J11+FEBRERO!J11+MARZO!J11 -> 0 | K11: =ENERO!K11+FEBRERO!K11+MARZO!K11 -> 0 | L11: =ENERO!L11+FEBRERO!L11+MARZO!L11 -> 0 | ... Z11: =ENERO!Z11+FEBRERO!Z11+MARZO!Z11 -> 0
C12: San Carlos del Apa | D12: =SUM(E12:Z12) -> 8 | E12: =ENERO!E12+FEBRERO!E12+MARZO!E12 -> 3 | F12: =ENERO!F12+FEBRERO!F12+MARZO!F12 -> 2 | G12: =ENERO!G12+FEBRERO!G12+MARZO!G12 -> 0 | H12: =ENERO!H12+FEBRERO!H12+MARZO!H12 -> 3 | I12: =ENERO!I12+FEBRERO!I12+MARZO!I12 -> 0 | J12: =ENERO!J12+FEBRERO!J12+MARZO!J12 -> 0 | K12: =ENERO!K12+FEBRERO!K12+MARZO!K12 -> 0 | L12: =ENERO!L12+FEBRERO!L12+MARZO!L12 -> 0 | ... Z12: =ENERO!Z12+FEBRERO!Z12+MARZO!Z12 -> 0
C13: San Lázaro | D13: =SUM(E13:Z13) -> 59 | E13: =ENERO!E13+FEBRERO!E13+MARZO!E13 -> 11 | F13: =ENERO!F13+FEBRERO!F13+MARZO!F13 -> 44 | G13: =ENERO!G13+FEBRERO!G13+MARZO!G13 -> 3 | H13: =ENERO!H13+FEBRERO!H13+MARZO!H13 -> 0 | I13: =ENERO!I13+FEBRERO!I13+MARZO!I13 -> 0 | J13: =ENERO!J13+FEBRERO!J13+MARZO!J13 -> 0 | K13: =ENERO!K13+FEBRERO!K13+MARZO!K13 -> 0 | L13: =ENERO!L13+FEBRERO!L13+MARZO!L13 -> 0 | ... Z13: =ENERO!Z13+FEBRERO!Z13+MARZO!Z13 -> 1
C14: Yby Yaú | D14: =SUM(E14:Z14) -> 7 | E14: =ENERO!E14+FEBRERO!E14+MARZO!E14 -> 3 | F14: =ENERO!F14+FEBRERO!F14+MARZO!F14 -> 2 | G14: =ENERO!G14+FEBRERO!G14+MARZO!G14 -> 1 | H14: =ENERO!H14+FEBRERO!H14+MARZO!H14 -> 1 | I14: =ENERO!I14+FEBRERO!I14+MARZO!I14 -> 0 | J14: =ENERO!J14+FEBRERO!J14+MARZO!J14 -> 0 | K14: =ENERO!K14+FEBRERO!K14+MARZO!K14 -> 0 | L14: =ENERO!L14+FEBRERO!L14+MARZO!L14 -> 0 | ... Z14: =ENERO!Z14+FEBRERO!Z14+MARZO!Z14 -> 0
C15: Sargento José Félix López | D15: =SUM(E15:Z15) -> 15 | E15: =ENERO!E15+FEBRERO!E15+MARZO!E15 -> 3 | F15: =ENERO!F15+FEBRERO!F15+MARZO!F15 -> 3 | G15: =ENERO!G15+FEBRERO!G15+MARZO!G15 -> 6 | H15: =ENERO!H15+FEBRERO!H15+MARZO!H15 -> 3 | I15: =ENERO!I15+FEBRERO!I15+MARZO!I15 -> 0 | J15: =ENERO!J15+FEBRERO!J15+MARZO!J15 -> 0 | K15: =ENERO!K15+FEBRERO!K15+MARZO!K15 -> 0 | L15: =ENERO!L15+FEBRERO!L15+MARZO!L15 -> 0 | ... Z15: =ENERO!Z15+FEBRERO!Z15+MARZO!Z15 -> 0
C16: San Alfredo | D16: =SUM(E16:Z16) -> 9 | E16: =ENERO!E16+FEBRERO!E16+MARZO!E16 -> 6 | F16: =ENERO!F16+FEBRERO!F16+MARZO!F16 -> 3 | G16: =ENERO!G16+FEBRERO!G16+MARZO!G16 -> 0 | H16: =ENERO!H16+FEBRERO!H16+MARZO!H16 -> 0 | I16: =ENERO!I16+FEBRERO!I16+MARZO!I16 -> 0 | J16: =ENERO!J16+FEBRERO!J16+MARZO!J16 -> 0 | K16: =ENERO!K16+FEBRERO!K16+MARZO!K16 -> 0 | L16: =ENERO!L16+FEBRERO!L16+MARZO!L16 -> 0 | ... Z16: =ENERO!Z16+FEBRERO!Z16+MARZO!Z16 -> 0
C17: Paso Barreto | D17: =SUM(E17:Z17) -> 3 | E17: =ENERO!E17+FEBRERO!E17+MARZO!E17 -> 0 | F17: =ENERO!F17+FEBRERO!F17+MARZO!F17 -> 0 | G17: =ENERO!G17+FEBRERO!G17+MARZO!G17 -> 3 | H17: =ENERO!H17+FEBRERO!H17+MARZO!H17 -> 0 | I17: =ENERO!I17+FEBRERO!I17+MARZO!I17 -> 0 | J17: =ENERO!J17+FEBRERO!J17+MARZO!J17 -> 0 | K17: =ENERO!K17+FEBRERO!K17+MARZO!K17 -> 0 | L17: =ENERO!L17+FEBRERO!L17+MARZO!L17 -> 0 | ... Z17: =ENERO!Z17+FEBRERO!Z17+MARZO!Z17 -> 0
A18: SAN PEDRO | B18: =SUM(D18:D38) -> 239 | C18: Antequera | D18: =SUM(E18:Z18) -> 16 | E18: =ENERO!E18+FEBRERO!E18+MARZO!E18 -> 0 | F18: =ENERO!F18+FEBRERO!F18+MARZO!F18 -> 3 | G18: =ENERO!G18+FEBRERO!G18+MARZO!G18 -> 8 | H18: =ENERO!H18+FEBRERO!H18+MARZO!H18 -> 5 | I18: =ENERO!I18+FEBRERO!I18+MARZO!I18 -> 0 | J18: =ENERO!J18+FEBRERO!J18+MARZO!J18 -> 0 | K18: =ENERO!K18+FEBRERO!K18+MARZO!K18 -> 0 | L18: =ENERO!L18+FEBRERO!L18+MARZO!L18 -> 0 | ... Z18: =ENERO!Z18+FEBRERO!Z18+MARZO!Z18 -> 0
C19: Capiibary | D19: =SUM(E19:Z19) -> 7 | E19: =ENERO!E19+FEBRERO!E19+MARZO!E19 -> 3 | F19: =ENERO!F19+FEBRERO!F19+MARZO!F19 -> 3 | G19: =ENERO!G19+FEBRERO!G19+MARZO!G19 -> 0 | H19: =ENERO!H19+FEBRERO!H19+MARZO!H19 -> 1 | I19: =ENERO!I19+FEBRERO!I19+MARZO!I19 -> 0 | J19: =ENERO!J19+FEBRERO!J19+MARZO!J19 -> 0 | K19: =ENERO!K19+FEBRERO!K19+MARZO!K19 -> 0 | L19: =ENERO!L19+FEBRERO!L19+MARZO!L19 -> 0 | ... Z19: =ENERO!Z19+FEBRERO!Z19+MARZO!Z19 -> 0
C20: Choré | D20: =SUM(E20:Z20) -> 21 | E20: =ENERO!E20+FEBRERO!E20+MARZO!E20 -> 5 | F20: =ENERO!F20+FEBRERO!F20+MARZO!F20 -> 6 | G20: =ENERO!G20+FEBRERO!G20+MARZO!G20 -> 5 | H20: =ENERO!H20+FEBRERO!H20+MARZO!H20 -> 5 | I20: =ENERO!I20+FEBRERO!I20+MARZO!I20 -> 0 | J20: =ENERO!J20+FEBRERO!J20+MARZO!J20 -> 0 | K20: =ENERO!K20+FEBRERO!K20+MARZO!K20 -> 0 | L20: =ENERO!L20+FEBRERO!L20+MARZO!L20 -> 0 | ... Z20: =ENERO!Z20+FEBRERO!Z20+MARZO!Z20 -> 0
C21: General Elizardo Aquino | D21: =SUM(E21:Z21) -> 7 | E21: =ENERO!E21+FEBRERO!E21+MARZO!E21 -> 2 | F21: =ENERO!F21+FEBRERO!F21+MARZO!F21 -> 5 | G21: =ENERO!G21+FEBRERO!G21+MARZO!G21 -> 0 | H21: =ENERO!H21+FEBRERO!H21+MARZO!H21 -> 0 | I21: =ENERO!I21+FEBRERO!I21+MARZO!I21 -> 0 | J21: =ENERO!J21+FEBRERO!J21+MARZO!J21 -> 0 | K21: =ENERO!K21+FEBRERO!K21+MARZO!K21 -> 0 | L21: =ENERO!L21+FEBRERO!L21+MARZO!L21 -> 0 | ... Z21: =ENERO!Z21+FEBRERO!Z21+MARZO!Z21 -> 0
C22: General Isidoro Resquín | D22: =SUM(E22:Z22) -> 12 | E22: =ENERO!E22+FEBRERO!E22+MARZO!E22 -> 3 | F22: =ENERO!F22+FEBRERO!F22+MARZO!F22 -> 4 | G22: =ENERO!G22+FEBRERO!G22+MARZO!G22 -> 0 | H22: =ENERO!H22+FEBRERO!H22+MARZO!H22 -> 5 | I22: =ENERO!I22+FEBRERO!I22+MARZO!I22 -> 0 | J22: =ENERO!J22+FEBRERO!J22+MARZO!J22 -> 0 | K22: =ENERO!K22+FEBRERO!K22+MARZO!K22 -> 0 | L22: =ENERO!L22+FEBRERO!L22+MARZO!L22 -> 0 | ... Z22: =ENERO!Z22+FEBRERO!Z22+MARZO!Z22 -> 0
C23: Guayaibí | D23: =SUM(E23:Z23) -> 17 | E23: =ENERO!E23+FEBRERO!E23+MARZO!E23 -> 5 | F23: =ENERO!F23+FEBRERO!F23+MARZO!F23 -> 2 | G23: =ENERO!G23+FEBRERO!G23+MARZO!G23 -> 3 | H23: =ENERO!H23+FEBRERO!H23+MARZO!H23 -> 6 | I23: =ENERO!I23+FEBRERO!I23+MARZO!I23 -> 0 | J23: =ENERO!J23+FEBRERO!J23+MARZO!J23 -> 0 | K23: =ENERO!K23+FEBRERO!K23+MARZO!K23 -> 0 | L23: =ENERO!L23+FEBRERO!L23+MARZO!L23 -> 0 | ... Z23: =ENERO!Z23+FEBRERO!Z23+MARZO!Z23 -> 1
C24: Itacurubí del Rosario | D24: =SUM(E24:Z24) -> 8 | E24: =ENERO!E24+FEBRERO!E24+MARZO!E24 -> 3 | F24: =ENERO!F24+FEBRERO!F24+MARZO!F24 -> 4 | G24: =ENERO!G24+FEBRERO!G24+MARZO!G24 -> 0 | H24: =ENERO!H24+FEBRERO!H24+MARZO!H24 -> 1 | I24: =ENERO!I24+FEBRERO!I24+MARZO!I24 -> 0 | J24: =ENERO!J24+FEBRERO!J24+MARZO!J24 -> 0 | K24: =ENERO!K24+FEBRERO!K24+MARZO!K24 -> 0 | L24: =ENERO!L24+FEBRERO!L24+MARZO!L24 -> 0 | ... Z24: =ENERO!Z24+FEBRERO!Z24+MARZO!Z24 -> 0
C25: Liberación | D25: =SUM(E25:Z25) -> 8 | E25: =ENERO!E25+FEBRERO!E25+MARZO!E25 -> 2 | F25: =ENERO!F25+FEBRERO!F25+MARZO!F25 -> 4 | G25: =ENERO!G25+FEBRERO!G25+MARZO!G25 -> 0 | H25: =ENERO!H25+FEBRERO!H25+MARZO!H25 -> 2 | I25: =ENERO!I25+FEBRERO!I25+MARZO!I25 -> 0 | J25: =ENERO!J25+FEBRERO!J25+MARZO!J25 -> 0 | K25: =ENERO!K25+FEBRERO!K25+MARZO!K25 -> 0 | L25: =ENERO!L25+FEBRERO!L25+MARZO!L25 -> 0 | ... Z25: =ENERO!Z25+FEBRERO!Z25+MARZO!Z25 -> 0
C26: Lima | D26: =SUM(E26:Z26) -> 16 | E26: =ENERO!E26+FEBRERO!E26+MARZO!E26 -> 2 | F26: =ENERO!F26+FEBRERO!F26+MARZO!F26 -> 6 | G26: =ENERO!G26+FEBRERO!G26+MARZO!G26 -> 3 | H26: =ENERO!H26+FEBRERO!H26+MARZO!H26 -> 5 | I26: =ENERO!I26+FEBRERO!I26+MARZO!I26 -> 0 | J26: =ENERO!J26+FEBRERO!J26+MARZO!J26 -> 0 | K26: =ENERO!K26+FEBRERO!K26+MARZO!K26 -> 0 | L26: =ENERO!L26+FEBRERO!L26+MARZO!L26 -> 0 | ... Z26: =ENERO!Z26+FEBRERO!Z26+MARZO!Z26 -> 0
C27: Nueva Germania | D27: =SUM(E27:Z27) -> 4 | E27: =ENERO!E27+FEBRERO!E27+MARZO!E27 -> 3 | F27: =ENERO!F27+FEBRERO!F27+MARZO!F27 -> 0 | G27: =ENERO!G27+FEBRERO!G27+MARZO!G27 -> 0 | H27: =ENERO!H27+FEBRERO!H27+MARZO!H27 -> 1 | I27: =ENERO!I27+FEBRERO!I27+MARZO!I27 -> 0 | J27: =ENERO!J27+FEBRERO!J27+MARZO!J27 -> 0 | K27: =ENERO!K27+FEBRERO!K27+MARZO!K27 -> 0 | L27: =ENERO!L27+FEBRERO!L27+MARZO!L27 -> 0 | ... Z27: =ENERO!Z27+FEBRERO!Z27+MARZO!Z27 -> 0
C28: San Estanislao | D28: =SUM(E28:Z28) -> 25 | E28: =ENERO!E28+FEBRERO!E28+MARZO!E28 -> 2 | F28: =ENERO!F28+FEBRERO!F28+MARZO!F28 -> 9 | G28: =ENERO!G28+FEBRERO!G28+MARZO!G28 -> 0 | H28: =ENERO!H28+FEBRERO!H28+MARZO!H28 -> 10 | I28: =ENERO!I28+FEBRERO!I28+MARZO!I28 -> 0 | J28: =ENERO!J28+FEBRERO!J28+MARZO!J28 -> 0 | K28: =ENERO!K28+FEBRERO!K28+MARZO!K28 -> 0 | L28: =ENERO!L28+FEBRERO!L28+MARZO!L28 -> 0 | ... Z28: =ENERO!Z28+FEBRERO!Z28+MARZO!Z28 -> 2
C29: San Pablo | D29: =SUM(E29:Z29) -> 14 | E29: =ENERO!E29+FEBRERO!E29+MARZO!E29 -> 3 | F29: =ENERO!F29+FEBRERO!F29+MARZO!F29 -> 5 | G29: =ENERO!G29+FEBRERO!G29+MARZO!G29 -> 3 | H29: =ENERO!H29+FEBRERO!H29+MARZO!H29 -> 1 | I29: =ENERO!I29+FEBRERO!I29+MARZO!I29 -> 2 | J29: =ENERO!J29+FEBRERO!J29+MARZO!J29 -> 0 | K29: =ENERO!K29+FEBRERO!K29+MARZO!K29 -> 0 | L29: =ENERO!L29+FEBRERO!L29+MARZO!L29 -> 0 | ... Z29: =ENERO!Z29+FEBRERO!Z29+MARZO!Z29 -> 0
C30: San Pedro del Ycuamandiyú | D30: =SUM(E30:Z30) -> 15 | E30: =ENERO!E30+FEBRERO!E30+MARZO!E30 -> 1 | F30: =ENERO!F30+FEBRERO!F30+MARZO!F30 -> 10 | G30: =ENERO!G30+FEBRERO!G30+MARZO!G30 -> 0 | H30: =ENERO!H30+FEBRERO!H30+MARZO!H30 -> 2 | I30: =ENERO!I30+FEBRERO!I30+MARZO!I30 -> 2 | J30: =ENERO!J30+FEBRERO!J30+MARZO!J30 -> 0 | K30: =ENERO!K30+FEBRERO!K30+MARZO!K30 -> 0 | L30: =ENERO!L30+FEBRERO!L30+MARZO!L30 -> 0 | ... Z30: =ENERO!Z30+FEBRERO!Z30+MARZO!Z30 -> 0
... C38: Yrybucuá | D38: =SUM(E38:Z38) -> 7 | E38: =ENERO!E38+FEBRERO!E38+MARZO!E38 -> 3 | F38: =ENERO!F38+FEBRERO!F38+MARZO!F38 -> 0 | G38: =ENERO!G38+FEBRERO!G38+MARZO!G38 -> 0 | H38: =ENERO!H38+FEBRERO!H38+MARZO!H38 -> 4 | I38: =ENERO!I38+FEBRERO!I38+MARZO!I38 -> 0 | J38: =ENERO!J38+FEBRERO!J38+MARZO!J38 -> 0 | K38: =ENERO!K38+FEBRERO!K38+MARZO!K38 -> 0 | L38: =ENERO!L38+FEBRERO!L38+MARZO!L38 -> 0 | ... Z38: =ENERO!Z38+FEBRERO!Z38+MARZO!Z38 -> 0
A39: CORDILLERA | B39: =SUM(D39:D58) -> 267 | C39: Altos | D39: =SUM(E39:Z39) -> 16 | E39: =ENERO!E39+FEBRERO!E39+MARZO!E39 -> 6 | F39: =ENERO!F39+FEBRERO!F39+MARZO!F39 -> 5 | G39: =ENERO!G39+FEBRERO!G39+MARZO!G39 -> 1 | H39: =ENERO!H39+FEBRERO!H39+MARZO!H39 -> 2 | I39: =ENERO!I39+FEBRERO!I39+MARZO!I39 -> 0 | J39: =ENERO!J39+FEBRERO!J39+MARZO!J39 -> 0 | K39: =ENERO!K39+FEBRERO!K39+MARZO!K39 -> 0 | L39: =ENERO!L39+FEBRERO!L39+MARZO!L39 -> 0 | ... Z39: =ENERO!Z39+FEBRERO!Z39+MARZO!Z39 -> 1
C40: Arroyos y Esteros | D40: =SUM(E40:Z40) -> 17 | E40: =ENERO!E40+FEBRERO!E40+MARZO!E40 -> 3 | F40: =ENERO!F40+FEBRERO!F40+MARZO!F40 -> 7 | G40: =ENERO!G40+FEBRERO!G40+MARZO!G40 -> 3 | H40: =ENERO!H40+FEBRERO!H40+MARZO!H40 -> 4 | I40: =ENERO!I40+FEBRERO!I40+MARZO!I40 -> 0 | J40: =ENERO!J40+FEBRERO!J40+MARZO!J40 -> 0 | K40: =ENERO!K40+FEBRERO!K40+MARZO!K40 -> 0 | L40: =ENERO!L40+FEBRERO!L40+MARZO!L40 -> 0 | ... Z40: =ENERO!Z40+FEBRERO!Z40+MARZO!Z40 -> 0
C41: Atyrá | D41: =SUM(E41:Z41) -> 6 | E41: =ENERO!E41+FEBRERO!E41+MARZO!E41 -> 3 | F41: =ENERO!F41+FEBRERO!F41+MARZO!F41 -> 1 | G41: =ENERO!G41+FEBRERO!G41+MARZO!G41 -> 0 | H41: =ENERO!H41+FEBRERO!H41+MARZO!H41 -> 2 | I41: =ENERO!I41+FEBRERO!I41+MARZO!I41 -> 0 | J41: =ENERO!J41+FEBRERO!J41+MARZO!J41 -> 0 | K41: =ENERO!K41+FEBRERO!K41+MARZO!K41 -> 0 | L41: =ENERO!L41+FEBRERO!L41+MARZO!L41 -> 0 | ... Z41: =ENERO!Z41+FEBRERO!Z41+MARZO!Z41 -> 0
C42: Caacupé | D42: =SUM(E42:Z42) -> 35 | E42: =ENERO!E42+FEBRERO!E42+MARZO!E42 -> 4 | F42: =ENERO!F42+FEBRERO!F42+MARZO!F42 -> 19 | G42: =ENERO!G42+FEBRERO!G42+MARZO!G42 -> 5 | H42: =ENERO!H42+FEBRERO!H42+MARZO!H42 -> 4 | I42: =ENERO!I42+FEBRERO!I42+MARZO!I42 -> 0 | J42: =ENERO!J42+FEBRERO!J42+MARZO!J42 -> 0 | K42: =ENERO!K42+FEBRERO!K42+MARZO!K42 -> 0 | L42: =ENERO!L42+FEBRERO!L42+MARZO!L42 -> 0 | ... Z42: =ENERO!Z42+FEBRERO!Z42+MARZO!Z42 -> 1
C43: Caraguatay | D43: =SUM(E43:Z43) -> 12 | E43: =ENERO!E43+FEBRERO!E43+MARZO!E43 -> 3 | F43: =ENERO!F43+FEBRERO!F43+MARZO!F43 -> 6 | G43: =ENERO!G43+FEBRERO!G43+MARZO!G43 -> 3 | H43: =ENERO!H43+FEBRERO!H43+MARZO!H43 -> 0 | I43: =ENERO!I43+FEBRERO!I43+MARZO!I43 -> 0 | J43: =ENERO!J43+FEBRERO!J43+MARZO!J43 -> 0 | K43: =ENERO!K43+FEBRERO!K43+MARZO!K43 -> 0 | L43: =ENERO!L43+FEBRERO!L43+MARZO!L43 -> 0 | ... Z43: =ENERO!Z43+FEBRERO!Z43+MARZO!Z43 -> 0
C44: Emboscada | D44: =SUM(E44:Z44) -> 17 | E44: =ENERO!E44+FEBRERO!E44+MARZO!E44 -> 3 | F44: =ENERO!F44+FEBRERO!F44+MARZO!F44 -> 9 | G44: =ENERO!G44+FEBRERO!G44+MARZO!G44 -> 3 | H44: =ENERO!H44+FEBRERO!H44+MARZO!H44 -> 2 | I44: =ENERO!I44+FEBRERO!I44+MARZO!I44 -> 0 | J44: =ENERO!J44+FEBRERO!J44+MARZO!J44 -> 0 | K44: =ENERO!K44+FEBRERO!K44+MARZO!K44 -> 0 | L44: =ENERO!L44+FEBRERO!L44+MARZO!L44 -> 0 | ... Z44: =ENERO!Z44+FEBRERO!Z44+MARZO!Z44 -> 0
C45: Eusebio Ayala | D45: =SUM(E45:Z45) -> 17 | E45: =ENERO!E45+FEBRERO!E45+MARZO!E45 -> 4 | F45: =ENERO!F45+FEBRERO!F45+MARZO!F45 -> 7 | G45: =ENERO!G45+FEBRERO!G45+MARZO!G45 -> 2 | H45: =ENERO!H45+FEBRERO!H45+MARZO!H45 -> 2 | I45: =ENERO!I45+FEBRERO!I45+MARZO!I45 -> 2 | J45: =ENERO!J45+FEBRERO!J45+MARZO!J45 -> 0 | K45: =ENERO!K45+FEBRERO!K45+MARZO!K45 -> 0 | L45: =ENERO!L45+FEBRERO!L45+MARZO!L45 -> 0 | ... Z45: =ENERO!Z45+FEBRERO!Z45+MARZO!Z45 -> 0
C46: Isla Pucú | D46: =SUM(E46:Z46) -> 7 | E46: =ENERO!E46+FEBRERO!E46+MARZO!E46 -> 3 | F46: =ENERO!F46+FEBRERO!F46+MARZO!F46 -> 2 | G46: =ENERO!G46+FEBRERO!G46+MARZO!G46 -> 0 | H46: =ENERO!H46+FEBRERO!H46+MARZO!H46 -> 0 | I46: =ENERO!I46+FEBRERO!I46+MARZO!I46 -> 2 | J46: =ENERO!J46+FEBRERO!J46+MARZO!J46 -> 0 | K46: =ENERO!K46+FEBRERO!K46+MARZO!K46 -> 0 | L46: =ENERO!L46+FEBRERO!L46+MARZO!L46 -> 0 | ... Z46: =ENERO!Z46+FEBRERO!Z46+MARZO!Z46 -> 0
C47: Itacurubí de la Cordillera | D47: =SUM(E47:Z47) -> 12 | E47: =ENERO!E47+FEBRERO!E47+MARZO!E47 -> 2 | F47: =ENERO!F47+FEBRERO!F47+MARZO!F47 -> 5 | G47: =ENERO!G47+FEBRERO!G47+MARZO!G47 -> 0 | H47: =ENERO!H47+FEBRERO!H47+MARZO!H47 -> 5 | I47: =ENERO!I47+FEBRERO!I47+MARZO!I47 -> 0 | J47: =ENERO!J47+FEBRERO!J47+MARZO!J47 -> 0 | K47: =ENERO!K47+FEBRERO!K47+MARZO!K47 -> 0 | L47: =ENERO!L47+FEBRERO!L47+MARZO!L47 -> 0 | ... Z47: =ENERO!Z47+FEBRERO!Z47+MARZO!Z47 -> 0
C48: Juan de Mena | D48: =SUM(E48:Z48) -> 7 | E48: =ENERO!E48+FEBRERO!E48+MARZO!E48 -> 3 | F48: =ENERO!F48+FEBRERO!F48+MARZO!F48 -> 3 | G48: =ENERO!G48+FEBRERO!G48+MARZO!G48 -> 0 | H48: =ENERO!H48+FEBRERO!H48+MARZO!H48 -> 1 | I48: =ENERO!I48+FEBRERO!I48+MARZO!I48 -> 0 | J48: =ENERO!J48+FEBRERO!J48+MARZO!J48 -> 0 | K48: =ENERO!K48+FEBRERO!K48+MARZO!K48 -> 0 | L48: =ENERO!L48+FEBRERO!L48+MARZO!L48 -> 0 | ... Z48: =ENERO!Z48+FEBRERO!Z48+MARZO!Z48 -> 0
C49: Loma Grande | D49: =SUM(E49:Z49) -> 7 | E49: =ENERO!E49+FEBRERO!E49+MARZO!E49 -> 1 | F49: =ENERO!F49+FEBRERO!F49+MARZO!F49 -> 1 | G49: =ENERO!G49+FEBRERO!G49+MARZO!G49 -> 3 | H49: =ENERO!H49+FEBRERO!H49+MARZO!H49 -> 0 | I49: =ENERO!I49+FEBRERO!I49+MARZO!I49 -> 2 | J49: =ENERO!J49+FEBRERO!J49+MARZO!J49 -> 0 | K49: =ENERO!K49+FEBRERO!K49+MARZO!K49 -> 0 | L49: =ENERO!L49+FEBRERO!L49+MARZO!L49 -> 0 | ... Z49: =ENERO!Z49+FEBRERO!Z49+MARZO!Z49 -> 0
C50: Mbocayaty del Yhaguy | D50: =SUM(E50:Z50) -> 5 | E50: =ENERO!E50+FEBRERO!E50+MARZO!E50 -> 3 | F50: =ENERO!F50+FEBRERO!F50+MARZO!F50 -> 2 | G50: =ENERO!G50+FEBRERO!G50+MARZO!G50 -> 0 | H50: =ENERO!H50+FEBRERO!H50+MARZO!H50 -> 0 | I50: =ENERO!I50+FEBRERO!I50+MARZO!I50 -> 0 | J50: =ENERO!J50+FEBRERO!J50+MARZO!J50 -> 0 | K50: =ENERO!K50+FEBRERO!K50+MARZO!K50 -> 0 | L50: =ENERO!L50+FEBRERO!L50+MARZO!L50 -> 0 | ... Z50: =ENERO!Z50+FEBRERO!Z50+MARZO!Z50 -> 0
C51: Nueva Colombia | D51: =SUM(E51:Z51) -> 15 | E51: =ENERO!E51+FEBRERO!E51+MARZO!E51 -> 4 | F51: =ENERO!F51+FEBRERO!F51+MARZO!F51 -> 3 | G51: =ENERO!G51+FEBRERO!G51+MARZO!G51 -> 3 | H51: =ENERO!H51+FEBRERO!H51+MARZO!H51 -> 5 | I51: =ENERO!I51+FEBRERO!I51+MARZO!I51 -> 0 | J51: =ENERO!J51+FEBRERO!J51+MARZO!J51 -> 0 | K51: =ENERO!K51+FEBRERO!K51+MARZO!K51 -> 0 | L51: =ENERO!L51+FEBRERO!L51+MARZO!L51 -> 0 | ... Z51: =ENERO!Z51+FEBRERO!Z51+MARZO!Z51 -> 0
... C58: Valenzuela | D58: =SUM(E58:Z58) -> 14 | E58: =ENERO!E58+FEBRERO!E58+MARZO!E58 -> 3 | F58: =ENERO!F58+FEBRERO!F58+MARZO!F58 -> 5 | G58: =ENERO!G58+FEBRERO!G58+MARZO!G58 -> 0 | H58: =ENERO!H58+FEBRERO!H58+MARZO!H58 -> 5 | I58: =ENERO!I58+FEBRERO!I58+MARZO!I58 -> 0 | J58: =ENERO!J58+FEBRERO!J58+MARZO!J58 -> 0 | K58: =ENERO!K58+FEBRERO!K58+MARZO!K58 -> 0 | L58: =ENERO!L58+FEBRERO!L58+MARZO!L58 -> 0 | ... Z58: =ENERO!Z58+FEBRERO!Z58+MARZO!Z58 -> 1
A59: GUAIRA | B59: =SUM(D59:D76) -> 172 | C59: Borja | D59: =SUM(E59:Z59) -> 4 | E59: =ENERO!E59+FEBRERO!E59+MARZO!E59 -> 0 | F59: =ENERO!F59+FEBRERO!F59+MARZO!F59 -> 3 | G59: =ENERO!G59+FEBRERO!G59+MARZO!G59 -> 0 | H59: =ENERO!H59+FEBRERO!H59+MARZO!H59 -> 1 | I59: =ENERO!I59+FEBRERO!I59+MARZO!I59 -> 0 | J59: =ENERO!J59+FEBRERO!J59+MARZO!J59 -> 0 | K59: =ENERO!K59+FEBRERO!K59+MARZO!K59 -> 0 | L59: =ENERO!L59+FEBRERO!L59+MARZO!L59 -> 0 | ... Z59: =ENERO!Z59+FEBRERO!Z59+MARZO!Z59 -> 0
C60: Coronel Martínez | D60: =SUM(E60:Z60) -> 10 | E60: =ENERO!E60+FEBRERO!E60+MARZO!E60 -> 3 | F60: =ENERO!F60+FEBRERO!F60+MARZO!F60 -> 3 | G60: =ENERO!G60+FEBRERO!G60+MARZO!G60 -> 3 | H60: =ENERO!H60+FEBRERO!H60+MARZO!H60 -> 1 | I60: =ENERO!I60+FEBRERO!I60+MARZO!I60 -> 0 | J60: =ENERO!J60+FEBRERO!J60+MARZO!J60 -> 0 | K60: =ENERO!K60+FEBRERO!K60+MARZO!K60 -> 0 | L60: =ENERO!L60+FEBRERO!L60+MARZO!L60 -> 0 | ... Z60: =ENERO!Z60+FEBRERO!Z60+MARZO!Z60 -> 0
C61: Dr. Bottrell | D61: =SUM(E61:Z61) -> 6 | E61: =ENERO!E61+FEBRERO!E61+MARZO!E61 -> 0 | F61: =ENERO!F61+FEBRERO!F61+MARZO!F61 -> 3 | G61: =ENERO!G61+FEBRERO!G61+MARZO!G61 -> 0 | H61: =ENERO!H61+FEBRERO!H61+MARZO!H61 -> 3 | I61: =ENERO!I61+FEBRERO!I61+MARZO!I61 -> 0 | J61: =ENERO!J61+FEBRERO!J61+MARZO!J61 -> 0 | K61: =ENERO!K61+FEBRERO!K61+MARZO!K61 -> 0 | L61: =ENERO!L61+FEBRERO!L61+MARZO!L61 -> 0 | ... Z61: =ENERO!Z61+FEBRERO!Z61+MARZO!Z61 -> 0
C62: Fassardi | D62: =SUM(E62:Z62) -> 7 | E62: =ENERO!E62+FEBRERO!E62+MARZO!E62 -> 0 | F62: =ENERO!F62+FEBRERO!F62+MARZO!F62 -> 3 | G62: =ENERO!G62+FEBRERO!G62+MARZO!G62 -> 3 | H62: =ENERO!H62+FEBRERO!H62+MARZO!H62 -> 1 | I62: =ENERO!I62+FEBRERO!I62+MARZO!I62 -> 0 | J62: =ENERO!J62+FEBRERO!J62+MARZO!J62 -> 0 | K62: =ENERO!K62+FEBRERO!K62+MARZO!K62 -> 0 | L62: =ENERO!L62+FEBRERO!L62+MARZO!L62 -> 0 | ... Z62: =ENERO!Z62+FEBRERO!Z62+MARZO!Z62 -> 0
C63: Félix Pérez Cardozo | D63: =SUM(E63:Z63) -> 3 | E63: =ENERO!E63+FEBRERO!E63+MARZO!E63 -> 0 | F63: =ENERO!F63+FEBRERO!F63+MARZO!F63 -> 3 | G63: =ENERO!G63+FEBRERO!G63+MARZO!G63 -> 0 | H63: =ENERO!H63+FEBRERO!H63+MARZO!H63 -> 0 | I63: =ENERO!I63+FEBRERO!I63+MARZO!I63 -> 0 | J63: =ENERO!J63+FEBRERO!J63+MARZO!J63 -> 0 | K63: =ENERO!K63+FEBRERO!K63+MARZO!K63 -> 0 | L63: =ENERO!L63+FEBRERO!L63+MARZO!L63 -> 0 | ... Z63: =ENERO!Z63+FEBRERO!Z63+MARZO!Z63 -> 0
C64: Garay | D64: =SUM(E64:Z64) -> 12 | E64: =ENERO!E64+FEBRERO!E64+MARZO!E64 -> 0 | F64: =ENERO!F64+FEBRERO!F64+MARZO!F64 -> 5 | G64: =ENERO!G64+FEBRERO!G64+MARZO!G64 -> 3 | H64: =ENERO!H64+FEBRERO!H64+MARZO!H64 -> 4 | I64: =ENERO!I64+FEBRERO!I64+MARZO!I64 -> 0 | J64: =ENERO!J64+FEBRERO!J64+MARZO!J64 -> 0 | K64: =ENERO!K64+FEBRERO!K64+MARZO!K64 -> 0 | L64: =ENERO!L64+FEBRERO!L64+MARZO!L64 -> 0 | ... Z64: =ENERO!Z64+FEBRERO!Z64+MARZO!Z64 -> 0
C65: Colonia Independencia | D65: =SUM(E65:Z65) -> 6 | E65: =ENERO!E65+FEBRERO!E65+MARZO!E65 -> 2 | F65: =ENERO!F65+FEBRERO!F65+MARZO!F65 -> 3 | G65: =ENERO!G65+FEBRERO!G65+MARZO!G65 -> 1 | H65: =ENERO!H65+FEBRERO!H65+MARZO!H65 -> 0 | I65: =ENERO!I65+FEBRERO!I65+MARZO!I65 -> 0 | J65: =ENERO!J65+FEBRERO!J65+MARZO!J65 -> 0 | K65: =ENERO!K65+FEBRERO!K65+MARZO!K65 -> 0 | L65: =ENERO!L65+FEBRERO!L65+MARZO!L65 -> 0 | ... Z65: =ENERO!Z65+FEBRERO!Z65+MARZO!Z65 -> 0
C66: Itapé | D66: =SUM(E66:Z66) -> 9 | E66: =ENERO!E66+FEBRERO!E66+MARZO!E66 -> 3 | F66: =ENERO!F66+FEBRERO!F66+MARZO!F66 -> 3 | G66: =ENERO!G66+FEBRERO!G66+MARZO!G66 -> 3 | H66: =ENERO!H66+FEBRERO!H66+MARZO!H66 -> 0 | I66: =ENERO!I66+FEBRERO!I66+MARZO!I66 -> 0 | J66: =ENERO!J66+FEBRERO!J66+MARZO!J66 -> 0 | K66: =ENERO!K66+FEBRERO!K66+MARZO!K66 -> 0 | L66: =ENERO!L66+FEBRERO!L66+MARZO!L66 -> 0 | ... Z66: =ENERO!Z66+FEBRERO!Z66+MARZO!Z66 -> 0
C67: Iturbe | D67: =SUM(E67:Z67) -> 12 | E67: =ENERO!E67+FEBRERO!E67+MARZO!E67 -> 1 | F67: =ENERO!F67+FEBRERO!F67+MARZO!F67 -> 3 | G67: =ENERO!G67+FEBRERO!G67+MARZO!G67 -> 3 | H67: =ENERO!H67+FEBRERO!H67+MARZO!H67 -> 4 | I67: =ENERO!I67+FEBRERO!I67+MARZO!I67 -> 0 | J67: =ENERO!J67+FEBRERO!J67+MARZO!J67 -> 0 | K67: =ENERO!K67+FEBRERO!K67+MARZO!K67 -> 0 | L67: =ENERO!L67+FEBRERO!L67+MARZO!L67 -> 0 | ... Z67: =ENERO!Z67+FEBRERO!Z67+MARZO!Z67 -> 0
C68: Mbocayaty | D68: =SUM(E68:Z68) -> 7 | E68: =ENERO!E68+FEBRERO!E68+MARZO!E68 -> 3 | F68: =ENERO!F68+FEBRERO!F68+MARZO!F68 -> 4 | G68: =ENERO!G68+FEBRERO!G68+MARZO!G68 -> 0 | H68: =ENERO!H68+FEBRERO!H68+MARZO!H68 -> 0 | I68: =ENERO!I68+FEBRERO!I68+MARZO!I68 -> 0 | J68: =ENERO!J68+FEBRERO!J68+MARZO!J68 -> 0 | K68: =ENERO!K68+FEBRERO!K68+MARZO!K68 -> 0 | L68: =ENERO!L68+FEBRERO!L68+MARZO!L68 -> 0 | ... Z68: =ENERO!Z68+FEBRERO!Z68+MARZO!Z68 -> 0
C69: Natalicio Talavera | D69: =SUM(E69:Z69) -> 2 | E69: =ENERO!E69+FEBRERO!E69+MARZO!E69 -> 1 | F69: =ENERO!F69+FEBRERO!F69+MARZO!F69 -> 1 | G69: =ENERO!G69+FEBRERO!G69+MARZO!G69 -> 0 | H69: =ENERO!H69+FEBRERO!H69+MARZO!H69 -> 0 | I69: =ENERO!I69+FEBRERO!I69+MARZO!I69 -> 0 | J69: =ENERO!J69+FEBRERO!J69+MARZO!J69 -> 0 | K69: =ENERO!K69+FEBRERO!K69+MARZO!K69 -> 0 | L69: =ENERO!L69+FEBRERO!L69+MARZO!L69 -> 0 | ... Z69: =ENERO!Z69+FEBRERO!Z69+MARZO!Z69 -> 0
C70: Ñumí | D70: =SUM(E70:Z70) -> 8 | E70: =ENERO!E70+FEBRERO!E70+MARZO!E70 -> 3 | F70: =ENERO!F70+FEBRERO!F70+MARZO!F70 -> 3 | G70: =ENERO!G70+FEBRERO!G70+MARZO!G70 -> 2 | H70: =ENERO!H70+FEBRERO!H70+MARZO!H70 -> 0 | I70: =ENERO!I70+FEBRERO!I70+MARZO!I70 -> 0 | J70: =ENERO!J70+FEBRERO!J70+MARZO!J70 -> 0 | K70: =ENERO!K70+FEBRERO!K70+MARZO!K70 -> 0 | L70: =ENERO!L70+FEBRERO!L70+MARZO!L70 -> 0 | ... Z70: =ENERO!Z70+FEBRERO!Z70+MARZO!Z70 -> 0
C71: Paso Yobái | D71: =SUM(E71:Z71) -> 11 | E71: =ENERO!E71+FEBRERO!E71+MARZO!E71 -> 3 | F71: =ENERO!F71+FEBRERO!F71+MARZO!F71 -> 5 | G71: =ENERO!G71+FEBRERO!G71+MARZO!G71 -> 0 | H71: =ENERO!H71+FEBRERO!H71+MARZO!H71 -> 3 | I71: =ENERO!I71+FEBRERO!I71+MARZO!I71 -> 0 | J71: =ENERO!J71+FEBRERO!J71+MARZO!J71 -> 0 | K71: =ENERO!K71+FEBRERO!K71+MARZO!K71 -> 0 | L71: =ENERO!L71+FEBRERO!L71+MARZO!L71 -> 0 | ... Z71: =ENERO!Z71+FEBRERO!Z71+MARZO!Z71 -> 0
... C76: Yataity | D76: =SUM(E76:Z76) -> 6 | E76: =ENERO!E76+FEBRERO!E76+MARZO!E76 -> 3 | F76: =ENERO!F76+FEBRERO!F76+MARZO!F76 -> 3 | G76: =ENERO!G76+FEBRERO!G76+MARZO!G76 -> 0 | H76: =ENERO!H76+FEBRERO!H76+MARZO!H76 -> 0 | I76: =ENERO!I76+FEBRERO!I76+MARZO!I76 -> 0 | J76: =ENERO!J76+FEBRERO!J76+MARZO!J76 -> 0 | K76: =ENERO!K76+FEBRERO!K76+MARZO!K76 -> 0 | L76: =ENERO!L76+FEBRERO!L76+MARZO!L76 -> 0 | ... Z76: =ENERO!Z76+FEBRERO!Z76+MARZO!Z76 -> 0
A77: CAAGUAZU | B77: =SUM(D77:D98) -> 371 | C77: Caaguazú | D77: =SUM(E77:Z77) -> 37 | E77: =ENERO!E77+FEBRERO!E77+MARZO!E77 -> 9 | F77: =ENERO!F77+FEBRERO!F77+MARZO!F77 -> 13 | G77: =ENERO!G77+FEBRERO!G77+MARZO!G77 -> 0 | H77: =ENERO!H77+FEBRERO!H77+MARZO!H77 -> 15 | I77: =ENERO!I77+FEBRERO!I77+MARZO!I77 -> 0 | J77: =ENERO!J77+FEBRERO!J77+MARZO!J77 -> 0 | K77: =ENERO!K77+FEBRERO!K77+MARZO!K77 -> 0 | L77: =ENERO!L77+FEBRERO!L77+MARZO!L77 -> 0 | ... Z77: =ENERO!Z77+FEBRERO!Z77+MARZO!Z77 -> 0
C78: Carayaó | D78: =SUM(E78:Z78) -> 8 | E78: =ENERO!E78+FEBRERO!E78+MARZO!E78 -> 3 | F78: =ENERO!F78+FEBRERO!F78+MARZO!F78 -> 2 | G78: =ENERO!G78+FEBRERO!G78+MARZO!G78 -> 0 | H78: =ENERO!H78+FEBRERO!H78+MARZO!H78 -> 3 | I78: =ENERO!I78+FEBRERO!I78+MARZO!I78 -> 0 | J78: =ENERO!J78+FEBRERO!J78+MARZO!J78 -> 0 | K78: =ENERO!K78+FEBRERO!K78+MARZO!K78 -> 0 | L78: =ENERO!L78+FEBRERO!L78+MARZO!L78 -> 0 | ... Z78: =ENERO!Z78+FEBRERO!Z78+MARZO!Z78 -> 0
C79: Coronel Oviedo | D79: =SUM(E79:Z79) -> 36 | E79: =ENERO!E79+FEBRERO!E79+MARZO!E79 -> 5 | F79: =ENERO!F79+FEBRERO!F79+MARZO!F79 -> 16 | G79: =ENERO!G79+FEBRERO!G79+MARZO!G79 -> 0 | H79: =ENERO!H79+FEBRERO!H79+MARZO!H79 -> 13 | I79: =ENERO!I79+FEBRERO!I79+MARZO!I79 -> 1 | J79: =ENERO!J79+FEBRERO!J79+MARZO!J79 -> 0 | K79: =ENERO!K79+FEBRERO!K79+MARZO!K79 -> 0 | L79: =ENERO!L79+FEBRERO!L79+MARZO!L79 -> 0 | ... Z79: =ENERO!Z79+FEBRERO!Z79+MARZO!Z79 -> 0
C80: Doctor Cecilio Báez | D80: =SUM(E80:Z80) -> 17 | E80: =ENERO!E80+FEBRERO!E80+MARZO!E80 -> 4 | F80: =ENERO!F80+FEBRERO!F80+MARZO!F80 -> 4 | G80: =ENERO!G80+FEBRERO!G80+MARZO!G80 -> 6 | H80: =ENERO!H80+FEBRERO!H80+MARZO!H80 -> 3 | I80: =ENERO!I80+FEBRERO!I80+MARZO!I80 -> 0 | J80: =ENERO!J80+FEBRERO!J80+MARZO!J80 -> 0 | K80: =ENERO!K80+FEBRERO!K80+MARZO!K80 -> 0 | L80: =ENERO!L80+FEBRERO!L80+MARZO!L80 -> 0 | ... Z80: =ENERO!Z80+FEBRERO!Z80+MARZO!Z80 -> 0
C81: Doctor J. Eulogio Estigarribia | D81: =SUM(E81:Z81) -> 21 | E81: =ENERO!E81+FEBRERO!E81+MARZO!E81 -> 4 | F81: =ENERO!F81+FEBRERO!F81+MARZO!F81 -> 10 | G81: =ENERO!G81+FEBRERO!G81+MARZO!G81 -> 1 | H81: =ENERO!H81+FEBRERO!H81+MARZO!H81 -> 4 | I81: =ENERO!I81+FEBRERO!I81+MARZO!I81 -> 2 | J81: =ENERO!J81+FEBRERO!J81+MARZO!J81 -> 0 | K81: =ENERO!K81+FEBRERO!K81+MARZO!K81 -> 0 | L81: =ENERO!L81+FEBRERO!L81+MARZO!L81 -> 0 | ... Z81: =ENERO!Z81+FEBRERO!Z81+MARZO!Z81 -> 0
C82: Doctor Juan Manuel Frutos | D82: =SUM(E82:Z82) -> 26 | E82: =ENERO!E82+FEBRERO!E82+MARZO!E82 -> 5 | F82: =ENERO!F82+FEBRERO!F82+MARZO!F82 -> 11 | G82: =ENERO!G82+FEBRERO!G82+MARZO!G82 -> 3 | H82: =ENERO!H82+FEBRERO!H82+MARZO!H82 -> 6 | I82: =ENERO!I82+FEBRERO!I82+MARZO!I82 -> 0 | J82: =ENERO!J82+FEBRERO!J82+MARZO!J82 -> 0 | K82: =ENERO!K82+FEBRERO!K82+MARZO!K82 -> 0 | L82: =ENERO!L82+FEBRERO!L82+MARZO!L82 -> 0 | ... Z82: =ENERO!Z82+FEBRERO!Z82+MARZO!Z82 -> 1
C83: José Domingo Ocampos | D83: =SUM(E83:Z83) -> 23 | E83: =ENERO!E83+FEBRERO!E83+MARZO!E83 -> 5 | F83: =ENERO!F83+FEBRERO!F83+MARZO!F83 -> 12 | G83: =ENERO!G83+FEBRERO!G83+MARZO!G83 -> 0 | H83: =ENERO!H83+FEBRERO!H83+MARZO!H83 -> 6 | I83: =ENERO!I83+FEBRERO!I83+MARZO!I83 -> 0 | J83: =ENERO!J83+FEBRERO!J83+MARZO!J83 -> 0 | K83: =ENERO!K83+FEBRERO!K83+MARZO!K83 -> 0 | L83: =ENERO!L83+FEBRERO!L83+MARZO!L83 -> 0 | ... Z83: =ENERO!Z83+FEBRERO!Z83+MARZO!Z83 -> 0
C84: La Pastora | D84: =SUM(E84:Z84) -> 11 | E84: =ENERO!E84+FEBRERO!E84+MARZO!E84 -> 4 | F84: =ENERO!F84+FEBRERO!F84+MARZO!F84 -> 5 | G84: =ENERO!G84+FEBRERO!G84+MARZO!G84 -> 0 | H84: =ENERO!H84+FEBRERO!H84+MARZO!H84 -> 2 | I84: =ENERO!I84+FEBRERO!I84+MARZO!I84 -> 0 | J84: =ENERO!J84+FEBRERO!J84+MARZO!J84 -> 0 | K84: =ENERO!K84+FEBRERO!K84+MARZO!K84 -> 0 | L84: =ENERO!L84+FEBRERO!L84+MARZO!L84 -> 0 | ... Z84: =ENERO!Z84+FEBRERO!Z84+MARZO!Z84 -> 0
C85: Mcal. Francisco S. López | D85: =SUM(E85:Z85) -> 11 | E85: =ENERO!E85+FEBRERO!E85+MARZO!E85 -> 4 | F85: =ENERO!F85+FEBRERO!F85+MARZO!F85 -> 5 | G85: =ENERO!G85+FEBRERO!G85+MARZO!G85 -> 0 | H85: =ENERO!H85+FEBRERO!H85+MARZO!H85 -> 2 | I85: =ENERO!I85+FEBRERO!I85+MARZO!I85 -> 0 | J85: =ENERO!J85+FEBRERO!J85+MARZO!J85 -> 0 | K85: =ENERO!K85+FEBRERO!K85+MARZO!K85 -> 0 | L85: =ENERO!L85+FEBRERO!L85+MARZO!L85 -> 0 | ... Z85: =ENERO!Z85+FEBRERO!Z85+MARZO!Z85 -> 0
C86: Nueva Londres | D86: =SUM(E86:Z86) -> 12 | E86: =ENERO!E86+FEBRERO!E86+MARZO!E86 -> 4 | F86: =ENERO!F86+FEBRERO!F86+MARZO!F86 -> 5 | G86: =ENERO!G86+FEBRERO!G86+MARZO!G86 -> 0 | H86: =ENERO!H86+FEBRERO!H86+MARZO!H86 -> 3 | I86: =ENERO!I86+FEBRERO!I86+MARZO!I86 -> 0 | J86: =ENERO!J86+FEBRERO!J86+MARZO!J86 -> 0 | K86: =ENERO!K86+FEBRERO!K86+MARZO!K86 -> 0 | L86: =ENERO!L86+FEBRERO!L86+MARZO!L86 -> 0 | ... Z86: =ENERO!Z86+FEBRERO!Z86+MARZO!Z86 -> 0
C87: Nueva Toledo | D87: =SUM(E87:Z87) -> 14 | E87: =ENERO!E87+FEBRERO!E87+MARZO!E87 -> 3 | F87: =ENERO!F87+FEBRERO!F87+MARZO!F87 -> 6 | G87: =ENERO!G87+FEBRERO!G87+MARZO!G87 -> 3 | H87: =ENERO!H87+FEBRERO!H87+MARZO!H87 -> 0 | I87: =ENERO!I87+FEBRERO!I87+MARZO!I87 -> 2 | J87: =ENERO!J87+FEBRERO!J87+MARZO!J87 -> 0 | K87: =ENERO!K87+FEBRERO!K87+MARZO!K87 -> 0 | L87: =ENERO!L87+FEBRERO!L87+MARZO!L87 -> 0 | ... Z87: =ENERO!Z87+FEBRERO!Z87+MARZO!Z87 -> 0
C88: Raúl Arsenio Oviedo | D88: =SUM(E88:Z88) -> 27 | E88: =ENERO!E88+FEBRERO!E88+MARZO!E88 -> 5 | F88: =ENERO!F88+FEBRERO!F88+MARZO!F88 -> 7 | G88: =ENERO!G88+FEBRERO!G88+MARZO!G88 -> 3 | H88: =ENERO!H88+FEBRERO!H88+MARZO!H88 -> 11 | I88: =ENERO!I88+FEBRERO!I88+MARZO!I88 -> 0 | J88: =ENERO!J88+FEBRERO!J88+MARZO!J88 -> 0 | K88: =ENERO!K88+FEBRERO!K88+MARZO!K88 -> 0 | L88: =ENERO!L88+FEBRERO!L88+MARZO!L88 -> 0 | ... Z88: =ENERO!Z88+FEBRERO!Z88+MARZO!Z88 -> 1
C89: Repatriación | D89: =SUM(E89:Z89) -> 11 | E89: =ENERO!E89+FEBRERO!E89+MARZO!E89 -> 3 | F89: =ENERO!F89+FEBRERO!F89+MARZO!F89 -> 8 | G89: =ENERO!G89+FEBRERO!G89+MARZO!G89 -> 0 | H89: =ENERO!H89+FEBRERO!H89+MARZO!H89 -> 0 | I89: =ENERO!I89+FEBRERO!I89+MARZO!I89 -> 0 | J89: =ENERO!J89+FEBRERO!J89+MARZO!J89 -> 0 | K89: =ENERO!K89+FEBRERO!K89+MARZO!K89 -> 0 | L89: =ENERO!L89+FEBRERO!L89+MARZO!L89 -> 0 | ... Z89: =ENERO!Z89+FEBRERO!Z89+MARZO!Z89 -> 0
... C98: Yhú | D98: =SUM(E98:Z98) -> 19 | E98: =ENERO!E98+FEBRERO!E98+MARZO!E98 -> 4 | F98: =ENERO!F98+FEBRERO!F98+MARZO!F98 -> 11 | G98: =ENERO!G98+FEBRERO!G98+MARZO!G98 -> 0 | H98: =ENERO!H98+FEBRERO!H98+MARZO!H98 -> 2 | I98: =ENERO!I98+FEBRERO!I98+MARZO!I98 -> 2 | J98: =ENERO!J98+FEBRERO!J98+MARZO!J98 -> 0 | K98: =ENERO!K98+FEBRERO!K98+MARZO!K98 -> 0 | L98: =ENERO!L98+FEBRERO!L98+MARZO!L98 -> 0 | ... Z98: =ENERO!Z98+FEBRERO!Z98+MARZO!Z98 -> 0
A99: CAAZAPA | B99: =SUM(D99:D109) -> 100 | C99: Tres de Mayo | D99: =SUM(E99:Z99) -> 8 | E99: =ENERO!E99+FEBRERO!E99+MARZO!E99 -> 0 | F99: =ENERO!F99+FEBRERO!F99+MARZO!F99 -> 3 | G99: =ENERO!G99+FEBRERO!G99+MARZO!G99 -> 3 | H99: =ENERO!H99+FEBRERO!H99+MARZO!H99 -> 2 | I99: =ENERO!I99+FEBRERO!I99+MARZO!I99 -> 0 | J99: =ENERO!J99+FEBRERO!J99+MARZO!J99 -> 0 | K99: =ENERO!K99+FEBRERO!K99+MARZO!K99 -> 0 | L99: =ENERO!L99+FEBRERO!L99+MARZO!L99 -> 0 | ... Z99: =ENERO!Z99+FEBRERO!Z99+MARZO!Z99 -> 0
C100: Abaí | D100: =SUM(E100:Z100) -> 11 | E100: =ENERO!E100+FEBRERO!E100+MARZO!E100 -> 0 | F100: =ENERO!F100+FEBRERO!F100+MARZO!F100 -> 1 | G100: =ENERO!G100+FEBRERO!G100+MARZO!G100 -> 0 | H100: =ENERO!H100+FEBRERO!H100+MARZO!H100 -> 6 | I100: =ENERO!I100+FEBRERO!I100+MARZO!I100 -> 0 | J100: =ENERO!J100+FEBRERO!J100+MARZO!J100 -> 0 | K100: =ENERO!K100+FEBRERO!K100+MARZO!K100 -> 0 | L100: =ENERO!L100+FEBRERO!L100+MARZO!L100 -> 0 | ... Z100: =ENERO!Z100+FEBRERO!Z100+MARZO!Z100 -> 4
C101: Buena Vista | D101: =SUM(E101:Z101) -> 0 | E101: =ENERO!E101+FEBRERO!E101+MARZO!E101 -> 0 | F101: =ENERO!F101+FEBRERO!F101+MARZO!F101 -> 0 | G101: =ENERO!G101+FEBRERO!G101+MARZO!G101 -> 0 | H101: =ENERO!H101+FEBRERO!H101+MARZO!H101 -> 0 | I101: =ENERO!I101+FEBRERO!I101+MARZO!I101 -> 0 | J101: =ENERO!J101+FEBRERO!J101+MARZO!J101 -> 0 | K101: =ENERO!K101+FEBRERO!K101+MARZO!K101 -> 0 | L101: =ENERO!L101+FEBRERO!L101+MARZO!L101 -> 0 | ... Z101: =ENERO!Z101+FEBRERO!Z101+MARZO!Z101 -> 0
C102: Caazapá | D102: =SUM(E102:Z102) -> 23 | E102: =ENERO!E102+FEBRERO!E102+MARZO!E102 -> 3 | F102: =ENERO!F102+FEBRERO!F102+MARZO!F102 -> 13 | G102: =ENERO!G102+FEBRERO!G102+MARZO!G102 -> 3 | H102: =ENERO!H102+FEBRERO!H102+MARZO!H102 -> 4 | I102: =ENERO!I102+FEBRERO!I102+MARZO!I102 -> 0 | J102: =ENERO!J102+FEBRERO!J102+MARZO!J102 -> 0 | K102: =ENERO!K102+FEBRERO!K102+MARZO!K102 -> 0 | L102: =ENERO!L102+FEBRERO!L102+MARZO!L102 -> 0 | ... Z102: =ENERO!Z102+FEBRERO!Z102+MARZO!Z102 -> 0
C103: Doctor Moisés S. Bertoni | D103: =SUM(E103:Z103) -> 4 | E103: =ENERO!E103+FEBRERO!E103+MARZO!E103 -> 1 | F103: =ENERO!F103+FEBRERO!F103+MARZO!F103 -> 3 | G103: =ENERO!G103+FEBRERO!G103+MARZO!G103 -> 0 | H103: =ENERO!H103+FEBRERO!H103+MARZO!H103 -> 0 | I103: =ENERO!I103+FEBRERO!I103+MARZO!I103 -> 0 | J103: =ENERO!J103+FEBRERO!J103+MARZO!J103 -> 0 | K103: =ENERO!K103+FEBRERO!K103+MARZO!K103 -> 0 | L103: =ENERO!L103+FEBRERO!L103+MARZO!L103 -> 0 | ... Z103: =ENERO!Z103+FEBRERO!Z103+MARZO!Z103 -> 0
C104: Fulgencio Yegros | D104: =SUM(E104:Z104) -> 9 | E104: =ENERO!E104+FEBRERO!E104+MARZO!E104 -> 3 | F104: =ENERO!F104+FEBRERO!F104+MARZO!F104 -> 2 | G104: =ENERO!G104+FEBRERO!G104+MARZO!G104 -> 3 | H104: =ENERO!H104+FEBRERO!H104+MARZO!H104 -> 1 | I104: =ENERO!I104+FEBRERO!I104+MARZO!I104 -> 0 | J104: =ENERO!J104+FEBRERO!J104+MARZO!J104 -> 0 | K104: =ENERO!K104+FEBRERO!K104+MARZO!K104 -> 0 | L104: =ENERO!L104+FEBRERO!L104+MARZO!L104 -> 0 | ... Z104: =ENERO!Z104+FEBRERO!Z104+MARZO!Z104 -> 0
C105: General Higinio Morínigo | D105: =SUM(E105:Z105) -> 4 | E105: =ENERO!E105+FEBRERO!E105+MARZO!E105 -> 1 | F105: =ENERO!F105+FEBRERO!F105+MARZO!F105 -> 3 | G105: =ENERO!G105+FEBRERO!G105+MARZO!G105 -> 0 | H105: =ENERO!H105+FEBRERO!H105+MARZO!H105 -> 0 | I105: =ENERO!I105+FEBRERO!I105+MARZO!I105 -> 0 | J105: =ENERO!J105+FEBRERO!J105+MARZO!J105 -> 0 | K105: =ENERO!K105+FEBRERO!K105+MARZO!K105 -> 0 | L105: =ENERO!L105+FEBRERO!L105+MARZO!L105 -> 0 | ... Z105: =ENERO!Z105+FEBRERO!Z105+MARZO!Z105 -> 0
C106: Maciel | D106: =SUM(E106:Z106) -> 4 | E106: =ENERO!E106+FEBRERO!E106+MARZO!E106 -> 0 | F106: =ENERO!F106+FEBRERO!F106+MARZO!F106 -> 0 | G106: =ENERO!G106+FEBRERO!G106+MARZO!G106 -> 1 | H106: =ENERO!H106+FEBRERO!H106+MARZO!H106 -> 3 | I106: =ENERO!I106+FEBRERO!I106+MARZO!I106 -> 0 | J106: =ENERO!J106+FEBRERO!J106+MARZO!J106 -> 0 | K106: =ENERO!K106+FEBRERO!K106+MARZO!K106 -> 0 | L106: =ENERO!L106+FEBRERO!L106+MARZO!L106 -> 0 | ... Z106: =ENERO!Z106+FEBRERO!Z106+MARZO!Z106 -> 0
C107: San Juan Nepomuceno | D107: =SUM(E107:Z107) -> 18 | E107: =ENERO!E107+FEBRERO!E107+MARZO!E107 -> 4 | F107: =ENERO!F107+FEBRERO!F107+MARZO!F107 -> 13 | G107: =ENERO!G107+FEBRERO!G107+MARZO!G107 -> 0 | H107: =ENERO!H107+FEBRERO!H107+MARZO!H107 -> 1 | I107: =ENERO!I107+FEBRERO!I107+MARZO!I107 -> 0 | J107: =ENERO!J107+FEBRERO!J107+MARZO!J107 -> 0 | K107: =ENERO!K107+FEBRERO!K107+MARZO!K107 -> 0 | L107: =ENERO!L107+FEBRERO!L107+MARZO!L107 -> 0 | ... Z107: =ENERO!Z107+FEBRERO!Z107+MARZO!Z107 -> 0
C108: Tavaí | D108: =SUM(E108:Z108) -> 13 | E108: =ENERO!E108+FEBRERO!E108+MARZO!E108 -> 3 | F108: =ENERO!F108+FEBRERO!F108+MARZO!F108 -> 2 | G108: =ENERO!G108+FEBRERO!G108+MARZO!G108 -> 0 | H108: =ENERO!H108+FEBRERO!H108+MARZO!H108 -> 7 | I108: =ENERO!I108+FEBRERO!I108+MARZO!I108 -> 0 | J108: =ENERO!J108+FEBRERO!J108+MARZO!J108 -> 0 | K108: =ENERO!K108+FEBRERO!K108+MARZO!K108 -> 0 | L108: =ENERO!L108+FEBRERO!L108+MARZO!L108 -> 0 | ... Z108: =ENERO!Z108+FEBRERO!Z108+MARZO!Z108 -> 1
C109: Yuty | D109: =SUM(E109:Z109) -> 6 | E109: =ENERO!E109+FEBRERO!E109+MARZO!E109 -> 1 | F109: =ENERO!F109+FEBRERO!F109+MARZO!F109 -> 3 | G109: =ENERO!G109+FEBRERO!G109+MARZO!G109 -> 0 | H109: =ENERO!H109+FEBRERO!H109+MARZO!H109 -> 2 | I109: =ENERO!I109+FEBRERO!I109+MARZO!I109 -> 0 | J109: =ENERO!J109+FEBRERO!J109+MARZO!J109 -> 0 | K109: =ENERO!K109+FEBRERO!K109+MARZO!K109 -> 0 | L109: =ENERO!L109+FEBRERO!L109+MARZO!L109 -> 0 | ... Z109: =ENERO!Z109+FEBRERO!Z109+MARZO!Z109 -> 0
A110: ITAPUA | B110: =SUM(D110:D139) -> 658 | C110: Alto Verá | D110: =SUM(E110:Z110) -> 16 | E110: =ENERO!E110+FEBRERO!E110+MARZO!E110 -> 2 | F110: =ENERO!F110+FEBRERO!F110+MARZO!F110 -> 6 | G110: =ENERO!G110+FEBRERO!G110+MARZO!G110 -> 3 | H110: =ENERO!H110+FEBRERO!H110+MARZO!H110 -> 3 | I110: =ENERO!I110+FEBRERO!I110+MARZO!I110 -> 2 | J110: =ENERO!J110+FEBRERO!J110+MARZO!J110 -> 0 | K110: =ENERO!K110+FEBRERO!K110+MARZO!K110 -> 0 | L110: =ENERO!L110+FEBRERO!L110+MARZO!L110 -> 0 | ... Z110: =ENERO!Z110+FEBRERO!Z110+MARZO!Z110 -> 0
C111: Bella Vista | D111: =SUM(E111:Z111) -> 30 | E111: =ENERO!E111+FEBRERO!E111+MARZO!E111 -> 5 | F111: =ENERO!F111+FEBRERO!F111+MARZO!F111 -> 19 | G111: =ENERO!G111+FEBRERO!G111+MARZO!G111 -> 0 | H111: =ENERO!H111+FEBRERO!H111+MARZO!H111 -> 4 | I111: =ENERO!I111+FEBRERO!I111+MARZO!I111 -> 0 | J111: =ENERO!J111+FEBRERO!J111+MARZO!J111 -> 0 | K111: =ENERO!K111+FEBRERO!K111+MARZO!K111 -> 0 | L111: =ENERO!L111+FEBRERO!L111+MARZO!L111 -> 0 | ... Z111: =ENERO!Z111+FEBRERO!Z111+MARZO!Z111 -> 2
C112: Cambyretá | D112: =SUM(E112:Z112) -> 15 | E112: =ENERO!E112+FEBRERO!E112+MARZO!E112 -> 3 | F112: =ENERO!F112+FEBRERO!F112+MARZO!F112 -> 10 | G112: =ENERO!G112+FEBRERO!G112+MARZO!G112 -> 1 | H112: =ENERO!H112+FEBRERO!H112+MARZO!H112 -> 1 | I112: =ENERO!I112+FEBRERO!I112+MARZO!I112 -> 0 | J112: =ENERO!J112+FEBRERO!J112+MARZO!J112 -> 0 | K112: =ENERO!K112+FEBRERO!K112+MARZO!K112 -> 0 | L112: =ENERO!L112+FEBRERO!L112+MARZO!L112 -> 0 | ... Z112: =ENERO!Z112+FEBRERO!Z112+MARZO!Z112 -> 0
C113: Capitán Meza | D113: =SUM(E113:Z113) -> 28 | E113: =ENERO!E113+FEBRERO!E113+MARZO!E113 -> 3 | F113: =ENERO!F113+FEBRERO!F113+MARZO!F113 -> 16 | G113: =ENERO!G113+FEBRERO!G113+MARZO!G113 -> 4 | H113: =ENERO!H113+FEBRERO!H113+MARZO!H113 -> 3 | I113: =ENERO!I113+FEBRERO!I113+MARZO!I113 -> 2 | J113: =ENERO!J113+FEBRERO!J113+MARZO!J113 -> 0 | K113: =ENERO!K113+FEBRERO!K113+MARZO!K113 -> 0 | L113: =ENERO!L113+FEBRERO!L113+MARZO!L113 -> 0 | ... Z113: =ENERO!Z113+FEBRERO!Z113+MARZO!Z113 -> 0
C114: Capitán Miranda | D114: =SUM(E114:Z114) -> 23 | E114: =ENERO!E114+FEBRERO!E114+MARZO!E114 -> 3 | F114: =ENERO!F114+FEBRERO!F114+MARZO!F114 -> 11 | G114: =ENERO!G114+FEBRERO!G114+MARZO!G114 -> 6 | H114: =ENERO!H114+FEBRERO!H114+MARZO!H114 -> 3 | I114: =ENERO!I114+FEBRERO!I114+MARZO!I114 -> 0 | J114: =ENERO!J114+FEBRERO!J114+MARZO!J114 -> 0 | K114: =ENERO!K114+FEBRERO!K114+MARZO!K114 -> 0 | L114: =ENERO!L114+FEBRERO!L114+MARZO!L114 -> 0 | ... Z114: =ENERO!Z114+FEBRERO!Z114+MARZO!Z114 -> 0
C115: Carlos Antonio López | D115: =SUM(E115:Z115) -> 14 | E115: =ENERO!E115+FEBRERO!E115+MARZO!E115 -> 4 | F115: =ENERO!F115+FEBRERO!F115+MARZO!F115 -> 5 | G115: =ENERO!G115+FEBRERO!G115+MARZO!G115 -> 3 | H115: =ENERO!H115+FEBRERO!H115+MARZO!H115 -> 2 | I115: =ENERO!I115+FEBRERO!I115+MARZO!I115 -> 0 | J115: =ENERO!J115+FEBRERO!J115+MARZO!J115 -> 0 | K115: =ENERO!K115+FEBRERO!K115+MARZO!K115 -> 0 | L115: =ENERO!L115+FEBRERO!L115+MARZO!L115 -> 0 | ... Z115: =ENERO!Z115+FEBRERO!Z115+MARZO!Z115 -> 0
C116: Carmen del Paraná | D116: =SUM(E116:Z116) -> 28 | E116: =ENERO!E116+FEBRERO!E116+MARZO!E116 -> 3 | F116: =ENERO!F116+FEBRERO!F116+MARZO!F116 -> 20 | G116: =ENERO!G116+FEBRERO!G116+MARZO!G116 -> 3 | H116: =ENERO!H116+FEBRERO!H116+MARZO!H116 -> 2 | I116: =ENERO!I116+FEBRERO!I116+MARZO!I116 -> 0 | J116: =ENERO!J116+FEBRERO!J116+MARZO!J116 -> 0 | K116: =ENERO!K116+FEBRERO!K116+MARZO!K116 -> 0 | L116: =ENERO!L116+FEBRERO!L116+MARZO!L116 -> 0 | ... Z116: =ENERO!Z116+FEBRERO!Z116+MARZO!Z116 -> 0
C117: Coronel Bogado | D117: =SUM(E117:Z117) -> 23 | E117: =ENERO!E117+FEBRERO!E117+MARZO!E117 -> 3 | F117: =ENERO!F117+FEBRERO!F117+MARZO!F117 -> 11 | G117: =ENERO!G117+FEBRERO!G117+MARZO!G117 -> 4 | H117: =ENERO!H117+FEBRERO!H117+MARZO!H117 -> 4 | I117: =ENERO!I117+FEBRERO!I117+MARZO!I117 -> 0 | J117: =ENERO!J117+FEBRERO!J117+MARZO!J117 -> 0 | K117: =ENERO!K117+FEBRERO!K117+MARZO!K117 -> 0 | L117: =ENERO!L117+FEBRERO!L117+MARZO!L117 -> 0 | ... Z117: =ENERO!Z117+FEBRERO!Z117+MARZO!Z117 -> 1
C118: Edelira | D118: =SUM(E118:Z118) -> 27 | E118: =ENERO!E118+FEBRERO!E118+MARZO!E118 -> 3 | F118: =ENERO!F118+FEBRERO!F118+MARZO!F118 -> 18 | G118: =ENERO!G118+FEBRERO!G118+MARZO!G118 -> 4 | H118: =ENERO!H118+FEBRERO!H118+MARZO!H118 -> 2 | I118: =ENERO!I118+FEBRERO!I118+MARZO!I118 -> 0 | J118: =ENERO!J118+FEBRERO!J118+MARZO!J118 -> 0 | K118: =ENERO!K118+FEBRERO!K118+MARZO!K118 -> 0 | L118: =ENERO!L118+FEBRERO!L118+MARZO!L118 -> 0 | ... Z118: =ENERO!Z118+FEBRERO!Z118+MARZO!Z118 -> 0
C119: Encarnación | D119: =SUM(E119:Z119) -> 97 | E119: =ENERO!E119+FEBRERO!E119+MARZO!E119 -> 9 | F119: =ENERO!F119+FEBRERO!F119+MARZO!F119 -> 57 | G119: =ENERO!G119+FEBRERO!G119+MARZO!G119 -> 6 | H119: =ENERO!H119+FEBRERO!H119+MARZO!H119 -> 19 | I119: =ENERO!I119+FEBRERO!I119+MARZO!I119 -> 2 | J119: =ENERO!J119+FEBRERO!J119+MARZO!J119 -> 0 | K119: =ENERO!K119+FEBRERO!K119+MARZO!K119 -> 0 | L119: =ENERO!L119+FEBRERO!L119+MARZO!L119 -> 1 | ... Z119: =ENERO!Z119+FEBRERO!Z119+MARZO!Z119 -> 3
C120: Fram | D120: =SUM(E120:Z120) -> 24 | E120: =ENERO!E120+FEBRERO!E120+MARZO!E120 -> 3 | F120: =ENERO!F120+FEBRERO!F120+MARZO!F120 -> 21 | G120: =ENERO!G120+FEBRERO!G120+MARZO!G120 -> 0 | H120: =ENERO!H120+FEBRERO!H120+MARZO!H120 -> 0 | I120: =ENERO!I120+FEBRERO!I120+MARZO!I120 -> 0 | J120: =ENERO!J120+FEBRERO!J120+MARZO!J120 -> 0 | K120: =ENERO!K120+FEBRERO!K120+MARZO!K120 -> 0 | L120: =ENERO!L120+FEBRERO!L120+MARZO!L120 -> 0 | ... Z120: =ENERO!Z120+FEBRERO!Z120+MARZO!Z120 -> 0
C121: General Artigas | D121: =SUM(E121:Z121) -> 18 | E121: =ENERO!E121+FEBRERO!E121+MARZO!E121 -> 2 | F121: =ENERO!F121+FEBRERO!F121+MARZO!F121 -> 8 | G121: =ENERO!G121+FEBRERO!G121+MARZO!G121 -> 4 | H121: =ENERO!H121+FEBRERO!H121+MARZO!H121 -> 4 | I121: =ENERO!I121+FEBRERO!I121+MARZO!I121 -> 0 | J121: =ENERO!J121+FEBRERO!J121+MARZO!J121 -> 0 | K121: =ENERO!K121+FEBRERO!K121+MARZO!K121 -> 0 | L121: =ENERO!L121+FEBRERO!L121+MARZO!L121 -> 0 | ... Z121: =ENERO!Z121+FEBRERO!Z121+MARZO!Z121 -> 0
C122: General Delgado | D122: =SUM(E122:Z122) -> 13 | E122: =ENERO!E122+FEBRERO!E122+MARZO!E122 -> 3 | F122: =ENERO!F122+FEBRERO!F122+MARZO!F122 -> 6 | G122: =ENERO!G122+FEBRERO!G122+MARZO!G122 -> 4 | H122: =ENERO!H122+FEBRERO!H122+MARZO!H122 -> 0 | I122: =ENERO!I122+FEBRERO!I122+MARZO!I122 -> 0 | J122: =ENERO!J122+FEBRERO!J122+MARZO!J122 -> 0 | K122: =ENERO!K122+FEBRERO!K122+MARZO!K122 -> 0 | L122: =ENERO!L122+FEBRERO!L122+MARZO!L122 -> 0 | ... Z122: =ENERO!Z122+FEBRERO!Z122+MARZO!Z122 -> 0
... C139: Yatytay | D139: =SUM(E139:Z139) -> 8 | E139: =ENERO!E139+FEBRERO!E139+MARZO!E139 -> 1 | F139: =ENERO!F139+FEBRERO!F139+MARZO!F139 -> 4 | G139: =ENERO!G139+FEBRERO!G139+MARZO!G139 -> 0 | H139: =ENERO!H139+FEBRERO!H139+MARZO!H139 -> 3 | I139: =ENERO!I139+FEBRERO!I139+MARZO!I139 -> 0 | J139: =ENERO!J139+FEBRERO!J139+MARZO!J139 -> 0 | K139: =ENERO!K139+FEBRERO!K139+MARZO!K139 -> 0 | L139: =ENERO!L139+FEBRERO!L139+MARZO!L139 -> 0 | ... Z139: =ENERO!Z139+FEBRERO!Z139+MARZO!Z139 -> 0
A140: MISIONES | B140: =SUM(D140:D149) -> 286 | C140: Ayolas | D140: =SUM(E140:Z140) -> 155 | E140: =ENERO!E140+FEBRERO!E140+MARZO!E140 -> 18 | F140: =ENERO!F140+FEBRERO!F140+MARZO!F140 -> 135 | G140: =ENERO!G140+FEBRERO!G140+MARZO!G140 -> 0 | H140: =ENERO!H140+FEBRERO!H140+MARZO!H140 -> 1 | I140: =ENERO!I140+FEBRERO!I140+MARZO!I140 -> 0 | J140: =ENERO!J140+FEBRERO!J140+MARZO!J140 -> 0 | K140: =ENERO!K140+FEBRERO!K140+MARZO!K140 -> 0 | L140: =ENERO!L140+FEBRERO!L140+MARZO!L140 -> 0 | ... Z140: =ENERO!Z140+FEBRERO!Z140+MARZO!Z140 -> 0
C141: San Ignacio | D141: =SUM(E141:Z141) -> 14 | E141: =ENERO!E141+FEBRERO!E141+MARZO!E141 -> 3 | F141: =ENERO!F141+FEBRERO!F141+MARZO!F141 -> 4 | G141: =ENERO!G141+FEBRERO!G141+MARZO!G141 -> 3 | H141: =ENERO!H141+FEBRERO!H141+MARZO!H141 -> 2 | I141: =ENERO!I141+FEBRERO!I141+MARZO!I141 -> 2 | J141: =ENERO!J141+FEBRERO!J141+MARZO!J141 -> 0 | K141: =ENERO!K141+FEBRERO!K141+MARZO!K141 -> 0 | L141: =ENERO!L141+FEBRERO!L141+MARZO!L141 -> 0 | ... Z141: =ENERO!Z141+FEBRERO!Z141+MARZO!Z141 -> 0
...

Sheet ENERO
A1: MINISTERIO DEL AMBIENTE Y DESARROLLO SOSTENIBLE - ENERO
A2: INSTRUMENTOS DE GESTIÓN | E2: TOTALES
B3: CANTIDAD POR DEPARTAMENTO. | C3: DISTRITO | D3: CANTIDAD POR DISTRITO | E3: DESTINATARIOS
E4: Mujeres | F4: Hombres | G4: SRL | H4: SA | I4: LTDA | J4: Agentes de Actividad aduanera | K4: Sociedades Auditoras Externas | L4: Empresas Mixtas o Públicas | M4: Entidades sin fines de Lucro | N4: Inst. De Gobierno Departamental | O4: Inst. De Gobierno Municipal | P4: Patrimonio Autónomo (Fideicomisos) | Q4: Sociedades Emisoras de Capital Abierto | R4: Instituc. de Gobierno Nacional | S4: Sociedades Calificadoras de Riesgo | T4: Administradoras de Fondos Mutuos | U4: Inst. Educativas Basica y Media | V4: Establecimiento de Salud | W4: Consejos Regionales y Locales | X4: Organismos Internacionales | Y4: Comunidades Indígenas | Z4: No Especificado
A5: CAPITAL | B5: =D5 -> 390 | C5: Asunción | D5: =SUM(E5:Z5) -> 390 | E5: =[1]FISCALIZACIONES!E5+[1]CERTIFICADOS!E5+[1]REGISTROS!E5+[1]PERMISOS!E5+[1]LICENCIAS!E5 -> 60 | F5: =[1]FISCALIZACIONES!F5+[1]CERTIFICADOS!F5+[1]REGISTROS!F5+[1]PERMISOS!F5+[1]LICENCIAS!F5 -> 123 | G5: =[1]FISCALIZACIONES!G5+[1]CERTIFICADOS!G5+[1]REGISTROS!G5+[1]PERMISOS!G5+[1]LICENCIAS!G5 -> 68 | H5: =[1]FISCALIZACIONES!H5+[1]CERTIFICADOS!H5+[1]REGISTROS!H5+[1]PERMISOS!H5+[1]LICENCIAS!H5 -> 115 | I5: =[1]FISCALIZACIONES!I5+[1]CERTIFICADOS!I5+[1]REGISTROS!I5+[1]PERMISOS!I5+[1]LICENCIAS!I5 -> 20 | J5: =[1]FISCALIZACIONES!J5+[1]CERTIFICADOS!J5+[1]REGISTROS!J5+[1]PERMISOS!J5+[1]LICENCIAS!J5 -> 0 | K5: =[1]FISCALIZACIONES!K5+[1]CERTIFICADOS!K5+[1]REGISTROS!K5+[1]PERMISOS!K5+[1]LICENCIAS!K5 -> 0 | L5: =[1]FISCALIZACIONES!L5+[1]CERTIFICADOS!L5+[1]REGISTROS!L5+[1]PERMISOS!L5+[1]LICENCIAS!L5 -> 0 | ... Z5: =[1]FISCALIZACIONES!Z5+[1]CERTIFICADOS!Z5+[1]REGISTROS!Z5+[1]PERMISOS!Z5+[1]LICENCIAS!Z5 -> 4
A6: CONCEPCION | B6: =SUM(D6:D17) -> 47 | C6: Arroyito | D6: =SUM(E6:Z6) -> 5 | E6: =[1]FISCALIZACIONES!E6+[1]CERTIFICADOS!E6+[1]REGISTROS!E6+[1]PERMISOS!E6+[1]LICENCIAS!E6 -> 2 | F6: =[1]FISCALIZACIONES!F6+[1]CERTIFICADOS!F6+[1]REGISTROS!F6+[1]PERMISOS!F6+[1]LICENCIAS!F6 -> 1 | G6: =[1]FISCALIZACIONES!G6+[1]CERTIFICADOS!G6+[1]REGISTROS!G6+[1]PERMISOS!G6+[1]LICENCIAS!G6 -> 2 | H6: =[1]FISCALIZACIONES!H6+[1]CERTIFICADOS!H6+[1]REGISTROS!H6+[1]PERMISOS!H6+[1]LICENCIAS!H6 -> 0 | I6: =[1]FISCALIZACIONES!I6+[1]CERTIFICADOS!I6+[1]REGISTROS!I6+[1]PERMISOS!I6+[1]LICENCIAS!I6 -> 0 | J6: =[1]FISCALIZACIONES!J6+[1]CERTIFICADOS!J6+[1]REGISTROS!J6+[1]PERMISOS!J6+[1]LICENCIAS!J6 -> 0 | K6: =[1]FISCALIZACIONES!K6+[1]CERTIFICADOS!K6+[1]REGISTROS!K6+[1]PERMISOS!K6+[1]LICENCIAS!K6 -> 0 | L6: =[1]FISCALIZACIONES!L6+[1]CERTIFICADOS!L6+[1]REGISTROS!L6+[1]PERMISOS!L6+[1]LICENCIAS!L6 -> 0 | ... Z6: =[1]FISCALIZACIONES!Z6+[1]CERTIFICADOS!Z6+[1]REGISTROS!Z6+[1]PERMISOS!Z6+[1]LICENCIAS!Z6 -> 0
C7: Azotey | D7: =SUM(E7:Z7) -> 2 | E7: =[1]FISCALIZACIONES!E7+[1]CERTIFICADOS!E7+[1]REGISTROS!E7+[1]PERMISOS!E7+[1]LICENCIAS!E7 -> 0 | F7: =[1]FISCALIZACIONES!F7+[1]CERTIFICADOS!F7+[1]REGISTROS!F7+[1]PERMISOS!F7+[1]LICENCIAS!F7 -> 1 | G7: =[1]FISCALIZACIONES!G7+[1]CERTIFICADOS!G7+[1]REGISTROS!G7+[1]PERMISOS!G7+[1]LICENCIAS!G7 -> 0 | H7: =[1]FISCALIZACIONES!H7+[1]CERTIFICADOS!H7+[1]REGISTROS!H7+[1]PERMISOS!H7+[1]LICENCIAS!H7 -> 1 | I7: =[1]FISCALIZACIONES!I7+[1]CERTIFICADOS!I7+[1]REGISTROS!I7+[1]PERMISOS!I7+[1]LICENCIAS!I7 -> 0 | J7: =[1]FISCALIZACIONES!J7+[1]CERTIFICADOS!J7+[1]REGISTROS!J7+[1]PERMISOS!J7+[1]LICENCIAS!J7 -> 0 | K7: =[1]FISCALIZACIONES!K7+[1]CERTIFICADOS!K7+[1]REGISTROS!K7+[1]PERMISOS!K7+[1]LICENCIAS!K7 -> 0 | L7: =[1]FISCALIZACIONES!L7+[1]CERTIFICADOS!L7+[1]REGISTROS!L7+[1]PERMISOS!L7+[1]LICENCIAS!L7 -> 0 | ... Z7: =[1]FISCALIZACIONES!Z7+[1]CERTIFICADOS!Z7+[1]REGISTROS!Z7+[1]PERMISOS!Z7+[1]LICENCIAS!Z7 -> 0
C8: Belén | D8: =SUM(E8:Z8) -> 2 | E8: =[1]FISCALIZACIONES!E8+[1]CERTIFICADOS!E8+[1]REGISTROS!E8+[1]PERMISOS!E8+[1]LICENCIAS!E8 -> 1 | F8: =[1]FISCALIZACIONES!F8+[1]CERTIFICADOS!F8+[1]REGISTROS!F8+[1]PERMISOS!F8+[1]LICENCIAS!F8 -> 1 | G8: =[1]FISCALIZACIONES!G8+[1]CERTIFICADOS!G8+[1]REGISTROS!G8+[1]PERMISOS!G8+[1]LICENCIAS!G8 -> 0 | H8: =[1]FISCALIZACIONES!H8+[1]CERTIFICADOS!H8+[1]REGISTROS!H8+[1]PERMISOS!H8+[1]LICENCIAS!H8 -> 0 | I8: =[1]FISCALIZACIONES!I8+[1]CERTIFICADOS!I8+[1]REGISTROS!I8+[1]PERMISOS!I8+[1]LICENCIAS!I8 -> 0 | J8: =[1]FISCALIZACIONES!J8+[1]CERTIFICADOS!J8+[1]REGISTROS!J8+[1]PERMISOS!J8+[1]LICENCIAS!J8 -> 0 | K8: =[1]FISCALIZACIONES!K8+[1]CERTIFICADOS!K8+[1]REGISTROS!K8+[1]PERMISOS!K8+[1]LICENCIAS!K8 -> 0 | L8: =[1]FISCALIZACIONES!L8+[1]CERTIFICADOS!L8+[1]REGISTROS!L8+[1]PERMISOS!L8+[1]LICENCIAS!L8 -> 0 | ... Z8: =[1]FISCALIZACIONES!Z8+[1]CERTIFICADOS!Z8+[1]REGISTROS!Z8+[1]PERMISOS!Z8+[1]LICENCIAS!Z8 -> 0
C9: Concepción | D9: =SUM(E9:Z9) -> 13 | E9: =[1]FISCALIZACIONES!E9+[1]CERTIFICADOS!E9+[1]REGISTROS!E9+[1]PERMISOS!E9+[1]LICENCIAS!E9 -> 2 | F9: =[1]FISCALIZACIONES!F9+[1]CERTIFICADOS!F9+[1]REGISTROS!F9+[1]PERMISOS!F9+[1]LICENCIAS!F9 -> 3 | G9: =[1]FISCALIZACIONES!G9+[1]CERTIFICADOS!G9+[1]REGISTROS!G9+[1]PERMISOS!G9+[1]LICENCIAS!G9 -> 2 | H9: =[1]FISCALIZACIONES!H9+[1]CERTIFICADOS!H9+[1]REGISTROS!H9+[1]PERMISOS!H9+[1]LICENCIAS!H9 -> 6 | I9: =[1]FISCALIZACIONES!I9+[1]CERTIFICADOS!I9+[1]REGISTROS!I9+[1]PERMISOS!I9+[1]LICENCIAS!I9 -> 0 | J9: =[1]FISCALIZACIONES!J9+[1]CERTIFICADOS!J9+[1]REGISTROS!J9+[1]PERMISOS!J9+[1]LICENCIAS!J9 -> 0 | K9: =[1]FISCALIZACIONES!K9+[1]CERTIFICADOS!K9+[1]REGISTROS!K9+[1]PERMISOS!K9+[1]LICENCIAS!K9 -> 0 | L9: =[1]FISCALIZACIONES!L9+[1]CERTIFICADOS!L9+[1]REGISTROS!L9+[1]PERMISOS!L9+[1]LICENCIAS!L9 -> 0 | ... Z9: =[1]FISCALIZACIONES!Z9+[1]CERTIFICADOS!Z9+[1]REGISTROS!Z9+[1]PERMISOS!Z9+[1]LICENCIAS!Z9 -> 0
C10: Horqueta | D10: =SUM(E10:Z10) -> 3 | E10: =[1]FISCALIZACIONES!E10+[1]CERTIFICADOS!E10+[1]REGISTROS!E10+[1]PERMISOS!E10+[1]LICENCIAS!E10 -> 1 | F10: =[1]FISCALIZACIONES!F10+[1]CERTIFICADOS!F10+[1]REGISTROS!F10+[1]PERMISOS!F10+[1]LICENCIAS!F10 -> 2 | G10: =[1]FISCALIZACIONES!G10+[1]CERTIFICADOS!G10+[1]REGISTROS!G10+[1]PERMISOS!G10+[1]LICENCIAS!G10 -> 0 | H10: =[1]FISCALIZACIONES!H10+[1]CERTIFICADOS!H10+[1]REGISTROS!H10+[1]PERMISOS!H10+[1]LICENCIAS!H10 -> 0 | I10: =[1]FISCALIZACIONES!I10+[1]CERTIFICADOS!I10+[1]REGISTROS!I10+[1]PERMISOS!I10+[1]LICENCIAS!I10 -> 0 | J10: =[1]FISCALIZACIONES!J10+[1]CERTIFICADOS!J10+[1]REGISTROS!J10+[1]PERMISOS!J10+[1]LICENCIAS!J10 -> 0 | K10: =[1]FISCALIZACIONES!K10+[1]CERTIFICADOS!K10+[1]REGISTROS!K10+[1]PERMISOS!K10+[1]LICENCIAS!K10 -> 0 | L10: =[1]FISCALIZACIONES!L10+[1]CERTIFICADOS!L10+[1]REGISTROS!L10+[1]PERMISOS!L10+[1]LICENCIAS!L10 -> 0 | ... Z10: =[1]FISCALIZACIONES!Z10+[1]CERTIFICADOS!Z10+[1]REGISTROS!Z10+[1]PERMISOS!Z10+[1]LICENCIAS!Z10 -> 0
C11: Loreto | D11: =SUM(E11:Z11) -> 4 | E11: =[1]FISCALIZACIONES!E11+[1]CERTIFICADOS!E11+[1]REGISTROS!E11+[1]PERMISOS!E11+[1]LICENCIAS!E11 -> 1 | F11: =[1]FISCALIZACIONES!F11+[1]CERTIFICADOS!F11+[1]REGISTROS!F11+[1]PERMISOS!F11+[1]LICENCIAS!F11 -> 1 | G11: =[1]FISCALIZACIONES!G11+[1]CERTIFICADOS!G11+[1]REGISTROS!G11+[1]PERMISOS!G11+[1]LICENCIAS!G11 -> 2 | H11: =[1]FISCALIZACIONES!H11+[1]CERTIFICADOS!H11+[1]REGISTROS!H11+[1]PERMISOS!H11+[1]LICENCIAS!H11 -> 0 | I11: =[1]FISCALIZACIONES!I11+[1]CERTIFICADOS!I11+[1]REGISTROS!I11+[1]PERMISOS!I11+[1]LICENCIAS!I11 -> 0 | J11: =[1]FISCALIZACIONES!J11+[1]CERTIFICADOS!J11+[1]REGISTROS!J11+[1]PERMISOS!J11+[1]LICENCIAS!J11 -> 0 | K11: =[1]FISCALIZACIONES!K11+[1]CERTIFICADOS!K11+[1]REGISTROS!K11+[1]PERMISOS!K11+[1]LICENCIAS!K11 -> 0 | L11: =[1]FISCALIZACIONES!L11+[1]CERTIFICADOS!L11+[1]REGISTROS!L11+[1]PERMISOS!L11+[1]LICENCIAS!L11 -> 0 | ... Z11: =[1]FISCALIZACIONES!Z11+[1]CERTIFICADOS!Z11+[1]REGISTROS!Z11+[1]PERMISOS!Z11+[1]LICENCIAS!Z11 -> 0
C12: San Carlos del Apa | D12: =SUM(E12:Z12) -> 3 | E12: =[1]FISCALIZACIONES!E12+[1]CERTIFICADOS!E12+[1]REGISTROS!E12+[1]PERMISOS!E12+[1]LICENCIAS!E12 -> 1 | F12: =[1]FISCALIZACIONES!F12+[1]CERTIFICADOS!F12+[1]REGISTROS!F12+[1]PERMISOS!F12+[1]LICENCIAS!F12 -> 1 | G12: =[1]FISCALIZACIONES!G12+[1]CERTIFICADOS!G12+[1]REGISTROS!G12+[1]PERMISOS!G12+[1]LICENCIAS!G12 -> 0 | H12: =[1]FISCALIZACIONES!H12+[1]CERTIFICADOS!H12+[1]REGISTROS!H12+[1]PERMISOS!H12+[1]LICENCIAS!H12 -> 1 | I12: =[1]FISCALIZACIONES!I12+[1]CERTIFICADOS!I12+[1]REGISTROS!I12+[1]PERMISOS!I12+[1]LICENCIAS!I12 -> 0 | J12: =[1]FISCALIZACIONES!J12+[1]CERTIFICADOS!J12+[1]REGISTROS!J12+[1]PERMISOS!J12+[1]LICENCIAS!J12 -> 0 | K12: =[1]FISCALIZACIONES!K12+[1]CERTIFICADOS!K12+[1]REGISTROS!K12+[1]PERMISOS!K12+[1]LICENCIAS!K12 -> 0 | L12: =[1]FISCALIZACIONES!L12+[1]CERTIFICADOS!L12+[1]REGISTROS!L12+[1]PERMISOS!L12+[1]LICENCIAS!L12 -> 0 | ... Z12: =[1]FISCALIZACIONES!Z12+[1]CERTIFICADOS!Z12+[1]REGISTROS!Z12+[1]PERMISOS!Z12+[1]LICENCIAS!Z12 -> 0
C13: San Lázaro | D13: =SUM(E13:Z13) -> 3 | E13: =[1]FISCALIZACIONES!E13+[1]CERTIFICADOS!E13+[1]REGISTROS!E13+[1]PERMISOS!E13+[1]LICENCIAS!E13 -> 0 | F13: =[1]FISCALIZACIONES!F13+[1]CERTIFICADOS!F13+[1]REGISTROS!F13+[1]PERMISOS!F13+[1]LICENCIAS!F13 -> 2 | G13: =[1]FISCALIZACIONES!G13+[1]CERTIFICADOS!G13+[1]REGISTROS!G13+[1]PERMISOS!G13+[1]LICENCIAS!G13 -> 1 | H13: =[1]FISCALIZACIONES!H13+[1]CERTIFICADOS!H13+[1]REGISTROS!H13+[1]PERMISOS!H13+[1]LICENCIAS!H13 -> 0 | I13: =[1]FISCALIZACIONES!I13+[1]CERTIFICADOS!I13+[1]REGISTROS!I13+[1]PERMISOS!I13+[1]LICENCIAS!I13 -> 0 | J13: =[1]FISCALIZACIONES!J13+[1]CERTIFICADOS!J13+[1]REGISTROS!J13+[1]PERMISOS!J13+[1]LICENCIAS!J13 -> 0 | K13: =[1]FISCALIZACIONES!K13+[1]CERTIFICADOS!K13+[1]REGISTROS!K13+[1]PERMISOS!K13+[1]LICENCIAS!K13 -> 0 | L13: =[1]FISCALIZACIONES!L13+[1]CERTIFICADOS!L13+[1]REGISTROS!L13+[1]PERMISOS!L13+[1]LICENCIAS!L13 -> 0 | ... Z13: =[1]FISCALIZACIONES!Z13+[1]CERTIFICADOS!Z13+[1]REGISTROS!Z13+[1]PERMISOS!Z13+[1]LICENCIAS!Z13 -> 0
C14: Yby Yaú | D14: =SUM(E14:Z14) -> 3 | E14: =[1]FISCALIZACIONES!E14+[1]CERTIFICADOS!E14+[1]REGISTROS!E14+[1]PERMISOS!E14+[1]LICENCIAS!E14 -> 1 | F14: =[1]FISCALIZACIONES!F14+[1]CERTIFICADOS!F14+[1]REGISTROS!F14+[1]PERMISOS!F14+[1]LICENCIAS!F14 -> 1 | G14: =[1]FISCALIZACIONES!G14+[1]CERTIFICADOS!G14+[1]REGISTROS!G14+[1]PERMISOS!G14+[1]LICENCIAS!G14 -> 1 | H14: =[1]FISCALIZACIONES!H14+[1]CERTIFICADOS!H14+[1]REGISTROS!H14+[1]PERMISOS!H14+[1]LICENCIAS!H14 -> 0 | I14: =[1]FISCALIZACIONES!I14+[1]CERTIFICADOS!I14+[1]REGISTROS!I14+[1]PERMISOS!I14+[1]LICENCIAS!I14 -> 0 | J14: =[1]FISCALIZACIONES!J14+[1]CERTIFICADOS!J14+[1]REGISTROS!J14+[1]PERMISOS!J14+[1]LICENCIAS!J14 -> 0 | K14: =[1]FISCALIZACIONES!K14+[1]CERTIFICADOS!K14+[1]REGISTROS!K14+[1]PERMISOS!K14+[1]LICENCIAS!K14 -> 0 | L14: =[1]FISCALIZACIONES!L14+[1]CERTIFICADOS!L14+[1]REGISTROS!L14+[1]PERMISOS!L14+[1]LICENCIAS!L14 -> 0 | ... Z14: =[1]FISCALIZACIONES!Z14+[1]CERTIFICADOS!Z14+[1]REGISTROS!Z14+[1]PERMISOS!Z14+[1]LICENCIAS!Z14 -> 0
C15: Sargento José Félix López | D15: =SUM(E15:Z15) -> 5 | E15: =[1]FISCALIZACIONES!E15+[1]CERTIFICADOS!E15+[1]REGISTROS!E15+[1]PERMISOS!E15+[1]LICENCIAS!E15 -> 1 | F15: =[1]FISCALIZACIONES!F15+[1]CERTIFICADOS!F15+[1]REGISTROS!F15+[1]PERMISOS!F15+[1]LICENCIAS!F15 -> 1 | G15: =[1]FISCALIZACIONES!G15+[1]CERTIFICADOS!G15+[1]REGISTROS!G15+[1]PERMISOS!G15+[1]LICENCIAS!G15 -> 2 | H15: =[1]FISCALIZACIONES!H15+[1]CERTIFICADOS!H15+[1]REGISTROS!H15+[1]PERMISOS!H15+[1]LICENCIAS!H15 -> 1 | I15: =[1]FISCALIZACIONES!I15+[1]CERTIFICADOS!I15+[1]REGISTROS!I15+[1]PERMISOS!I15+[1]LICENCIAS!I15 -> 0 | J15: =[1]FISCALIZACIONES!J15+[1]CERTIFICADOS!J15+[1]REGISTROS!J15+[1]PERMISOS!J15+[1]LICENCIAS!J15 -> 0 | K15: =[1]FISCALIZACIONES!K15+[1]CERTIFICADOS!K15+[1]REGISTROS!K15+[1]PERMISOS!K15+[1]LICENCIAS!K15 -> 0 | L15: =[1]FISCALIZACIONES!L15+[1]CERTIFICADOS!L15+[1]REGISTROS!L15+[1]PERMISOS!L15+[1]LICENCIAS!L15 -> 0 | ... Z15: =[1]FISCALIZACIONES!Z15+[1]CERTIFICADOS!Z15+[1]REGISTROS!Z15+[1]PERMISOS!Z15+[1]LICENCIAS!Z15 -> 0
C16: San Alfredo | D16: =SUM(E16:Z16) -> 3 | E16: =[1]FISCALIZACIONES!E16+[1]CERTIFICADOS!E16+[1]REGISTROS!E16+[1]PERMISOS!E16+[1]LICENCIAS!E16 -> 2 | F16: =[1]FISCALIZACIONES!F16+[1]CERTIFICADOS!F16+[1]REGISTROS!F16+[1]PERMISOS!F16+[1]LICENCIAS!F16 -> 1 | G16: =[1]FISCALIZACIONES!G16+[1]CERTIFICADOS!G16+[1]REGISTROS!G16+[1]PERMISOS!G16+[1]LICENCIAS!G16 -> 0 | H16: =[1]FISCALIZACIONES!H16+[1]CERTIFICADOS!H16+[1]REGISTROS!H16+[1]PERMISOS!H16+[1]LICENCIAS!H16 -> 0 | I16: =[1]FISCALIZACIONES!I16+[1]CERTIFICADOS!I16+[1]REGISTROS!I16+[1]PERMISOS!I16+[1]LICENCIAS!I16 -> 0 | J16: =[1]FISCALIZACIONES!J16+[1]CERTIFICADOS!J16+[1]REGISTROS!J16+[1]PERMISOS!J16+[1]LICENCIAS!J16 -> 0 | K16: =[1]FISCALIZACIONES!K16+[1]CERTIFICADOS!K16+[1]REGISTROS!K16+[1]PERMISOS!K16+[1]LICENCIAS!K16 -> 0 | L16: =[1]FISCALIZACIONES!L16+[1]CERTIFICADOS!L16+[1]REGISTROS!L16+[1]PERMISOS!L16+[1]LICENCIAS!L16 -> 0 | ... Z16: =[1]FISCALIZACIONES!Z16+[1]CERTIFICADOS!Z16+[1]REGISTROS!Z16+[1]PERMISOS!Z16+[1]LICENCIAS!Z16 -> 0
C17: Paso Barreto | D17: =SUM(E17:Z17) -> 1 | E17: =[1]FISCALIZACIONES!E17+[1]CERTIFICADOS!E17+[1]REGISTROS!E17+[1]PERMISOS!E17+[1]LICENCIAS!E17 -> 0 | F17: =[1]FISCALIZACIONES!F17+[1]CERTIFICADOS!F17+[1]REGISTROS!F17+[1]PERMISOS!F17+[1]LICENCIAS!F17 -> 0 | G17: =[1]FISCALIZACIONES!G17+[1]CERTIFICADOS!G17+[1]REGISTROS!G17+[1]PERMISOS!G17+[1]LICENCIAS!G17 -> 1 | H17: =[1]FISCALIZACIONES!H17+[1]CERTIFICADOS!H17+[1]REGISTROS!H17+[1]PERMISOS!H17+[1]LICENCIAS!H17 -> 0 | I17: =[1]FISCALIZACIONES!I17+[1]CERTIFICADOS!I17+[1]REGISTROS!I17+[1]PERMISOS!I17+[1]LICENCIAS!I17 -> 0 | J17: =[1]FISCALIZACIONES!J17+[1]CERTIFICADOS!J17+[1]REGISTROS!J17+[1]PERMISOS!J17+[1]LICENCIAS!J17 -> 0 | K17: =[1]FISCALIZACIONES!K17+[1]CERTIFICADOS!K17+[1]REGISTROS!K17+[1]PERMISOS!K17+[1]LICENCIAS!K17 -> 0 | L17: =[1]FISCALIZACIONES!L17+[1]CERTIFICADOS!L17+[1]REGISTROS!L17+[1]PERMISOS!L17+[1]LICENCIAS!L17 -> 0 | ... Z17: =[1]FISCALIZACIONES!Z17+[1]CERTIFICADOS!Z17+[1]REGISTROS!Z17+[1]PERMISOS!Z17+[1]LICENCIAS!Z17 -> 0
A18: SAN PEDRO | B18: =SUM(D18:D38) -> 63 | C18: Antequera | D18: =SUM(E18:Z18) -> 4 | E18: =[1]FISCALIZACIONES!E18+[1]CERTIFICADOS!E18+[1]REGISTROS!E18+[1]PERMISOS!E18+[1]LICENCIAS!E18 -> 0 | F18: =[1]FISCALIZACIONES!F18+[1]CERTIFICADOS!F18+[1]REGISTROS!F18+[1]PERMISOS!F18+[1]LICENCIAS!F18 -> 1 | G18: =[1]FISCALIZACIONES!G18+[1]CERTIFICADOS!G18+[1]REGISTROS!G18+[1]PERMISOS!G18+[1]LICENCIAS!G18 -> 2 | H18: =[1]FISCALIZACIONES!H18+[1]CERTIFICADOS!H18+[1]REGISTROS!H18+[1]PERMISOS!H18+[1]LICENCIAS!H18 -> 1 | I18: =[1]FISCALIZACIONES!I18+[1]CERTIFICADOS!I18+[1]REGISTROS!I18+[1]PERMISOS!I18+[1]LICENCIAS!I18 -> 0 | J18: =[1]FISCALIZACIONES!J18+[1]CERTIFICADOS!J18+[1]REGISTROS!J18+[1]PERMISOS!J18+[1]LICENCIAS!J18 -> 0 | K18: =[1]FISCALIZACIONES!K18+[1]CERTIFICADOS!K18+[1]REGISTROS!K18+[1]PERMISOS!K18+[1]LICENCIAS!K18 -> 0 | L18: =[1]FISCALIZACIONES!L18+[1]CERTIFICADOS!L18+[1]REGISTROS!L18+[1]PERMISOS!L18+[1]LICENCIAS!L18 -> 0 | ... Z18: =[1]FISCALIZACIONES!Z18+[1]CERTIFICADOS!Z18+[1]REGISTROS!Z18+[1]PERMISOS!Z18+[1]LICENCIAS!Z18 -> 0
C19: Capiibary | D19: =SUM(E19:Z19) -> 0 | E19: =[1]FISCALIZACIONES!E19+[1]CERTIFICADOS!E19+[1]REGISTROS!E19+[1]PERMISOS!E19+[1]LICENCIAS!E19 -> 0 | F19: =[1]FISCALIZACIONES!F19+[1]CERTIFICADOS!F19+[1]REGISTROS!F19+[1]PERMISOS!F19+[1]LICENCIAS!F19 -> 0 | G19: =[1]FISCALIZACIONES!G19+[1]CERTIFICADOS!G19+[1]REGISTROS!G19+[1]PERMISOS!G19+[1]LICENCIAS!G19 -> 0 | H19: =[1]FISCALIZACIONES!H19+[1]CERTIFICADOS!H19+[1]REGISTROS!H19+[1]PERMISOS!H19+[1]LICENCIAS!H19 -> 0 | I19: =[1]FISCALIZACIONES!I19+[1]CERTIFICADOS!I19+[1]REGISTROS!I19+[1]PERMISOS!I19+[1]LICENCIAS!I19 -> 0 | J19: =[1]FISCALIZACIONES!J19+[1]CERTIFICADOS!J19+[1]REGISTROS!J19+[1]PERMISOS!J19+[1]LICENCIAS!J19 -> 0 | K19: =[1]FISCALIZACIONES!K19+[1]CERTIFICADOS!K19+[1]REGISTROS!K19+[1]PERMISOS!K19+[1]LICENCIAS!K19 -> 0 | L19: =[1]FISCALIZACIONES!L19+[1]CERTIFICADOS!L19+[1]REGISTROS!L19+[1]PERMISOS!L19+[1]LICENCIAS!L19 -> 0 | ... Z19: =[1]FISCALIZACIONES!Z19+[1]CERTIFICADOS!Z19+[1]REGISTROS!Z19+[1]PERMISOS!Z19+[1]LICENCIAS!Z19 -> 0
C20: Choré | D20: =SUM(E20:Z20) -> 5 | E20: =[1]FISCALIZACIONES!E20+[1]CERTIFICADOS!E20+[1]REGISTROS!E20+[1]PERMISOS!E20+[1]LICENCIAS!E20 -> 1 | F20: =[1]FISCALIZACIONES!F20+[1]CERTIFICADOS!F20+[1]REGISTROS!F20+[1]PERMISOS!F20+[1]LICENCIAS!F20 -> 2 | G20: =[1]FISCALIZACIONES!G20+[1]CERTIFICADOS!G20+[1]REGISTROS!G20+[1]PERMISOS!G20+[1]LICENCIAS!G20 -> 1 | H20: =[1]FISCALIZACIONES!H20+[1]CERTIFICADOS!H20+[1]REGISTROS!H20+[1]PERMISOS!H20+[1]LICENCIAS!H20 -> 1 | I20: =[1]FISCALIZACIONES!I20+[1]CERTIFICADOS!I20+[1]REGISTROS!I20+[1]PERMISOS!I20+[1]LICENCIAS!I20 -> 0 | J20: =[1]FISCALIZACIONES!J20+[1]CERTIFICADOS!J20+[1]REGISTROS!J20+[1]PERMISOS!J20+[1]LICENCIAS!J20 -> 0 | K20: =[1]FISCALIZACIONES!K20+[1]CERTIFICADOS!K20+[1]REGISTROS!K20+[1]PERMISOS!K20+[1]LICENCIAS!K20 -> 0 | L20: =[1]FISCALIZACIONES!L20+[1]CERTIFICADOS!L20+[1]REGISTROS!L20+[1]PERMISOS!L20+[1]LICENCIAS!L20 -> 0 | ... Z20: =[1]FISCALIZACIONES!Z20+[1]CERTIFICADOS!Z20+[1]REGISTROS!Z20+[1]PERMISOS!Z20+[1]LICENCIAS!Z20 -> 0
C21: General Elizardo Aquino | D21: =SUM(E21:Z21) -> 1 | E21: =[1]FISCALIZACIONES!E21+[1]CERTIFICADOS!E21+[1]REGISTROS!E21+[1]PERMISOS!E21+[1]LICENCIAS!E21 -> 0 | F21: =[1]FISCALIZACIONES!F21+[1]CERTIFICADOS!F21+[1]REGISTROS!F21+[1]PERMISOS!F21+[1]LICENCIAS!F21 -> 1 | G21: =[1]FISCALIZACIONES!G21+[1]CERTIFICADOS!G21+[1]REGISTROS!G21+[1]PERMISOS!G21+[1]LICENCIAS!G21 -> 0 | H21: =[1]FISCALIZACIONES!H21+[1]CERTIFICADOS!H21+[1]REGISTROS!H21+[1]PERMISOS!H21+[1]LICENCIAS!H21 -> 0 | I21: =[1]FISCALIZACIONES!I21+[1]CERTIFICADOS!I21+[1]REGISTROS!I21+[1]PERMISOS!I21+[1]LICENCIAS!I21 -> 0 | J21: =[1]FISCALIZACIONES!J21+[1]CERTIFICADOS!J21+[1]REGISTROS!J21+[1]PERMISOS!J21+[1]LICENCIAS!J21 -> 0 | K21: =[1]FISCALIZACIONES!K21+[1]CERTIFICADOS!K21+[1]REGISTROS!K21+[1]PERMISOS!K21+[1]LICENCIAS!K21 -> 0 | L21: =[1]FISCALIZACIONES!L21+[1]CERTIFICADOS!L21+[1]REGISTROS!L21+[1]PERMISOS!L21+[1]LICENCIAS!L21 -> 0 | ... Z21: =[1]FISCALIZACIONES!Z21+[1]CERTIFICADOS!Z21+[1]REGISTROS!Z21+[1]PERMISOS!Z21+[1]LICENCIAS!Z21 -> 0
C22: General Isidoro Resquín | D22: =SUM(E22:Z22) -> 4 | E22: =[1]FISCALIZACIONES!E22+[1]CERTIFICADOS!E22+[1]REGISTROS!E22+[1]PERMISOS!E22+[1]LICENCIAS!E22 -> 0 | F22: =[1]FISCALIZACIONES!F22+[1]CERTIFICADOS!F22+[1]REGISTROS!F22+[1]PERMISOS!F22+[1]LICENCIAS!F22 -> 1 | G22: =[1]FISCALIZACIONES!G22+[1]CERTIFICADOS!G22+[1]REGISTROS!G22+[1]PERMISOS!G22+[1]LICENCIAS!G22 -> 0 | H22: =[1]FISCALIZACIONES!H22+[1]CERTIFICADOS!H22+[1]REGISTROS!H22+[1]PERMISOS!H22+[1]LICENCIAS!H22 -> 3 | I22: =[1]FISCALIZACIONES!I22+[1]CERTIFICADOS!I22+[1]REGISTROS!I22+[1]PERMISOS!I22+[1]LICENCIAS!I22 -> 0 | J22: =[1]FISCALIZACIONES!J22+[1]CERTIFICADOS!J22+[1]REGISTROS!J22+[1]PERMISOS!J22+[1]LICENCIAS!J22 -> 0 | K22: =[1]FISCALIZACIONES!K22+[1]CERTIFICADOS!K22+[1]REGISTROS!K22+[1]PERMISOS!K22+[1]LICENCIAS!K22 -> 0 | L22: =[1]FISCALIZACIONES!L22+[1]CERTIFICADOS!L22+[1]REGISTROS!L22+[1]PERMISOS!L22+[1]LICENCIAS!L22 -> 0 | ... Z22: =[1]FISCALIZACIONES!Z22+[1]CERTIFICADOS!Z22+[1]REGISTROS!Z22+[1]PERMISOS!Z22+[1]LICENCIAS!Z22 -> 0
C23: Guayaibí | D23: =SUM(E23:Z23) -> 2 | E23: =[1]FISCALIZACIONES!E23+[1]CERTIFICADOS!E23+[1]REGISTROS!E23+[1]PERMISOS!E23+[1]LICENCIAS!E23 -> 0 | F23: =[1]FISCALIZACIONES!F23+[1]CERTIFICADOS!F23+[1]REGISTROS!F23+[1]PERMISOS!F23+[1]LICENCIAS!F23 -> 0 | G23: =[1]FISCALIZACIONES!G23+[1]CERTIFICADOS!G23+[1]REGISTROS!G23+[1]PERMISOS!G23+[1]LICENCIAS!G23 -> 1 | H23: =[1]FISCALIZACIONES!H23+[1]CERTIFICADOS!H23+[1]REGISTROS!H23+[1]PERMISOS!H23+[1]LICENCIAS!H23 -> 1 | I23: =[1]FISCALIZACIONES!I23+[1]CERTIFICADOS!I23+[1]REGISTROS!I23+[1]PERMISOS!I23+[1]LICENCIAS!I23 -> 0 | J23: =[1]FISCALIZACIONES!J23+[1]CERTIFICADOS!J23+[1]REGISTROS!J23+[1]PERMISOS!J23+[1]LICENCIAS!J23 -> 0 | K23: =[1]FISCALIZACIONES!K23+[1]CERTIFICADOS!K23+[1]REGISTROS!K23+[1]PERMISOS!K23+[1]LICENCIAS!K23 -> 0 | L23: =[1]FISCALIZACIONES!L23+[1]CERTIFICADOS!L23+[1]REGISTROS!L23+[1]PERMISOS!L23+[1]LICENCIAS!L23 -> 0 | ... Z23: =[1]FISCALIZACIONES!Z23+[1]CERTIFICADOS!Z23+[1]REGISTROS!Z23+[1]PERMISOS!Z23+[1]LICENCIAS!Z23 -> 0
C24: Itacurubí del Rosario | D24: =SUM(E24:Z24) -> 3 | E24: =[1]FISCALIZACIONES!E24+[1]CERTIFICADOS!E24+[1]REGISTROS!E24+[1]PERMISOS!E24+[1]LICENCIAS!E24 -> 1 | F24: =[1]FISCALIZACIONES!F24+[1]CERTIFICADOS!F24+[1]REGISTROS!F24+[1]PERMISOS!F24+[1]LICENCIAS!F24 -> 2 | G24: =[1]FISCALIZACIONES!G24+[1]CERTIFICADOS!G24+[1]REGISTROS!G24+[1]PERMISOS!G24+[1]LICENCIAS!G24 -> 0 | H24: =[1]FISCALIZACIONES!H24+[1]CERTIFICADOS!H24+[1]REGISTROS!H24+[1]PERMISOS!H24+[1]LICENCIAS!H24 -> 0 | I24: =[1]FISCALIZACIONES!I24+[1]CERTIFICADOS!I24+[1]REGISTROS!I24+[1]PERMISOS!I24+[1]LICENCIAS!I24 -> 0 | J24: =[1]FISCALIZACIONES!J24+[1]CERTIFICADOS!J24+[1]REGISTROS!J24+[1]PERMISOS!J24+[1]LICENCIAS!J24 -> 0 | K24: =[1]FISCALIZACIONES!K24+[1]CERTIFICADOS!K24+[1]REGISTROS!K24+[1]PERMISOS!K24+[1]LICENCIAS!K24 -> 0 | L24: =[1]FISCALIZACIONES!L24+[1]CERTIFICADOS!L24+[1]REGISTROS!L24+[1]PERMISOS!L24+[1]LICENCIAS!L24 -> 0 | ... Z24: =[1]FISCALIZACIONES!Z24+[1]CERTIFICADOS!Z24+[1]REGISTROS!Z24+[1]PERMISOS!Z24+[1]LICENCIAS!Z24 -> 0
C25: Liberación | D25: =SUM(E25:Z25) -> 0 | E25: =[1]FISCALIZACIONES!E25+[1]CERTIFICADOS!E25+[1]REGISTROS!E25+[1]PERMISOS!E25+[1]LICENCIAS!E25 -> 0 | F25: =[1]FISCALIZACIONES!F25+[1]CERTIFICADOS!F25+[1]REGISTROS!F25+[1]PERMISOS!F25+[1]LICENCIAS!F25 -> 0 | G25: =[1]FISCALIZACIONES!G25+[1]CERTIFICADOS!G25+[1]REGISTROS!G25+[1]PERMISOS!G25+[1]LICENCIAS!G25 -> 0 | H25: =[1]FISCALIZACIONES!H25+[1]CERTIFICADOS!H25+[1]REGISTROS!H25+[1]PERMISOS!H25+[1]LICENCIAS!H25 -> 0 | I25: =[1]FISCALIZACIONES!I25+[1]CERTIFICADOS!I25+[1]REGISTROS!I25+[1]PERMISOS!I25+[1]LICENCIAS!I25 -> 0 | J25: =[1]FISCALIZACIONES!J25+[1]CERTIFICADOS!J25+[1]REGISTROS!J25+[1]PERMISOS!J25+[1]LICENCIAS!J25 -> 0 | K25: =[1]FISCALIZACIONES!K25+[1]CERTIFICADOS!K25+[1]REGISTROS!K25+[1]PERMISOS!K25+[1]LICENCIAS!K25 -> 0 | L25: =[1]FISCALIZACIONES!L25+[1]CERTIFICADOS!L25+[1]REGISTROS!L25+[1]PERMISOS!L25+[1]LICENCIAS!L25 -> 0 | ... Z25: =[1]FISCALIZACIONES!Z25+[1]CERTIFICADOS!Z25+[1]REGISTROS!Z25+[1]PERMISOS!Z25+[1]LICENCIAS!Z25 -> 0
C26: Lima | D26: =SUM(E26:Z26) -> 4 | E26: =[1]FISCALIZACIONES!E26+[1]CERTIFICADOS!E26+[1]REGISTROS!E26+[1]PERMISOS!E26+[1]LICENCIAS!E26 -> 0 | F26: =[1]FISCALIZACIONES!F26+[1]CERTIFICADOS!F26+[1]REGISTROS!F26+[1]PERMISOS!F26+[1]LICENCIAS!F26 -> 2 | G26: =[1]FISCALIZACIONES!G26+[1]CERTIFICADOS!G26+[1]REGISTROS!G26+[1]PERMISOS!G26+[1]LICENCIAS!G26 -> 1 | H26: =[1]FISCALIZACIONES!H26+[1]CERTIFICADOS!H26+[1]REGISTROS!H26+[1]PERMISOS!H26+[1]LICENCIAS!H26 -> 1 | I26: =[1]FISCALIZACIONES!I26+[1]CERTIFICADOS!I26+[1]REGISTROS!I26+[1]PERMISOS!I26+[1]LICENCIAS!I26 -> 0 | J26: =[1]FISCALIZACIONES!J26+[1]CERTIFICADOS!J26+[1]REGISTROS!J26+[1]PERMISOS!J26+[1]LICENCIAS!J26 -> 0 | K26: =[1]FISCALIZACIONES!K26+[1]CERTIFICADOS!K26+[1]REGISTROS!K26+[1]PERMISOS!K26+[1]LICENCIAS!K26 -> 0 | L26: =[1]FISCALIZACIONES!L26+[1]CERTIFICADOS!L26+[1]REGISTROS!L26+[1]PERMISOS!L26+[1]LICENCIAS!L26 -> 0 | ... Z26: =[1]FISCALIZACIONES!Z26+[1]CERTIFICADOS!Z26+[1]REGISTROS!Z26+[1]PERMISOS!Z26+[1]LICENCIAS!Z26 -> 0
C27: Nueva Germania | D27: =SUM(E27:Z27) -> 2 | E27: =[1]FISCALIZACIONES!E27+[1]CERTIFICADOS!E27+[1]REGISTROS!E27+[1]PERMISOS!E27+[1]LICENCIAS!E27 -> 1 | F27: =[1]FISCALIZACIONES!F27+[1]CERTIFICADOS!F27+[1]REGISTROS!F27+[1]PERMISOS!F27+[1]LICENCIAS!F27 -> 0 | G27: =[1]FISCALIZACIONES!G27+[1]CERTIFICADOS!G27+[1]REGISTROS!G27+[1]PERMISOS!G27+[1]LICENCIAS!G27 -> 0 | H27: =[1]FISCALIZACIONES!H27+[1]CERTIFICADOS!H27+[1]REGISTROS!H27+[1]PERMISOS!H27+[1]LICENCIAS!H27 -> 1 | I27: =[1]FISCALIZACIONES!I27+[1]CERTIFICADOS!I27+[1]REGISTROS!I27+[1]PERMISOS!I27+[1]LICENCIAS!I27 -> 0 | J27: =[1]FISCALIZACIONES!J27+[1]CERTIFICADOS!J27+[1]REGISTROS!J27+[1]PERMISOS!J27+[1]LICENCIAS!J27 -> 0 | K27: =[1]FISCALIZACIONES!K27+[1]CERTIFICADOS!K27+[1]REGISTROS!K27+[1]PERMISOS!K27+[1]LICENCIAS!K27 -> 0 | L27: =[1]FISCALIZACIONES!L27+[1]CERTIFICADOS!L27+[1]REGISTROS!L27+[1]PERMISOS!L27+[1]LICENCIAS!L27 -> 0 | ... Z27: =[1]FISCALIZACIONES!Z27+[1]CERTIFICADOS!Z27+[1]REGISTROS!Z27+[1]PERMISOS!Z27+[1]LICENCIAS!Z27 -> 0
C28: San Estanislao | D28: =SUM(E28:Z28) -> 6 | E28: =[1]FISCALIZACIONES!E28+[1]CERTIFICADOS!E28+[1]REGISTROS!E28+[1]PERMISOS!E28+[1]LICENCIAS!E28 -> 0 | F28: =[1]FISCALIZACIONES!F28+[1]CERTIFICADOS!F28+[1]REGISTROS!F28+[1]PERMISOS!F28+[1]LICENCIAS!F28 -> 3 | G28: =[1]FISCALIZACIONES!G28+[1]CERTIFICADOS!G28+[1]REGISTROS!G28+[1]PERMISOS!G28+[1]LICENCIAS!G28 -> 0 | H28: =[1]FISCALIZACIONES!H28+[1]CERTIFICADOS!H28+[1]REGISTROS!H28+[1]PERMISOS!H28+[1]LICENCIAS!H28 -> 2 | I28: =[1]FISCALIZACIONES!I28+[1]CERTIFICADOS!I28+[1]REGISTROS!I28+[1]PERMISOS!I28+[1]LICENCIAS!I28 -> 0 | J28: =[1]FISCALIZACIONES!J28+[1]CERTIFICADOS!J28+[1]REGISTROS!J28+[1]PERMISOS!J28+[1]LICENCIAS!J28 -> 0 | K28: =[1]FISCALIZACIONES!K28+[1]CERTIFICADOS!K28+[1]REGISTROS!K28+[1]PERMISOS!K28+[1]LICENCIAS!K28 -> 0 | L28: =[1]FISCALIZACIONES!L28+[1]CERTIFICADOS!L28+[1]REGISTROS!L28+[1]PERMISOS!L28+[1]LICENCIAS!L28 -> 0 | ... Z28: =[1]FISCALIZACIONES!Z28+[1]CERTIFICADOS!Z28+[1]REGISTROS!Z28+[1]PERMISOS!Z28+[1]LICENCIAS!Z28 -> 0
C29: San Pablo | D29: =SUM(E29:Z29) -> 4 | E29: =[1]FISCALIZACIONES!E29+[1]CERTIFICADOS!E29+[1]REGISTROS!E29+[1]PERMISOS!E29+[1]LICENCIAS!E29 -> 1 | F29: =[1]FISCALIZACIONES!F29+[1]CERTIFICADOS!F29+[1]REGISTROS!F29+[1]PERMISOS!F29+[1]LICENCIAS!F29 -> 1 | G29: =[1]FISCALIZACIONES!G29+[1]CERTIFICADOS!G29+[1]REGISTROS!G29+[1]PERMISOS!G29+[1]LICENCIAS!G29 -> 1 | H29: =[1]FISCALIZACIONES!H29+[1]CERTIFICADOS!H29+[1]REGISTROS!H29+[1]PERMISOS!H29+[1]LICENCIAS!H29 -> 0 | I29: =[1]FISCALIZACIONES!I29+[1]CERTIFICADOS!I29+[1]REGISTROS!I29+[1]PERMISOS!I29+[1]LICENCIAS!I29 -> 1 | J29: =[1]FISCALIZACIONES!J29+[1]CERTIFICADOS!J29+[1]REGISTROS!J29+[1]PERMISOS!J29+[1]LICENCIAS!J29 -> 0 | K29: =[1]FISCALIZACIONES!K29+[1]CERTIFICADOS!K29+[1]REGISTROS!K29+[1]PERMISOS!K29+[1]LICENCIAS!K29 -> 0 | L29: =[1]FISCALIZACIONES!L29+[1]CERTIFICADOS!L29+[1]REGISTROS!L29+[1]PERMISOS!L29+[1]LICENCIAS!L29 -> 0 | ... Z29: =[1]FISCALIZACIONES!Z29+[1]CERTIFICADOS!Z29+[1]REGISTROS!Z29+[1]PERMISOS!Z29+[1]LICENCIAS!Z29 -> 0
C30: San Pedro del Ycuamandiyú | D30: =SUM(E30:Z30) -> 10 | E30: =[1]FISCALIZACIONES!E30+[1]CERTIFICADOS!E30+[1]REGISTROS!E30+[1]PERMISOS!E30+[1]LICENCIAS!E30 -> 0 | F30: =[1]FISCALIZACIONES!F30+[1]CERTIFICADOS!F30+[1]REGISTROS!F30+[1]PERMISOS!F30+[1]LICENCIAS!F30 -> 9 | G30: =[1]FISCALIZACIONES!G30+[1]CERTIFICADOS!G30+[1]REGISTROS!G30+[1]PERMISOS!G30+[1]LICENCIAS!G30 -> 0 | H30: =[1]FISCALIZACIONES!H30+[1]CERTIFICADOS!H30+[1]REGISTROS!H30+[1]PERMISOS!H30+[1]LICENCIAS!H30 -> 0 | I30: =[1]FISCALIZACIONES!I30+[1]CERTIFICADOS!I30+[1]REGISTROS!I30+[1]PERMISOS!I30+[1]LICENCIAS!I30 -> 1 | J30: =[1]FISCALIZACIONES!J30+[1]CERTIFICADOS!J30+[1]REGISTROS!J30+[1]PERMISOS!J30+[1]LICENCIAS!J30 -> 0 | K30: =[1]FISCALIZACIONES!K30+[1]CERTIFICADOS!K30+[1]REGISTROS!K30+[1]PERMISOS!K30+[1]LICENCIAS!K30 -> 0 | L30: =[1]FISCALIZACIONES!L30+[1]CERTIFICADOS!L30+[1]REGISTROS!L30+[1]PERMISOS!L30+[1]LICENCIAS!L30 -> 0 | ... Z30: =[1]FISCALIZACIONES!Z30+[1]CERTIFICADOS!Z30+[1]REGISTROS!Z30+[1]PERMISOS!Z30+[1]LICENCIAS!Z30 -> 0
... C38: Yrybucuá | D38: =SUM(E38:Z38) -> 2 | E38: =[1]FISCALIZACIONES!E38+[1]CERTIFICADOS!E38+[1]REGISTROS!E38+[1]PERMISOS!E38+[1]LICENCIAS!E38 -> 1 | F38: =[1]FISCALIZACIONES!F38+[1]CERTIFICADOS!F38+[1]REGISTROS!F38+[1]PERMISOS!F38+[1]LICENCIAS!F38 -> 0 | G38: =[1]FISCALIZACIONES!G38+[1]CERTIFICADOS!G38+[1]REGISTROS!G38+[1]PERMISOS!G38+[1]LICENCIAS!G38 -> 0 | H38: =[1]FISCALIZACIONES!H38+[1]CERTIFICADOS!H38+[1]REGISTROS!H38+[1]PERMISOS!H38+[1]LICENCIAS!H38 -> 1 | I38: =[1]FISCALIZACIONES!I38+[1]CERTIFICADOS!I38+[1]REGISTROS!I38+[1]PERMISOS!I38+[1]LICENCIAS!I38 -> 0 | J38: =[1]FISCALIZACIONES!J38+[1]CERTIFICADOS!J38+[1]REGISTROS!J38+[1]PERMISOS!J38+[1]LICENCIAS!J38 -> 0 | K38: =[1]FISCALIZACIONES!K38+[1]CERTIFICADOS!K38+[1]REGISTROS!K38+[1]PERMISOS!K38+[1]LICENCIAS!K38 -> 0 | L38: =[1]FISCALIZACIONES!L38+[1]CERTIFICADOS!L38+[1]REGISTROS!L38+[1]PERMISOS!L38+[1]LICENCIAS!L38 -> 0 | ... Z38: =[1]FISCALIZACIONES!Z38+[1]CERTIFICADOS!Z38+[1]REGISTROS!Z38+[1]PERMISOS!Z38+[1]LICENCIAS!Z38 -> 0
A39: CORDILLERA | B39: =SUM(D39:D58) -> 81 | C39: Altos | D39: =SUM(E39:Z39) -> 3 | E39: =[1]FISCALIZACIONES!E39+[1]CERTIFICADOS!E39+[1]REGISTROS!E39+[1]PERMISOS!E39+[1]LICENCIAS!E39 -> 1 | F39: =[1]FISCALIZACIONES!F39+[1]CERTIFICADOS!F39+[1]REGISTROS!F39+[1]PERMISOS!F39+[1]LICENCIAS!F39 -> 1 | G39: =[1]FISCALIZACIONES!G39+[1]CERTIFICADOS!G39+[1]REGISTROS!G39+[1]PERMISOS!G39+[1]LICENCIAS!G39 -> 0 | H39: =[1]FISCALIZACIONES!H39+[1]CERTIFICADOS!H39+[1]REGISTROS!H39+[1]PERMISOS!H39+[1]LICENCIAS!H39 -> 1 | I39: =[1]FISCALIZACIONES!I39+[1]CERTIFICADOS!I39+[1]REGISTROS!I39+[1]PERMISOS!I39+[1]LICENCIAS!I39 -> 0 | J39: =[1]FISCALIZACIONES!J39+[1]CERTIFICADOS!J39+[1]REGISTROS!J39+[1]PERMISOS!J39+[1]LICENCIAS!J39 -> 0 | K39: =[1]FISCALIZACIONES!K39+[1]CERTIFICADOS!K39+[1]REGISTROS!K39+[1]PERMISOS!K39+[1]LICENCIAS!K39 -> 0 | L39: =[1]FISCALIZACIONES!L39+[1]CERTIFICADOS!L39+[1]REGISTROS!L39+[1]PERMISOS!L39+[1]LICENCIAS!L39 -> 0 | ... Z39: =[1]FISCALIZACIONES!Z39+[1]CERTIFICADOS!Z39+[1]REGISTROS!Z39+[1]PERMISOS!Z39+[1]LICENCIAS!Z39 -> 0
C40: Arroyos y Esteros | D40: =SUM(E40:Z40) -> 4 | E40: =[1]FISCALIZACIONES!E40+[1]CERTIFICADOS!E40+[1]REGISTROS!E40+[1]PERMISOS!E40+[1]LICENCIAS!E40 -> 1 | F40: =[1]FISCALIZACIONES!F40+[1]CERTIFICADOS!F40+[1]REGISTROS!F40+[1]PERMISOS!F40+[1]LICENCIAS!F40 -> 1 | G40: =[1]FISCALIZACIONES!G40+[1]CERTIFICADOS!G40+[1]REGISTROS!G40+[1]PERMISOS!G40+[1]LICENCIAS!G40 -> 1 | H40: =[1]FISCALIZACIONES!H40+[1]CERTIFICADOS!H40+[1]REGISTROS!H40+[1]PERMISOS!H40+[1]LICENCIAS!H40 -> 1 | I40: =[1]FISCALIZACIONES!I40+[1]CERTIFICADOS!I40+[1]REGISTROS!I40+[1]PERMISOS!I40+[1]LICENCIAS!I40 -> 0 | J40: =[1]FISCALIZACIONES!J40+[1]CERTIFICADOS!J40+[1]REGISTROS!J40+[1]PERMISOS!J40+[1]LICENCIAS!J40 -> 0 | K40: =[1]FISCALIZACIONES!K40+[1]CERTIFICADOS!K40+[1]REGISTROS!K40+[1]PERMISOS!K40+[1]LICENCIAS!K40 -> 0 | L40: =[1]FISCALIZACIONES!L40+[1]CERTIFICADOS!L40+[1]REGISTROS!L40+[1]PERMISOS!L40+[1]LICENCIAS!L40 -> 0 | ... Z40: =[1]FISCALIZACIONES!Z40+[1]CERTIFICADOS!Z40+[1]REGISTROS!Z40+[1]PERMISOS!Z40+[1]LICENCIAS!Z40 -> 0
C41: Atyrá | D41: =SUM(E41:Z41) -> 2 | E41: =[1]FISCALIZACIONES!E41+[1]CERTIFICADOS!E41+[1]REGISTROS!E41+[1]PERMISOS!E41+[1]LICENCIAS!E41 -> 1 | F41: =[1]FISCALIZACIONES!F41+[1]CERTIFICADOS!F41+[1]REGISTROS!F41+[1]PERMISOS!F41+[1]LICENCIAS!F41 -> 0 | G41: =[1]FISCALIZACIONES!G41+[1]CERTIFICADOS!G41+[1]REGISTROS!G41+[1]PERMISOS!G41+[1]LICENCIAS!G41 -> 0 | H41: =[1]FISCALIZACIONES!H41+[1]CERTIFICADOS!H41+[1]REGISTROS!H41+[1]PERMISOS!H41+[1]LICENCIAS!H41 -> 1 | I41: =[1]FISCALIZACIONES!I41+[1]CERTIFICADOS!I41+[1]REGISTROS!I41+[1]PERMISOS!I41+[1]LICENCIAS!I41 -> 0 | J41: =[1]FISCALIZACIONES!J41+[1]CERTIFICADOS!J41+[1]REGISTROS!J41+[1]PERMISOS!J41+[1]LICENCIAS!J41 -> 0 | K41: =[1]FISCALIZACIONES!K41+[1]CERTIFICADOS!K41+[1]REGISTROS!K41+[1]PERMISOS!K41+[1]LICENCIAS!K41 -> 0 | L41: =[1]FISCALIZACIONES!L41+[1]CERTIFICADOS!L41+[1]REGISTROS!L41+[1]PERMISOS!L41+[1]LICENCIAS!L41 -> 0 | ... Z41: =[1]FISCALIZACIONES!Z41+[1]CERTIFICADOS!Z41+[1]REGISTROS!Z41+[1]PERMISOS!Z41+[1]LICENCIAS!Z41 -> 0
C42: Caacupé | D42: =SUM(E42:Z42) -> 14 | E42: =[1]FISCALIZACIONES!E42+[1]CERTIFICADOS!E42+[1]REGISTROS!E42+[1]PERMISOS!E42+[1]LICENCIAS!E42 -> 1 | F42: =[1]FISCALIZACIONES!F42+[1]CERTIFICADOS!F42+[1]REGISTROS!F42+[1]PERMISOS!F42+[1]LICENCIAS!F42 -> 9 | G42: =[1]FISCALIZACIONES!G42+[1]CERTIFICADOS!G42+[1]REGISTROS!G42+[1]PERMISOS!G42+[1]LICENCIAS!G42 -> 1 | H42: =[1]FISCALIZACIONES!H42+[1]CERTIFICADOS!H42+[1]REGISTROS!H42+[1]PERMISOS!H42+[1]LICENCIAS!H42 -> 1 | I42: =[1]FISCALIZACIONES!I42+[1]CERTIFICADOS!I42+[1]REGISTROS!I42+[1]PERMISOS!I42+[1]LICENCIAS!I42 -> 0 | J42: =[1]FISCALIZACIONES!J42+[1]CERTIFICADOS!J42+[1]REGISTROS!J42+[1]PERMISOS!J42+[1]LICENCIAS!J42 -> 0 | K42: =[1]FISCALIZACIONES!K42+[1]CERTIFICADOS!K42+[1]REGISTROS!K42+[1]PERMISOS!K42+[1]LICENCIAS!K42 -> 0 | L42: =[1]FISCALIZACIONES!L42+[1]CERTIFICADOS!L42+[1]REGISTROS!L42+[1]PERMISOS!L42+[1]LICENCIAS!L42 -> 0 | ... Z42: =[1]FISCALIZACIONES!Z42+[1]CERTIFICADOS!Z42+[1]REGISTROS!Z42+[1]PERMISOS!Z42+[1]LICENCIAS!Z42 -> 1
C43: Caraguatay | D43: =SUM(E43:Z43) -> 3 | E43: =[1]FISCALIZACIONES!E43+[1]CERTIFICADOS!E43+[1]REGISTROS!E43+[1]PERMISOS!E43+[1]LICENCIAS!E43 -> 1 | F43: =[1]FISCALIZACIONES!F43+[1]CERTIFICADOS!F43+[1]REGISTROS!F43+[1]PERMISOS!F43+[1]LICENCIAS!F43 -> 1 | G43: =[1]FISCALIZACIONES!G43+[1]CERTIFICADOS!G43+[1]REGISTROS!G43+[1]PERMISOS!G43+[1]LICENCIAS!G43 -> 1 | H43: =[1]FISCALIZACIONES!H43+[1]CERTIFICADOS!H43+[1]REGISTROS!H43+[1]PERMISOS!H43+[1]LICENCIAS!H43 -> 0 | I43: =[1]FISCALIZACIONES!I43+[1]CERTIFICADOS!I43+[1]REGISTROS!I43+[1]PERMISOS!I43+[1]LICENCIAS!I43 -> 0 | J43: =[1]FISCALIZACIONES!J43+[1]CERTIFICADOS!J43+[1]REGISTROS!J43+[1]PERMISOS!J43+[1]LICENCIAS!J43 -> 0 | K43: =[1]FISCALIZACIONES!K43+[1]CERTIFICADOS!K43+[1]REGISTROS!K43+[1]PERMISOS!K43+[1]LICENCIAS!K43 -> 0 | L43: =[1]FISCALIZACIONES!L43+[1]CERTIFICADOS!L43+[1]REGISTROS!L43+[1]PERMISOS!L43+[1]LICENCIAS!L43 -> 0 | ... Z43: =[1]FISCALIZACIONES!Z43+[1]CERTIFICADOS!Z43+[1]REGISTROS!Z43+[1]PERMISOS!Z43+[1]LICENCIAS!Z43 -> 0
C44: Emboscada | D44: =SUM(E44:Z44) -> 4 | E44: =[1]FISCALIZACIONES!E44+[1]CERTIFICADOS!E44+[1]REGISTROS!E44+[1]PERMISOS!E44+[1]LICENCIAS!E44 -> 1 | F44: =[1]FISCALIZACIONES!F44+[1]CERTIFICADOS!F44+[1]REGISTROS!F44+[1]PERMISOS!F44+[1]LICENCIAS!F44 -> 1 | G44: =[1]FISCALIZACIONES!G44+[1]CERTIFICADOS!G44+[1]REGISTROS!G44+[1]PERMISOS!G44+[1]LICENCIAS!G44 -> 1 | H44: =[1]FISCALIZACIONES!H44+[1]CERTIFICADOS!H44+[1]REGISTROS!H44+[1]PERMISOS!H44+[1]LICENCIAS!H44 -> 1 | I44: =[1]FISCALIZACIONES!I44+[1]CERTIFICADOS!I44+[1]REGISTROS!I44+[1]PERMISOS!I44+[1]LICENCIAS!I44 -> 0 | J44: =[1]FISCALIZACIONES!J44+[1]CERTIFICADOS!J44+[1]REGISTROS!J44+[1]PERMISOS!J44+[1]LICENCIAS!J44 -> 0 | K44: =[1]FISCALIZACIONES!K44+[1]CERTIFICADOS!K44+[1]REGISTROS!K44+[1]PERMISOS!K44+[1]LICENCIAS!K44 -> 0 | L44: =[1]FISCALIZACIONES!L44+[1]CERTIFICADOS!L44+[1]REGISTROS!L44+[1]PERMISOS!L44+[1]LICENCIAS!L44 -> 0 | ... Z44: =[1]FISCALIZACIONES!Z44+[1]CERTIFICADOS!Z44+[1]REGISTROS!Z44+[1]PERMISOS!Z44+[1]LICENCIAS!Z44 -> 0
C45: Eusebio Ayala | D45: =SUM(E45:Z45) -> 4 | E45: =[1]FISCALIZACIONES!E45+[1]CERTIFICADOS!E45+[1]REGISTROS!E45+[1]PERMISOS!E45+[1]LICENCIAS!E45 -> 1 | F45: =[1]FISCALIZACIONES!F45+[1]CERTIFICADOS!F45+[1]REGISTROS!F45+[1]PERMISOS!F45+[1]LICENCIAS!F45 -> 2 | G45: =[1]FISCALIZACIONES!G45+[1]CERTIFICADOS!G45+[1]REGISTROS!G45+[1]PERMISOS!G45+[1]LICENCIAS!G45 -> 0 | H45: =[1]FISCALIZACIONES!H45+[1]CERTIFICADOS!H45+[1]REGISTROS!H45+[1]PERMISOS!H45+[1]LICENCIAS!H45 -> 0 | I45: =[1]FISCALIZACIONES!I45+[1]CERTIFICADOS!I45+[1]REGISTROS!I45+[1]PERMISOS!I45+[1]LICENCIAS!I45 -> 1 | J45: =[1]FISCALIZACIONES!J45+[1]CERTIFICADOS!J45+[1]REGISTROS!J45+[1]PERMISOS!J45+[1]LICENCIAS!J45 -> 0 | K45: =[1]FISCALIZACIONES!K45+[1]CERTIFICADOS!K45+[1]REGISTROS!K45+[1]PERMISOS!K45+[1]LICENCIAS!K45 -> 0 | L45: =[1]FISCALIZACIONES!L45+[1]CERTIFICADOS!L45+[1]REGISTROS!L45+[1]PERMISOS!L45+[1]LICENCIAS!L45 -> 0 | ... Z45: =[1]FISCALIZACIONES!Z45+[1]CERTIFICADOS!Z45+[1]REGISTROS!Z45+[1]PERMISOS!Z45+[1]LICENCIAS!Z45 -> 0
C46: Isla Pucú | D46: =SUM(E46:Z46) -> 2 | E46: =[1]FISCALIZACIONES!E46+[1]CERTIFICADOS!E46+[1]REGISTROS!E46+[1]PERMISOS!E46+[1]LICENCIAS!E46 -> 1 | F46: =[1]FISCALIZACIONES!F46+[1]CERTIFICADOS!F46+[1]REGISTROS!F46+[1]PERMISOS!F46+[1]LICENCIAS!F46 -> 0 | G46: =[1]FISCALIZACIONES!G46+[1]CERTIFICADOS!G46+[1]REGISTROS!G46+[1]PERMISOS!G46+[1]LICENCIAS!G46 -> 0 | H46: =[1]FISCALIZACIONES!H46+[1]CERTIFICADOS!H46+[1]REGISTROS!H46+[1]PERMISOS!H46+[1]LICENCIAS!H46 -> 0 | I46: =[1]FISCALIZACIONES!I46+[1]CERTIFICADOS!I46+[1]REGISTROS!I46+[1]PERMISOS!I46+[1]LICENCIAS!I46 -> 1 | J46: =[1]FISCALIZACIONES!J46+[1]CERTIFICADOS!J46+[1]REGISTROS!J46+[1]PERMISOS!J46+[1]LICENCIAS!J46 -> 0 | K46: =[1]FISCALIZACIONES!K46+[1]CERTIFICADOS!K46+[1]REGISTROS!K46+[1]PERMISOS!K46+[1]LICENCIAS!K46 -> 0 | L46: =[1]FISCALIZACIONES!L46+[1]CERTIFICADOS!L46+[1]REGISTROS!L46+[1]PERMISOS!L46+[1]LICENCIAS!L46 -> 0 | ... Z46: =[1]FISCALIZACIONES!Z46+[1]CERTIFICADOS!Z46+[1]REGISTROS!Z46+[1]PERMISOS!Z46+[1]LICENCIAS!Z46 -> 0
C47: Itacurubí de la Cordillera | D47: =SUM(E47:Z47) -> 3 | E47: =[1]FISCALIZACIONES!E47+[1]CERTIFICADOS!E47+[1]REGISTROS!E47+[1]PERMISOS!E47+[1]LICENCIAS!E47 -> 0 | F47: =[1]FISCALIZACIONES!F47+[1]CERTIFICADOS!F47+[1]REGISTROS!F47+[1]PERMISOS!F47+[1]LICENCIAS!F47 -> 1 | G47: =[1]FISCALIZACIONES!G47+[1]CERTIFICADOS!G47+[1]REGISTROS!G47+[1]PERMISOS!G47+[1]LICENCIAS!G47 -> 0 | H47: =[1]FISCALIZACIONES!H47+[1]CERTIFICADOS!H47+[1]REGISTROS!H47+[1]PERMISOS!H47+[1]LICENCIAS!H47 -> 2 | I47: =[1]FISCALIZACIONES!I47+[1]CERTIFICADOS!I47+[1]REGISTROS!I47+[1]PERMISOS!I47+[1]LICENCIAS!I47 -> 0 | J47: =[1]FISCALIZACIONES!J47+[1]CERTIFICADOS!J47+[1]REGISTROS!J47+[1]PERMISOS!J47+[1]LICENCIAS!J47 -> 0 | K47: =[1]FISCALIZACIONES!K47+[1]CERTIFICADOS!K47+[1]REGISTROS!K47+[1]PERMISOS!K47+[1]LICENCIAS!K47 -> 0 | L47: =[1]FISCALIZACIONES!L47+[1]CERTIFICADOS!L47+[1]REGISTROS!L47+[1]PERMISOS!L47+[1]LICENCIAS!L47 -> 0 | ... Z47: =[1]FISCALIZACIONES!Z47+[1]CERTIFICADOS!Z47+[1]REGISTROS!Z47+[1]PERMISOS!Z47+[1]LICENCIAS!Z47 -> 0
C48: Juan de Mena | D48: =SUM(E48:Z48) -> 2 | E48: =[1]FISCALIZACIONES!E48+[1]CERTIFICADOS!E48+[1]REGISTROS!E48+[1]PERMISOS!E48+[1]LICENCIAS!E48 -> 1 | F48: =[1]FISCALIZACIONES!F48+[1]CERTIFICADOS!F48+[1]REGISTROS!F48+[1]PERMISOS!F48+[1]LICENCIAS!F48 -> 1 | G48: =[1]FISCALIZACIONES!G48+[1]CERTIFICADOS!G48+[1]REGISTROS!G48+[1]PERMISOS!G48+[1]LICENCIAS!G48 -> 0 | H48: =[1]FISCALIZACIONES!H48+[1]CERTIFICADOS!H48+[1]REGISTROS!H48+[1]PERMISOS!H48+[1]LICENCIAS!H48 -> 0 | I48: =[1]FISCALIZACIONES!I48+[1]CERTIFICADOS!I48+[1]REGISTROS!I48+[1]PERMISOS!I48+[1]LICENCIAS!I48 -> 0 | J48: =[1]FISCALIZACIONES!J48+[1]CERTIFICADOS!J48+[1]REGISTROS!J48+[1]PERMISOS!J48+[1]LICENCIAS!J48 -> 0 | K48: =[1]FISCALIZACIONES!K48+[1]CERTIFICADOS!K48+[1]REGISTROS!K48+[1]PERMISOS!K48+[1]LICENCIAS!K48 -> 0 | L48: =[1]FISCALIZACIONES!L48+[1]CERTIFICADOS!L48+[1]REGISTROS!L48+[1]PERMISOS!L48+[1]LICENCIAS!L48 -> 0 | ... Z48: =[1]FISCALIZACIONES!Z48+[1]CERTIFICADOS!Z48+[1]REGISTROS!Z48+[1]PERMISOS!Z48+[1]LICENCIAS!Z48 -> 0
C49: Loma Grande | D49: =SUM(E49:Z49) -> 2 | E49: =[1]FISCALIZACIONES!E49+[1]CERTIFICADOS!E49+[1]REGISTROS!E49+[1]PERMISOS!E49+[1]LICENCIAS!E49 -> 0 | F49: =[1]FISCALIZACIONES!F49+[1]CERTIFICADOS!F49+[1]REGISTROS!F49+[1]PERMISOS!F49+[1]LICENCIAS!F49 -> 0 | G49: =[1]FISCALIZACIONES!G49+[1]CERTIFICADOS!G49+[1]REGISTROS!G49+[1]PERMISOS!G49+[1]LICENCIAS!G49 -> 1 | H49: =[1]FISCALIZACIONES!H49+[1]CERTIFICADOS!H49+[1]REGISTROS!H49+[1]PERMISOS!H49+[1]LICENCIAS!H49 -> 0 | I49: =[1]FISCALIZACIONES!I49+[1]CERTIFICADOS!I49+[1]REGISTROS!I49+[1]PERMISOS!I49+[1]LICENCIAS!I49 -> 1 | J49: =[1]FISCALIZACIONES!J49+[1]CERTIFICADOS!J49+[1]REGISTROS!J49+[1]PERMISOS!J49+[1]LICENCIAS!J49 -> 0 | K49: =[1]FISCALIZACIONES!K49+[1]CERTIFICADOS!K49+[1]REGISTROS!K49+[1]PERMISOS!K49+[1]LICENCIAS!K49 -> 0 | L49: =[1]FISCALIZACIONES!L49+[1]CERTIFICADOS!L49+[1]REGISTROS!L49+[1]PERMISOS!L49+[1]LICENCIAS!L49 -> 0 | ... Z49: =[1]FISCALIZACIONES!Z49+[1]CERTIFICADOS!Z49+[1]REGISTROS!Z49+[1]PERMISOS!Z49+[1]LICENCIAS!Z49 -> 0
C50: Mbocayaty del Yhaguy | D50: =SUM(E50:Z50) -> 1 | E50: =[1]FISCALIZACIONES!E50+[1]CERTIFICADOS!E50+[1]REGISTROS!E50+[1]PERMISOS!E50+[1]LICENCIAS!E50 -> 1 | F50: =[1]FISCALIZACIONES!F50+[1]CERTIFICADOS!F50+[1]REGISTROS!F50+[1]PERMISOS!F50+[1]LICENCIAS!F50 -> 0 | G50: =[1]FISCALIZACIONES!G50+[1]CERTIFICADOS!G50+[1]REGISTROS!G50+[1]PERMISOS!G50+[1]LICENCIAS!G50 -> 0 | H50: =[1]FISCALIZACIONES!H50+[1]CERTIFICADOS!H50+[1]REGISTROS!H50+[1]PERMISOS!H50+[1]LICENCIAS!H50 -> 0 | I50: =[1]FISCALIZACIONES!I50+[1]CERTIFICADOS!I50+[1]REGISTROS!I50+[1]PERMISOS!I50+[1]LICENCIAS!I50 -> 0 | J50: =[1]FISCALIZACIONES!J50+[1]CERTIFICADOS!J50+[1]REGISTROS!J50+[1]PERMISOS!J50+[1]LICENCIAS!J50 -> 0 | K50: =[1]FISCALIZACIONES!K50+[1]CERTIFICADOS!K50+[1]REGISTROS!K50+[1]PERMISOS!K50+[1]LICENCIAS!K50 -> 0 | L50: =[1]FISCALIZACIONES!L50+[1]CERTIFICADOS!L50+[1]REGISTROS!L50+[1]PERMISOS!L50+[1]LICENCIAS!L50 -> 0 | ... Z50: =[1]FISCALIZACIONES!Z50+[1]CERTIFICADOS!Z50+[1]REGISTROS!Z50+[1]PERMISOS!Z50+[1]LICENCIAS!Z50 -> 0
C51: Nueva Colombia | D51: =SUM(E51:Z51) -> 4 | E51: =[1]FISCALIZACIONES!E51+[1]CERTIFICADOS!E51+[1]REGISTROS!E51+[1]PERMISOS!E51+[1]LICENCIAS!E51 -> 2 | F51: =[1]FISCALIZACIONES!F51+[1]CERTIFICADOS!F51+[1]REGISTROS!F51+[1]PERMISOS!F51+[1]LICENCIAS!F51 -> 0 | G51: =[1]FISCALIZACIONES!G51+[1]CERTIFICADOS!G51+[1]REGISTROS!G51+[1]PERMISOS!G51+[1]LICENCIAS!G51 -> 1 | H51: =[1]FISCALIZACIONES!H51+[1]CERTIFICADOS!H51+[1]REGISTROS!H51+[1]PERMISOS!H51+[1]LICENCIAS!H51 -> 1 | I51: =[1]FISCALIZACIONES!I51+[1]CERTIFICADOS!I51+[1]REGISTROS!I51+[1]PERMISOS!I51+[1]LICENCIAS!I51 -> 0 | J51: =[1]FISCALIZACIONES!J51+[1]CERTIFICADOS!J51+[1]REGISTROS!J51+[1]PERMISOS!J51+[1]LICENCIAS!J51 -> 0 | K51: =[1]FISCALIZACIONES!K51+[1]CERTIFICADOS!K51+[1]REGISTROS!K51+[1]PERMISOS!K51+[1]LICENCIAS!K51 -> 0 | L51: =[1]FISCALIZACIONES!L51+[1]CERTIFICADOS!L51+[1]REGISTROS!L51+[1]PERMISOS!L51+[1]LICENCIAS!L51 -> 0 | ... Z51: =[1]FISCALIZACIONES!Z51+[1]CERTIFICADOS!Z51+[1]REGISTROS!Z51+[1]PERMISOS!Z51+[1]LICENCIAS!Z51 -> 0
... C58: Valenzuela | D58: =SUM(E58:Z58) -> 4 | E58: =[1]FISCALIZACIONES!E58+[1]CERTIFICADOS!E58+[1]REGISTROS!E58+[1]PERMISOS!E58+[1]LICENCIAS!E58 -> 1 | F58: =[1]FISCALIZACIONES!F58+[1]CERTIFICADOS!F58+[1]REGISTROS!F58+[1]PERMISOS!F58+[1]LICENCIAS!F58 -> 1 | G58: =[1]FISCALIZACIONES!G58+[1]CERTIFICADOS!G58+[1]REGISTROS!G58+[1]PERMISOS!G58+[1]LICENCIAS!G58 -> 0 | H58: =[1]FISCALIZACIONES!H58+[1]CERTIFICADOS!H58+[1]REGISTROS!H58+[1]PERMISOS!H58+[1]LICENCIAS!H58 -> 2 | I58: =[1]FISCALIZACIONES!I58+[1]CERTIFICADOS!I58+[1]REGISTROS!I58+[1]PERMISOS!I58+[1]LICENCIAS!I58 -> 0 | J58: =[1]FISCALIZACIONES!J58+[1]CERTIFICADOS!J58+[1]REGISTROS!J58+[1]PERMISOS!J58+[1]LICENCIAS!J58 -> 0 | K58: =[1]FISCALIZACIONES!K58+[1]CERTIFICADOS!K58+[1]REGISTROS!K58+[1]PERMISOS!K58+[1]LICENCIAS!K58 -> 0 | L58: =[1]FISCALIZACIONES!L58+[1]CERTIFICADOS!L58+[1]REGISTROS!L58+[1]PERMISOS!L58+[1]LICENCIAS!L58 -> 0 | ... Z58: =[1]FISCALIZACIONES!Z58+[1]CERTIFICADOS!Z58+[1]REGISTROS!Z58+[1]PERMISOS!Z58+[1]LICENCIAS!Z58 -> 0
A59: GUAIRA | B59: =SUM(D59:D76) -> 41 | C59: Borja | D59: =SUM(E59:Z59) -> 1 | E59: =[1]FISCALIZACIONES!E59+[1]CERTIFICADOS!E59+[1]REGISTROS!E59+[1]PERMISOS!E59+[1]LICENCIAS!E59 -> 0 | F59: =[1]FISCALIZACIONES!F59+[1]CERTIFICADOS!F59+[1]REGISTROS!F59+[1]PERMISOS!F59+[1]LICENCIAS!F59 -> 1 | G59: =[1]FISCALIZACIONES!G59+[1]CERTIFICADOS!G59+[1]REGISTROS!G59+[1]PERMISOS!G59+[1]LICENCIAS!G59 -> 0 | H59: =[1]FISCALIZACIONES!H59+[1]CERTIFICADOS!H59+[1]REGISTROS!H59+[1]PERMISOS!H59+[1]LICENCIAS!H59 -> 0 | I59: =[1]FISCALIZACIONES!I59+[1]CERTIFICADOS!I59+[1]REGISTROS!I59+[1]PERMISOS!I59+[1]LICENCIAS!I59 -> 0 | J59: =[1]FISCALIZACIONES!J59+[1]CERTIFICADOS!J59+[1]REGISTROS!J59+[1]PERMISOS!J59+[1]LICENCIAS!J59 -> 0 | K59: =[1]FISCALIZACIONES!K59+[1]CERTIFICADOS!K59+[1]REGISTROS!K59+[1]PERMISOS!K59+[1]LICENCIAS!K59 -> 0 | L59: =[1]FISCALIZACIONES!L59+[1]CERTIFICADOS!L59+[1]REGISTROS!L59+[1]PERMISOS!L59+[1]LICENCIAS!L59 -> 0 | ... Z59: =[1]FISCALIZACIONES!Z59+[1]CERTIFICADOS!Z59+[1]REGISTROS!Z59+[1]PERMISOS!Z59+[1]LICENCIAS!Z59 -> 0
C60: Coronel Martínez | D60: =SUM(E60:Z60) -> 3 | E60: =[1]FISCALIZACIONES!E60+[1]CERTIFICADOS!E60+[1]REGISTROS!E60+[1]PERMISOS!E60+[1]LICENCIAS!E60 -> 1 | F60: =[1]FISCALIZACIONES!F60+[1]CERTIFICADOS!F60+[1]REGISTROS!F60+[1]PERMISOS!F60+[1]LICENCIAS!F60 -> 1 | G60: =[1]FISCALIZACIONES!G60+[1]CERTIFICADOS!G60+[1]REGISTROS!G60+[1]PERMISOS!G60+[1]LICENCIAS!G60 -> 1 | H60: =[1]FISCALIZACIONES!H60+[1]CERTIFICADOS!H60+[1]REGISTROS!H60+[1]PERMISOS!H60+[1]LICENCIAS!H60 -> 0 | I60: =[1]FISCALIZACIONES!I60+[1]CERTIFICADOS!I60+[1]REGISTROS!I60+[1]PERMISOS!I60+[1]LICENCIAS!I60 -> 0 | J60: =[1]FISCALIZACIONES!J60+[1]CERTIFICADOS!J60+[1]REGISTROS!J60+[1]PERMISOS!J60+[1]LICENCIAS!J60 -> 0 | K60: =[1]FISCALIZACIONES!K60+[1]CERTIFICADOS!K60+[1]REGISTROS!K60+[1]PERMISOS!K60+[1]LICENCIAS!K60 -> 0 | L60: =[1]FISCALIZACIONES!L60+[1]CERTIFICADOS!L60+[1]REGISTROS!L60+[1]PERMISOS!L60+[1]LICENCIAS!L60 -> 0 | ... Z60: =[1]FISCALIZACIONES!Z60+[1]CERTIFICADOS!Z60+[1]REGISTROS!Z60+[1]PERMISOS!Z60+[1]LICENCIAS!Z60 -> 0
C61: Dr. Bottrell | D61: =SUM(E61:Z61) -> 2 | E61: =[1]FISCALIZACIONES!E61+[1]CERTIFICADOS!E61+[1]REGISTROS!E61+[1]PERMISOS!E61+[1]LICENCIAS!E61 -> 0 | F61: =[1]FISCALIZACIONES!F61+[1]CERTIFICADOS!F61+[1]REGISTROS!F61+[1]PERMISOS!F61+[1]LICENCIAS!F61 -> 1 | G61: =[1]FISCALIZACIONES!G61+[1]CERTIFICADOS!G61+[1]REGISTROS!G61+[1]PERMISOS!G61+[1]LICENCIAS!G61 -> 0 | H61: =[1]FISCALIZACIONES!H61+[1]CERTIFICADOS!H61+[1]REGISTROS!H61+[1]PERMISOS!H61+[1]LICENCIAS!H61 -> 1 | I61: =[1]FISCALIZACIONES!I61+[1]CERTIFICADOS!I61+[1]REGISTROS!I61+[1]PERMISOS!I61+[1]LICENCIAS!I61 -> 0 | J61: =[1]FISCALIZACIONES!J61+[1]CERTIFICADOS!J61+[1]REGISTROS!J61+[1]PERMISOS!J61+[1]LICENCIAS!J61 -> 0 | K61: =[1]FISCALIZACIONES!K61+[1]CERTIFICADOS!K61+[1]REGISTROS!K61+[1]PERMISOS!K61+[1]LICENCIAS!K61 -> 0 | L61: =[1]FISCALIZACIONES!L61+[1]CERTIFICADOS!L61+[1]REGISTROS!L61+[1]PERMISOS!L61+[1]LICENCIAS!L61 -> 0 | ... Z61: =[1]FISCALIZACIONES!Z61+[1]CERTIFICADOS!Z61+[1]REGISTROS!Z61+[1]PERMISOS!Z61+[1]LICENCIAS!Z61 -> 0
C62: Fassardi | D62: =SUM(E62:Z62) -> 2 | E62: =[1]FISCALIZACIONES!E62+[1]CERTIFICADOS!E62+[1]REGISTROS!E62+[1]PERMISOS!E62+[1]LICENCIAS!E62 -> 0 | F62: =[1]FISCALIZACIONES!F62+[1]CERTIFICADOS!F62+[1]REGISTROS!F62+[1]PERMISOS!F62+[1]LICENCIAS!F62 -> 1 | G62: =[1]FISCALIZACIONES!G62+[1]CERTIFICADOS!G62+[1]REGISTROS!G62+[1]PERMISOS!G62+[1]LICENCIAS!G62 -> 1 | H62: =[1]FISCALIZACIONES!H62+[1]CERTIFICADOS!H62+[1]REGISTROS!H62+[1]PERMISOS!H62+[1]LICENCIAS!H62 -> 0 | I62: =[1]FISCALIZACIONES!I62+[1]CERTIFICADOS!I62+[1]REGISTROS!I62+[1]PERMISOS!I62+[1]LICENCIAS!I62 -> 0 | J62: =[1]FISCALIZACIONES!J62+[1]CERTIFICADOS!J62+[1]REGISTROS!J62+[1]PERMISOS!J62+[1]LICENCIAS!J62 -> 0 | K62: =[1]FISCALIZACIONES!K62+[1]CERTIFICADOS!K62+[1]REGISTROS!K62+[1]PERMISOS!K62+[1]LICENCIAS!K62 -> 0 | L62: =[1]FISCALIZACIONES!L62+[1]CERTIFICADOS!L62+[1]REGISTROS!L62+[1]PERMISOS!L62+[1]LICENCIAS!L62 -> 0 | ... Z62: =[1]FISCALIZACIONES!Z62+[1]CERTIFICADOS!Z62+[1]REGISTROS!Z62+[1]PERMISOS!Z62+[1]LICENCIAS!Z62 -> 0
C63: Félix Pérez Cardozo | D63: =SUM(E63:Z63) -> 1 | E63: =[1]FISCALIZACIONES!E63+[1]CERTIFICADOS!E63+[1]REGISTROS!E63+[1]PERMISOS!E63+[1]LICENCIAS!E63 -> 0 | F63: =[1]FISCALIZACIONES!F63+[1]CERTIFICADOS!F63+[1]REGISTROS!F63+[1]PERMISOS!F63+[1]LICENCIAS!F63 -> 1 | G63: =[1]FISCALIZACIONES!G63+[1]CERTIFICADOS!G63+[1]REGISTROS!G63+[1]PERMISOS!G63+[1]LICENCIAS!G63 -> 0 | H63: =[1]FISCALIZACIONES!H63+[1]CERTIFICADOS!H63+[1]REGISTROS!H63+[1]PERMISOS!H63+[1]LICENCIAS!H63 -> 0 | I63: =[1]FISCALIZACIONES!I63+[1]CERTIFICADOS!I63+[1]REGISTROS!I63+[1]PERMISOS!I63+[1]LICENCIAS!I63 -> 0 | J63: =[1]FISCALIZACIONES!J63+[1]CERTIFICADOS!J63+[1]REGISTROS!J63+[1]PERMISOS!J63+[1]LICENCIAS!J63 -> 0 | K63: =[1]FISCALIZACIONES!K63+[1]CERTIFICADOS!K63+[1]REGISTROS!K63+[1]PERMISOS!K63+[1]LICENCIAS!K63 -> 0 | L63: =[1]FISCALIZACIONES!L63+[1]CERTIFICADOS!L63+[1]REGISTROS!L63+[1]PERMISOS!L63+[1]LICENCIAS!L63 -> 0 | ... Z63: =[1]FISCALIZACIONES!Z63+[1]CERTIFICADOS!Z63+[1]REGISTROS!Z63+[1]PERMISOS!Z63+[1]LICENCIAS!Z63 -> 0
C64: Garay | D64: =SUM(E64:Z64) -> 4 | E64: =[1]FISCALIZACIONES!E64+[1]CERTIFICADOS!E64+[1]REGISTROS!E64+[1]PERMISOS!E64+[1]LICENCIAS!E64 -> 0 | F64: =[1]FISCALIZACIONES!F64+[1]CERTIFICADOS!F64+[1]REGISTROS!F64+[1]PERMISOS!F64+[1]LICENCIAS!F64 -> 1 | G64: =[1]FISCALIZACIONES!G64+[1]CERTIFICADOS!G64+[1]REGISTROS!G64+[1]PERMISOS!G64+[1]LICENCIAS!G64 -> 1 | H64: =[1]FISCALIZACIONES!H64+[1]CERTIFICADOS!H64+[1]REGISTROS!H64+[1]PERMISOS!H64+[1]LICENCIAS!H64 -> 2 | I64: =[1]FISCALIZACIONES!I64+[1]CERTIFICADOS!I64+[1]REGISTROS!I64+[1]PERMISOS!I64+[1]LICENCIAS!I64 -> 0 | J64: =[1]FISCALIZACIONES!J64+[1]CERTIFICADOS!J64+[1]REGISTROS!J64+[1]PERMISOS!J64+[1]LICENCIAS!J64 -> 0 | K64: =[1]FISCALIZACIONES!K64+[1]CERTIFICADOS!K64+[1]REGISTROS!K64+[1]PERMISOS!K64+[1]LICENCIAS!K64 -> 0 | L64: =[1]FISCALIZACIONES!L64+[1]CERTIFICADOS!L64+[1]REGISTROS!L64+[1]PERMISOS!L64+[1]LICENCIAS!L64 -> 0 | ... Z64: =[1]FISCALIZACIONES!Z64+[1]CERTIFICADOS!Z64+[1]REGISTROS!Z64+[1]PERMISOS!Z64+[1]LICENCIAS!Z64 -> 0
C65: Colonia Independencia | D65: =SUM(E65:Z65) -> 2 | E65: =[1]FISCALIZACIONES!E65+[1]CERTIFICADOS!E65+[1]REGISTROS!E65+[1]PERMISOS!E65+[1]LICENCIAS!E65 -> 1 | F65: =[1]FISCALIZACIONES!F65+[1]CERTIFICADOS!F65+[1]REGISTROS!F65+[1]PERMISOS!F65+[1]LICENCIAS!F65 -> 1 | G65: =[1]FISCALIZACIONES!G65+[1]CERTIFICADOS!G65+[1]REGISTROS!G65+[1]PERMISOS!G65+[1]LICENCIAS!G65 -> 0 | H65: =[1]FISCALIZACIONES!H65+[1]CERTIFICADOS!H65+[1]REGISTROS!H65+[1]PERMISOS!H65+[1]LICENCIAS!H65 -> 0 | I65: =[1]FISCALIZACIONES!I65+[1]CERTIFICADOS!I65+[1]REGISTROS!I65+[1]PERMISOS!I65+[1]LICENCIAS!I65 -> 0 | J65: =[1]FISCALIZACIONES!J65+[1]CERTIFICADOS!J65+[1]REGISTROS!J65+[1]PERMISOS!J65+[1]LICENCIAS!J65 -> 0 | K65: =[1]FISCALIZACIONES!K65+[1]CERTIFICADOS!K65+[1]REGISTROS!K65+[1]PERMISOS!K65+[1]LICENCIAS!K65 -> 0 | L65: =[1]FISCALIZACIONES!L65+[1]CERTIFICADOS!L65+[1]REGISTROS!L65+[1]PERMISOS!L65+[1]LICENCIAS!L65 -> 0 | ... Z65: =[1]FISCALIZACIONES!Z65+[1]CERTIFICADOS!Z65+[1]REGISTROS!Z65+[1]PERMISOS!Z65+[1]LICENCIAS!Z65 -> 0
C66: Itapé | D66: =SUM(E66:Z66) -> 3 | E66: =[1]FISCALIZACIONES!E66+[1]CERTIFICADOS!E66+[1]REGISTROS!E66+[1]PERMISOS!E66+[1]LICENCIAS!E66 -> 1 | F66: =[1]FISCALIZACIONES!F66+[1]CERTIFICADOS!F66+[1]REGISTROS!F66+[1]PERMISOS!F66+[1]LICENCIAS!F66 -> 1 | G66: =[1]FISCALIZACIONES!G66+[1]CERTIFICADOS!G66+[1]REGISTROS!G66+[1]PERMISOS!G66+[1]LICENCIAS!G66 -> 1 | H66: =[1]FISCALIZACIONES!H66+[1]CERTIFICADOS!H66+[1]REGISTROS!H66+[1]PERMISOS!H66+[1]LICENCIAS!H66 -> 0 | I66: =[1]FISCALIZACIONES!I66+[1]CERTIFICADOS!I66+[1]REGISTROS!I66+[1]PERMISOS!I66+[1]LICENCIAS!I66 -> 0 | J66: =[1]FISCALIZACIONES!J66+[1]CERTIFICADOS!J66+[1]REGISTROS!J66+[1]PERMISOS!J66+[1]LICENCIAS!J66 -> 0 | K66: =[1]FISCALIZACIONES!K66+[1]CERTIFICADOS!K66+[1]REGISTROS!K66+[1]PERMISOS!K66+[1]LICENCIAS!K66 -> 0 | L66: =[1]FISCALIZACIONES!L66+[1]CERTIFICADOS!L66+[1]REGISTROS!L66+[1]PERMISOS!L66+[1]LICENCIAS!L66 -> 0 | ... Z66: =[1]FISCALIZACIONES!Z66+[1]CERTIFICADOS!Z66+[1]REGISTROS!Z66+[1]PERMISOS!Z66+[1]LICENCIAS!Z66 -> 0
C67: Iturbe | D67: =SUM(E67:Z67) -> 4 | E67: =[1]FISCALIZACIONES!E67+[1]CERTIFICADOS!E67+[1]REGISTROS!E67+[1]PERMISOS!E67+[1]LICENCIAS!E67 -> 0 | F67: =[1]FISCALIZACIONES!F67+[1]CERTIFICADOS!F67+[1]REGISTROS!F67+[1]PERMISOS!F67+[1]LICENCIAS!F67 -> 1 | G67: =[1]FISCALIZACIONES!G67+[1]CERTIFICADOS!G67+[1]REGISTROS!G67+[1]PERMISOS!G67+[1]LICENCIAS!G67 -> 1 | H67: =[1]FISCALIZACIONES!H67+[1]CERTIFICADOS!H67+[1]REGISTROS!H67+[1]PERMISOS!H67+[1]LICENCIAS!H67 -> 1 | I67: =[1]FISCALIZACIONES!I67+[1]CERTIFICADOS!I67+[1]REGISTROS!I67+[1]PERMISOS!I67+[1]LICENCIAS!I67 -> 0 | J67: =[1]FISCALIZACIONES!J67+[1]CERTIFICADOS!J67+[1]REGISTROS!J67+[1]PERMISOS!J67+[1]LICENCIAS!J67 -> 0 | K67: =[1]FISCALIZACIONES!K67+[1]CERTIFICADOS!K67+[1]REGISTROS!K67+[1]PERMISOS!K67+[1]LICENCIAS!K67 -> 0 | L67: =[1]FISCALIZACIONES!L67+[1]CERTIFICADOS!L67+[1]REGISTROS!L67+[1]PERMISOS!L67+[1]LICENCIAS!L67 -> 0 | ... Z67: =[1]FISCALIZACIONES!Z67+[1]CERTIFICADOS!Z67+[1]REGISTROS!Z67+[1]PERMISOS!Z67+[1]LICENCIAS!Z67 -> 0
C68: Mbocayaty | D68: =SUM(E68:Z68) -> 2 | E68: =[1]FISCALIZACIONES!E68+[1]CERTIFICADOS!E68+[1]REGISTROS!E68+[1]PERMISOS!E68+[1]LICENCIAS!E68 -> 1 | F68: =[1]FISCALIZACIONES!F68+[1]CERTIFICADOS!F68+[1]REGISTROS!F68+[1]PERMISOS!F68+[1]LICENCIAS!F68 -> 1 | G68: =[1]FISCALIZACIONES!G68+[1]CERTIFICADOS!G68+[1]REGISTROS!G68+[1]PERMISOS!G68+[1]LICENCIAS!G68 -> 0 | H68: =[1]FISCALIZACIONES!H68+[1]CERTIFICADOS!H68+[1]REGISTROS!H68+[1]PERMISOS!H68+[1]LICENCIAS!H68 -> 0 | I68: =[1]FISCALIZACIONES!I68+[1]CERTIFICADOS!I68+[1]REGISTROS!I68+[1]PERMISOS!I68+[1]LICENCIAS!I68 -> 0 | J68: =[1]FISCALIZACIONES!J68+[1]CERTIFICADOS!J68+[1]REGISTROS!J68+[1]PERMISOS!J68+[1]LICENCIAS!J68 -> 0 | K68: =[1]FISCALIZACIONES!K68+[1]CERTIFICADOS!K68+[1]REGISTROS!K68+[1]PERMISOS!K68+[1]LICENCIAS!K68 -> 0 | L68: =[1]FISCALIZACIONES!L68+[1]CERTIFICADOS!L68+[1]REGISTROS!L68+[1]PERMISOS!L68+[1]LICENCIAS!L68 -> 0 | ... Z68: =[1]FISCALIZACIONES!Z68+[1]CERTIFICADOS!Z68+[1]REGISTROS!Z68+[1]PERMISOS!Z68+[1]LICENCIAS!Z68 -> 0
C69: Natalicio Talavera | D69: =SUM(E69:Z69) -> 0 | E69: =[1]FISCALIZACIONES!E69+[1]CERTIFICADOS!E69+[1]REGISTROS!E69+[1]PERMISOS!E69+[1]LICENCIAS!E69 -> 0 | F69: =[1]FISCALIZACIONES!F69+[1]CERTIFICADOS!F69+[1]REGISTROS!F69+[1]PERMISOS!F69+[1]LICENCIAS!F69 -> 0 | G69: =[1]FISCALIZACIONES!G69+[1]CERTIFICADOS!G69+[1]REGISTROS!G69+[1]PERMISOS!G69+[1]LICENCIAS!G69 -> 0 | H69: =[1]FISCALIZACIONES!H69+[1]CERTIFICADOS!H69+[1]REGISTROS!H69+[1]PERMISOS!H69+[1]LICENCIAS!H69 -> 0 | I69: =[1]FISCALIZACIONES!I69+[1]CERTIFICADOS!I69+[1]REGISTROS!I69+[1]PERMISOS!I69+[1]LICENCIAS!I69 -> 0 | J69: =[1]FISCALIZACIONES!J69+[1]CERTIFICADOS!J69+[1]REGISTROS!J69+[1]PERMISOS!J69+[1]LICENCIAS!J69 -> 0 | K69: =[1]FISCALIZACIONES!K69+[1]CERTIFICADOS!K69+[1]REGISTROS!K69+[1]PERMISOS!K69+[1]LICENCIAS!K69 -> 0 | L69: =[1]FISCALIZACIONES!L69+[1]CERTIFICADOS!L69+[1]REGISTROS!L69+[1]PERMISOS!L69+[1]LICENCIAS!L69 -> 0 | ... Z69: =[1]FISCALIZACIONES!Z69+[1]CERTIFICADOS!Z69+[1]REGISTROS!Z69+[1]PERMISOS!Z69+[1]LICENCIAS!Z69 -> 0
C70: Ñumí | D70: =SUM(E70:Z70) -> 2 | E70: =[1]FISCALIZACIONES!E70+[1]CERTIFICADOS!E70+[1]REGISTROS!E70+[1]PERMISOS!E70+[1]LICENCIAS!E70 -> 1 | F70: =[1]FISCALIZACIONES!F70+[1]CERTIFICADOS!F70+[1]REGISTROS!F70+[1]PERMISOS!F70+[1]LICENCIAS!F70 -> 1 | G70: =[1]FISCALIZACIONES!G70+[1]CERTIFICADOS!G70+[1]REGISTROS!G70+[1]PERMISOS!G70+[1]LICENCIAS!G70 -> 0 | H70: =[1]FISCALIZACIONES!H70+[1]CERTIFICADOS!H70+[1]REGISTROS!H70+[1]PERMISOS!H70+[1]LICENCIAS!H70 -> 0 | I70: =[1]FISCALIZACIONES!I70+[1]CERTIFICADOS!I70+[1]REGISTROS!I70+[1]PERMISOS!I70+[1]LICENCIAS!I70 -> 0 | J70: =[1]FISCALIZACIONES!J70+[1]CERTIFICADOS!J70+[1]REGISTROS!J70+[1]PERMISOS!J70+[1]LICENCIAS!J70 -> 0 | K70: =[1]FISCALIZACIONES!K70+[1]CERTIFICADOS!K70+[1]REGISTROS!K70+[1]PERMISOS!K70+[1]LICENCIAS!K70 -> 0 | L70: =[1]FISCALIZACIONES!L70+[1]CERTIFICADOS!L70+[1]REGISTROS!L70+[1]PERMISOS!L70+[1]LICENCIAS!L70 -> 0 | ... Z70: =[1]FISCALIZACIONES!Z70+[1]CERTIFICADOS!Z70+[1]REGISTROS!Z70+[1]PERMISOS!Z70+[1]LICENCIAS!Z70 -> 0
C71: Paso Yobái | D71: =SUM(E71:Z71) -> 2 | E71: =[1]FISCALIZACIONES!E71+[1]CERTIFICADOS!E71+[1]REGISTROS!E71+[1]PERMISOS!E71+[1]LICENCIAS!E71 -> 1 | F71: =[1]FISCALIZACIONES!F71+[1]CERTIFICADOS!F71+[1]REGISTROS!F71+[1]PERMISOS!F71+[1]LICENCIAS!F71 -> 0 | G71: =[1]FISCALIZACIONES!G71+[1]CERTIFICADOS!G71+[1]REGISTROS!G71+[1]PERMISOS!G71+[1]LICENCIAS!G71 -> 0 | H71: =[1]FISCALIZACIONES!H71+[1]CERTIFICADOS!H71+[1]REGISTROS!H71+[1]PERMISOS!H71+[1]LICENCIAS!H71 -> 1 | I71: =[1]FISCALIZACIONES!I71+[1]CERTIFICADOS!I71+[1]REGISTROS!I71+[1]PERMISOS!I71+[1]LICENCIAS!I71 -> 0 | J71: =[1]FISCALIZACIONES!J71+[1]CERTIFICADOS!J71+[1]REGISTROS!J71+[1]PERMISOS!J71+[1]LICENCIAS!J71 -> 0 | K71: =[1]FISCALIZACIONES!K71+[1]CERTIFICADOS!K71+[1]REGISTROS!K71+[1]PERMISOS!K71+[1]LICENCIAS!K71 -> 0 | L71: =[1]FISCALIZACIONES!L71+[1]CERTIFICADOS!L71+[1]REGISTROS!L71+[1]PERMISOS!L71+[1]LICENCIAS!L71 -> 0 | ... Z71: =[1]FISCALIZACIONES!Z71+[1]CERTIFICADOS!Z71+[1]REGISTROS!Z71+[1]PERMISOS!Z71+[1]LICENCIAS!Z71 -> 0
... C76: Yataity | D76: =SUM(E76:Z76) -> 2 | E76: =[1]FISCALIZACIONES!E76+[1]CERTIFICADOS!E76+[1]REGISTROS!E76+[1]PERMISOS!E76+[1]LICENCIAS!E76 -> 1 | F76: =[1]FISCALIZACIONES!F76+[1]CERTIFICADOS!F76+[1]REGISTROS!F76+[1]PERMISOS!F76+[1]LICENCIAS!F76 -> 1 | G76: =[1]FISCALIZACIONES!G76+[1]CERTIFICADOS!G76+[1]REGISTROS!G76+[1]PERMISOS!G76+[1]LICENCIAS!G76 -> 0 | H76: =[1]FISCALIZACIONES!H76+[1]CERTIFICADOS!H76+[1]REGISTROS!H76+[1]PERMISOS!H76+[1]LICENCIAS!H76 -> 0 | I76: =[1]FISCALIZACIONES!I76+[1]CERTIFICADOS!I76+[1]REGISTROS!I76+[1]PERMISOS!I76+[1]LICENCIAS!I76 -> 0 | J76: =[1]FISCALIZACIONES!J76+[1]CERTIFICADOS!J76+[1]REGISTROS!J76+[1]PERMISOS!J76+[1]LICENCIAS!J76 -> 0 | K76: =[1]FISCALIZACIONES!K76+[1]CERTIFICADOS!K76+[1]REGISTROS!K76+[1]PERMISOS!K76+[1]LICENCIAS!K76 -> 0 | L76: =[1]FISCALIZACIONES!L76+[1]CERTIFICADOS!L76+[1]REGISTROS!L76+[1]PERMISOS!L76+[1]LICENCIAS!L76 -> 0 | ... Z76: =[1]FISCALIZACIONES!Z76+[1]CERTIFICADOS!Z76+[1]REGISTROS!Z76+[1]PERMISOS!Z76+[1]LICENCIAS!Z76 -> 0
A77: CAAGUAZU | B77: =SUM(D77:D98) -> 93 | C77: Caaguazú | D77: =SUM(E77:Z77) -> 10 | E77: =[1]FISCALIZACIONES!E77+[1]CERTIFICADOS!E77+[1]REGISTROS!E77+[1]PERMISOS!E77+[1]LICENCIAS!E77 -> 1 | F77: =[1]FISCALIZACIONES!F77+[1]CERTIFICADOS!F77+[1]REGISTROS!F77+[1]PERMISOS!F77+[1]LICENCIAS!F77 -> 4 | G77: =[1]FISCALIZACIONES!G77+[1]CERTIFICADOS!G77+[1]REGISTROS!G77+[1]PERMISOS!G77+[1]LICENCIAS!G77 -> 0 | H77: =[1]FISCALIZACIONES!H77+[1]CERTIFICADOS!H77+[1]REGISTROS!H77+[1]PERMISOS!H77+[1]LICENCIAS!H77 -> 5 | I77: =[1]FISCALIZACIONES!I77+[1]CERTIFICADOS!I77+[1]REGISTROS!I77+[1]PERMISOS!I77+[1]LICENCIAS!I77 -> 0 | J77: =[1]FISCALIZACIONES!J77+[1]CERTIFICADOS!J77+[1]REGISTROS!J77+[1]PERMISOS!J77+[1]LICENCIAS!J77 -> 0 | K77: =[1]FISCALIZACIONES!K77+[1]CERTIFICADOS!K77+[1]REGISTROS!K77+[1]PERMISOS!K77+[1]LICENCIAS!K77 -> 0 | L77: =[1]FISCALIZACIONES!L77+[1]CERTIFICADOS!L77+[1]REGISTROS!L77+[1]PERMISOS!L77+[1]LICENCIAS!L77 -> 0 | ... Z77: =[1]FISCALIZACIONES!Z77+[1]CERTIFICADOS!Z77+[1]REGISTROS!Z77+[1]PERMISOS!Z77+[1]LICENCIAS!Z77 -> 0
C78: Carayaó | D78: =SUM(E78:Z78) -> 3 | E78: =[1]FISCALIZACIONES!E78+[1]CERTIFICADOS!E78+[1]REGISTROS!E78+[1]PERMISOS!E78+[1]LICENCIAS!E78 -> 1 | F78: =[1]FISCALIZACIONES!F78+[1]CERTIFICADOS!F78+[1]REGISTROS!F78+[1]PERMISOS!F78+[1]LICENCIAS!F78 -> 0 | G78: =[1]FISCALIZACIONES!G78+[1]CERTIFICADOS!G78+[1]REGISTROS!G78+[1]PERMISOS!G78+[1]LICENCIAS!G78 -> 0 | H78: =[1]FISCALIZACIONES!H78+[1]CERTIFICADOS!H78+[1]REGISTROS!H78+[1]PERMISOS!H78+[1]LICENCIAS!H78 -> 2 | I78: =[1]FISCALIZACIONES!I78+[1]CERTIFICADOS!I78+[1]REGISTROS!I78+[1]PERMISOS!I78+[1]LICENCIAS!I78 -> 0 | J78: =[1]FISCALIZACIONES!J78+[1]CERTIFICADOS!J78+[1]REGISTROS!J78+[1]PERMISOS!J78+[1]LICENCIAS!J78 -> 0 | K78: =[1]FISCALIZACIONES!K78+[1]CERTIFICADOS!K78+[1]REGISTROS!K78+[1]PERMISOS!K78+[1]LICENCIAS!K78 -> 0 | L78: =[1]FISCALIZACIONES!L78+[1]CERTIFICADOS!L78+[1]REGISTROS!L78+[1]PERMISOS!L78+[1]LICENCIAS!L78 -> 0 | ... Z78: =[1]FISCALIZACIONES!Z78+[1]CERTIFICADOS!Z78+[1]REGISTROS!Z78+[1]PERMISOS!Z78+[1]LICENCIAS!Z78 -> 0
C79: Coronel Oviedo | D79: =SUM(E79:Z79) -> 12 | E79: =[1]FISCALIZACIONES!E79+[1]CERTIFICADOS!E79+[1]REGISTROS!E79+[1]PERMISOS!E79+[1]LICENCIAS!E79 -> 1 | F79: =[1]FISCALIZACIONES!F79+[1]CERTIFICADOS!F79+[1]REGISTROS!F79+[1]PERMISOS!F79+[1]LICENCIAS!F79 -> 5 | G79: =[1]FISCALIZACIONES!G79+[1]CERTIFICADOS!G79+[1]REGISTROS!G79+[1]PERMISOS!G79+[1]LICENCIAS!G79 -> 0 | H79: =[1]FISCALIZACIONES!H79+[1]CERTIFICADOS!H79+[1]REGISTROS!H79+[1]PERMISOS!H79+[1]LICENCIAS!H79 -> 4 | I79: =[1]FISCALIZACIONES!I79+[1]CERTIFICADOS!I79+[1]REGISTROS!I79+[1]PERMISOS!I79+[1]LICENCIAS!I79 -> 1 | J79: =[1]FISCALIZACIONES!J79+[1]CERTIFICADOS!J79+[1]REGISTROS!J79+[1]PERMISOS!J79+[1]LICENCIAS!J79 -> 0 | K79: =[1]FISCALIZACIONES!K79+[1]CERTIFICADOS!K79+[1]REGISTROS!K79+[1]PERMISOS!K79+[1]LICENCIAS!K79 -> 0 | L79: =[1]FISCALIZACIONES!L79+[1]CERTIFICADOS!L79+[1]REGISTROS!L79+[1]PERMISOS!L79+[1]LICENCIAS!L79 -> 0 | ... Z79: =[1]FISCALIZACIONES!Z79+[1]CERTIFICADOS!Z79+[1]REGISTROS!Z79+[1]PERMISOS!Z79+[1]LICENCIAS!Z79 -> 0
C80: Doctor Cecilio Báez | D80: =SUM(E80:Z80) -> 3 | E80: =[1]FISCALIZACIONES!E80+[1]CERTIFICADOS!E80+[1]REGISTROS!E80+[1]PERMISOS!E80+[1]LICENCIAS!E80 -> 1 | F80: =[1]FISCALIZACIONES!F80+[1]CERTIFICADOS!F80+[1]REGISTROS!F80+[1]PERMISOS!F80+[1]LICENCIAS!F80 -> 0 | G80: =[1]FISCALIZACIONES!G80+[1]CERTIFICADOS!G80+[1]REGISTROS!G80+[1]PERMISOS!G80+[1]LICENCIAS!G80 -> 1 | H80: =[1]FISCALIZACIONES!H80+[1]CERTIFICADOS!H80+[1]REGISTROS!H80+[1]PERMISOS!H80+[1]LICENCIAS!H80 -> 1 | I80: =[1]FISCALIZACIONES!I80+[1]CERTIFICADOS!I80+[1]REGISTROS!I80+[1]PERMISOS!I80+[1]LICENCIAS!I80 -> 0 | J80: =[1]FISCALIZACIONES!J80+[1]CERTIFICADOS!J80+[1]REGISTROS!J80+[1]PERMISOS!J80+[1]LICENCIAS!J80 -> 0 | K80: =[1]FISCALIZACIONES!K80+[1]CERTIFICADOS!K80+[1]REGISTROS!K80+[1]PERMISOS!K80+[1]LICENCIAS!K80 -> 0 | L80: =[1]FISCALIZACIONES!L80+[1]CERTIFICADOS!L80+[1]REGISTROS!L80+[1]PERMISOS!L80+[1]LICENCIAS!L80 -> 0 | ... Z80: =[1]FISCALIZACIONES!Z80+[1]CERTIFICADOS!Z80+[1]REGISTROS!Z80+[1]PERMISOS!Z80+[1]LICENCIAS!Z80 -> 0
C81: Doctor J. Eulogio Estigarribia | D81: =SUM(E81:Z81) -> 5 | E81: =[1]FISCALIZACIONES!E81+[1]CERTIFICADOS!E81+[1]REGISTROS!E81+[1]PERMISOS!E81+[1]LICENCIAS!E81 -> 1 | F81: =[1]FISCALIZACIONES!F81+[1]CERTIFICADOS!F81+[1]REGISTROS!F81+[1]PERMISOS!F81+[1]LICENCIAS!F81 -> 3 | G81: =[1]FISCALIZACIONES!G81+[1]CERTIFICADOS!G81+[1]REGISTROS!G81+[1]PERMISOS!G81+[1]LICENCIAS!G81 -> 0 | H81: =[1]FISCALIZACIONES!H81+[1]CERTIFICADOS!H81+[1]REGISTROS!H81+[1]PERMISOS!H81+[1]LICENCIAS!H81 -> 0 | I81: =[1]FISCALIZACIONES!I81+[1]CERTIFICADOS!I81+[1]REGISTROS!I81+[1]PERMISOS!I81+[1]LICENCIAS!I81 -> 1 | J81: =[1]FISCALIZACIONES!J81+[1]CERTIFICADOS!J81+[1]REGISTROS!J81+[1]PERMISOS!J81+[1]LICENCIAS!J81 -> 0 | K81: =[1]FISCALIZACIONES!K81+[1]CERTIFICADOS!K81+[1]REGISTROS!K81+[1]PERMISOS!K81+[1]LICENCIAS!K81 -> 0 | L81: =[1]FISCALIZACIONES!L81+[1]CERTIFICADOS!L81+[1]REGISTROS!L81+[1]PERMISOS!L81+[1]LICENCIAS!L81 -> 0 | ... Z81: =[1]FISCALIZACIONES!Z81+[1]CERTIFICADOS!Z81+[1]REGISTROS!Z81+[1]PERMISOS!Z81+[1]LICENCIAS!Z81 -> 0
C82: Doctor Juan Manuel Frutos | D82: =SUM(E82:Z82) -> 9 | E82: =[1]FISCALIZACIONES!E82+[1]CERTIFICADOS!E82+[1]REGISTROS!E82+[1]PERMISOS!E82+[1]LICENCIAS!E82 -> 1 | F82: =[1]FISCALIZACIONES!F82+[1]CERTIFICADOS!F82+[1]REGISTROS!F82+[1]PERMISOS!F82+[1]LICENCIAS!F82 -> 6 | G82: =[1]FISCALIZACIONES!G82+[1]CERTIFICADOS!G82+[1]REGISTROS!G82+[1]PERMISOS!G82+[1]LICENCIAS!G82 -> 1 | H82: =[1]FISCALIZACIONES!H82+[1]CERTIFICADOS!H82+[1]REGISTROS!H82+[1]PERMISOS!H82+[1]LICENCIAS!H82 -> 0 | I82: =[1]FISCALIZACIONES!I82+[1]CERTIFICADOS!I82+[1]REGISTROS!I82+[1]PERMISOS!I82+[1]LICENCIAS!I82 -> 0 | J82: =[1]FISCALIZACIONES!J82+[1]CERTIFICADOS!J82+[1]REGISTROS!J82+[1]PERMISOS!J82+[1]LICENCIAS!J82 -> 0 | K82: =[1]FISCALIZACIONES!K82+[1]CERTIFICADOS!K82+[1]REGISTROS!K82+[1]PERMISOS!K82+[1]LICENCIAS!K82 -> 0 | L82: =[1]FISCALIZACIONES!L82+[1]CERTIFICADOS!L82+[1]REGISTROS!L82+[1]PERMISOS!L82+[1]LICENCIAS!L82 -> 0 | ... Z82: =[1]FISCALIZACIONES!Z82+[1]CERTIFICADOS!Z82+[1]REGISTROS!Z82+[1]PERMISOS!Z82+[1]LICENCIAS!Z82 -> 1
C83: José Domingo Ocampos | D83: =SUM(E83:Z83) -> 10 | E83: =[1]FISCALIZACIONES!E83+[1]CERTIFICADOS!E83+[1]REGISTROS!E83+[1]PERMISOS!E83+[1]LICENCIAS!E83 -> 1 | F83: =[1]FISCALIZACIONES!F83+[1]CERTIFICADOS!F83+[1]REGISTROS!F83+[1]PERMISOS!F83+[1]LICENCIAS!F83 -> 8 | G83: =[1]FISCALIZACIONES!G83+[1]CERTIFICADOS!G83+[1]REGISTROS!G83+[1]PERMISOS!G83+[1]LICENCIAS!G83 -> 0 | H83: =[1]FISCALIZACIONES!H83+[1]CERTIFICADOS!H83+[1]REGISTROS!H83+[1]PERMISOS!H83+[1]LICENCIAS!H83 -> 1 | I83: =[1]FISCALIZACIONES!I83+[1]CERTIFICADOS!I83+[1]REGISTROS!I83+[1]PERMISOS!I83+[1]LICENCIAS!I83 -> 0 | J83: =[1]FISCALIZACIONES!J83+[1]CERTIFICADOS!J83+[1]REGISTROS!J83+[1]PERMISOS!J83+[1]LICENCIAS!J83 -> 0 | K83: =[1]FISCALIZACIONES!K83+[1]CERTIFICADOS!K83+[1]REGISTROS!K83+[1]PERMISOS!K83+[1]LICENCIAS!K83 -> 0 | L83: =[1]FISCALIZACIONES!L83+[1]CERTIFICADOS!L83+[1]REGISTROS!L83+[1]PERMISOS!L83+[1]LICENCIAS!L83 -> 0 | ... Z83: =[1]FISCALIZACIONES!Z83+[1]CERTIFICADOS!Z83+[1]REGISTROS!Z83+[1]PERMISOS!Z83+[1]LICENCIAS!Z83 -> 0
C84: La Pastora | D84: =SUM(E84:Z84) -> 2 | E84: =[1]FISCALIZACIONES!E84+[1]CERTIFICADOS!E84+[1]REGISTROS!E84+[1]PERMISOS!E84+[1]LICENCIAS!E84 -> 1 | F84: =[1]FISCALIZACIONES!F84+[1]CERTIFICADOS!F84+[1]REGISTROS!F84+[1]PERMISOS!F84+[1]LICENCIAS!F84 -> 1 | G84: =[1]FISCALIZACIONES!G84+[1]CERTIFICADOS!G84+[1]REGISTROS!G84+[1]PERMISOS!G84+[1]LICENCIAS!G84 -> 0 | H84: =[1]FISCALIZACIONES!H84+[1]CERTIFICADOS!H84+[1]REGISTROS!H84+[1]PERMISOS!H84+[1]LICENCIAS!H84 -> 0 | I84: =[1]FISCALIZACIONES!I84+[1]CERTIFICADOS!I84+[1]REGISTROS!I84+[1]PERMISOS!I84+[1]LICENCIAS!I84 -> 0 | J84: =[1]FISCALIZACIONES!J84+[1]CERTIFICADOS!J84+[1]REGISTROS!J84+[1]PERMISOS!J84+[1]LICENCIAS!J84 -> 0 | K84: =[1]FISCALIZACIONES!K84+[1]CERTIFICADOS!K84+[1]REGISTROS!K84+[1]PERMISOS!K84+[1]LICENCIAS!K84 -> 0 | L84: =[1]FISCALIZACIONES!L84+[1]CERTIFICADOS!L84+[1]REGISTROS!L84+[1]PERMISOS!L84+[1]LICENCIAS!L84 -> 0 | ... Z84: =[1]FISCALIZACIONES!Z84+[1]CERTIFICADOS!Z84+[1]REGISTROS!Z84+[1]PERMISOS!Z84+[1]LICENCIAS!Z84 -> 0
C85: Mcal. Francisco S. López | D85: =SUM(E85:Z85) -> 2 | E85: =[1]FISCALIZACIONES!E85+[1]CERTIFICADOS!E85+[1]REGISTROS!E85+[1]PERMISOS!E85+[1]LICENCIAS!E85 -> 1 | F85: =[1]FISCALIZACIONES!F85+[1]CERTIFICADOS!F85+[1]REGISTROS!F85+[1]PERMISOS!F85+[1]LICENCIAS!F85 -> 1 | G85: =[1]FISCALIZACIONES!G85+[1]CERTIFICADOS!G85+[1]REGISTROS!G85+[1]PERMISOS!G85+[1]LICENCIAS!G85 -> 0 | H85: =[1]FISCALIZACIONES!H85+[1]CERTIFICADOS!H85+[1]REGISTROS!H85+[1]PERMISOS!H85+[1]LICENCIAS!H85 -> 0 | I85: =[1]FISCALIZACIONES!I85+[1]CERTIFICADOS!I85+[1]REGISTROS!I85+[1]PERMISOS!I85+[1]LICENCIAS!I85 -> 0 | J85: =[1]FISCALIZACIONES!J85+[1]CERTIFICADOS!J85+[1]REGISTROS!J85+[1]PERMISOS!J85+[1]LICENCIAS!J85 -> 0 | K85: =[1]FISCALIZACIONES!K85+[1]CERTIFICADOS!K85+[1]REGISTROS!K85+[1]PERMISOS!K85+[1]LICENCIAS!K85 -> 0 | L85: =[1]FISCALIZACIONES!L85+[1]CERTIFICADOS!L85+[1]REGISTROS!L85+[1]PERMISOS!L85+[1]LICENCIAS!L85 -> 0 | ... Z85: =[1]FISCALIZACIONES!Z85+[1]CERTIFICADOS!Z85+[1]REGISTROS!Z85+[1]PERMISOS!Z85+[1]LICENCIAS!Z85 -> 0
C86: Nueva Londres | D86: =SUM(E86:Z86) -> 3 | E86: =[1]FISCALIZACIONES!E86+[1]CERTIFICADOS!E86+[1]REGISTROS!E86+[1]PERMISOS!E86+[1]LICENCIAS!E86 -> 1 | F86: =[1]FISCALIZACIONES!F86+[1]CERTIFICADOS!F86+[1]REGISTROS!F86+[1]PERMISOS!F86+[1]LICENCIAS!F86 -> 1 | G86: =[1]FISCALIZACIONES!G86+[1]CERTIFICADOS!G86+[1]REGISTROS!G86+[1]PERMISOS!G86+[1]LICENCIAS!G86 -> 0 | H86: =[1]FISCALIZACIONES!H86+[1]CERTIFICADOS!H86+[1]REGISTROS!H86+[1]PERMISOS!H86+[1]LICENCIAS!H86 -> 1 | I86: =[1]FISCALIZACIONES!I86+[1]CERTIFICADOS!I86+[1]REGISTROS!I86+[1]PERMISOS!I86+[1]LICENCIAS!I86 -> 0 | J86: =[1]FISCALIZACIONES!J86+[1]CERTIFICADOS!J86+[1]REGISTROS!J86+[1]PERMISOS!J86+[1]LICENCIAS!J86 -> 0 | K86: =[1]FISCALIZACIONES!K86+[1]CERTIFICADOS!K86+[1]REGISTROS!K86+[1]PERMISOS!K86+[1]LICENCIAS!K86 -> 0 | L86: =[1]FISCALIZACIONES!L86+[1]CERTIFICADOS!L86+[1]REGISTROS!L86+[1]PERMISOS!L86+[1]LICENCIAS!L86 -> 0 | ... Z86: =[1]FISCALIZACIONES!Z86+[1]CERTIFICADOS!Z86+[1]REGISTROS!Z86+[1]PERMISOS!Z86+[1]LICENCIAS!Z86 -> 0
C87: Nueva Toledo | D87: =SUM(E87:Z87) -> 3 | E87: =[1]FISCALIZACIONES!E87+[1]CERTIFICADOS!E87+[1]REGISTROS!E87+[1]PERMISOS!E87+[1]LICENCIAS!E87 -> 0 | F87: =[1]FISCALIZACIONES!F87+[1]CERTIFICADOS!F87+[1]REGISTROS!F87+[1]PERMISOS!F87+[1]LICENCIAS!F87 -> 1 | G87: =[1]FISCALIZACIONES!G87+[1]CERTIFICADOS!G87+[1]REGISTROS!G87+[1]PERMISOS!G87+[1]LICENCIAS!G87 -> 1 | H87: =[1]FISCALIZACIONES!H87+[1]CERTIFICADOS!H87+[1]REGISTROS!H87+[1]PERMISOS!H87+[1]LICENCIAS!H87 -> 0 | I87: =[1]FISCALIZACIONES!I87+[1]CERTIFICADOS!I87+[1]REGISTROS!I87+[1]PERMISOS!I87+[1]LICENCIAS!I87 -> 1 | J87: =[1]FISCALIZACIONES!J87+[1]CERTIFICADOS!J87+[1]REGISTROS!J87+[1]PERMISOS!J87+[1]LICENCIAS!J87 -> 0 | K87: =[1]FISCALIZACIONES!K87+[1]CERTIFICADOS!K87+[1]REGISTROS!K87+[1]PERMISOS!K87+[1]LICENCIAS!K87 -> 0 | L87: =[1]FISCALIZACIONES!L87+[1]CERTIFICADOS!L87+[1]REGISTROS!L87+[1]PERMISOS!L87+[1]LICENCIAS!L87 -> 0 | ... Z87: =[1]FISCALIZACIONES!Z87+[1]CERTIFICADOS!Z87+[1]REGISTROS!Z87+[1]PERMISOS!Z87+[1]LICENCIAS!Z87 -> 0
C88: Raúl Arsenio Oviedo | D88: =SUM(E88:Z88) -> 4 | E88: =[1]FISCALIZACIONES!E88+[1]CERTIFICADOS!E88+[1]REGISTROS!E88+[1]PERMISOS!E88+[1]LICENCIAS!E88 -> 1 | F88: =[1]FISCALIZACIONES!F88+[1]CERTIFICADOS!F88+[1]REGISTROS!F88+[1]PERMISOS!F88+[1]LICENCIAS!F88 -> 2 | G88: =[1]FISCALIZACIONES!G88+[1]CERTIFICADOS!G88+[1]REGISTROS!G88+[1]PERMISOS!G88+[1]LICENCIAS!G88 -> 1 | H88: =[1]FISCALIZACIONES!H88+[1]CERTIFICADOS!H88+[1]REGISTROS!H88+[1]PERMISOS!H88+[1]LICENCIAS!H88 -> 0 | I88: =[1]FISCALIZACIONES!I88+[1]CERTIFICADOS!I88+[1]REGISTROS!I88+[1]PERMISOS!I88+[1]LICENCIAS!I88 -> 0 | J88: =[1]FISCALIZACIONES!J88+[1]CERTIFICADOS!J88+[1]REGISTROS!J88+[1]PERMISOS!J88+[1]LICENCIAS!J88 -> 0 | K88: =[1]FISCALIZACIONES!K88+[1]CERTIFICADOS!K88+[1]REGISTROS!K88+[1]PERMISOS!K88+[1]LICENCIAS!K88 -> 0 | L88: =[1]FISCALIZACIONES!L88+[1]CERTIFICADOS!L88+[1]REGISTROS!L88+[1]PERMISOS!L88+[1]LICENCIAS!L88 -> 0 | ... Z88: =[1]FISCALIZACIONES!Z88+[1]CERTIFICADOS!Z88+[1]REGISTROS!Z88+[1]PERMISOS!Z88+[1]LICENCIAS!Z88 -> 0
C89: Repatriación | D89: =SUM(E89:Z89) -> 1 | E89: =[1]FISCALIZACIONES!E89+[1]CERTIFICADOS!E89+[1]REGISTROS!E89+[1]PERMISOS!E89+[1]LICENCIAS!E89 -> 0 | F89: =[1]FISCALIZACIONES!F89+[1]CERTIFICADOS!F89+[1]REGISTROS!F89+[1]PERMISOS!F89+[1]LICENCIAS!F89 -> 1 | G89: =[1]FISCALIZACIONES!G89+[1]CERTIFICADOS!G89+[1]REGISTROS!G89+[1]PERMISOS!G89+[1]LICENCIAS!G89 -> 0 | H89: =[1]FISCALIZACIONES!H89+[1]CERTIFICADOS!H89+[1]REGISTROS!H89+[1]PERMISOS!H89+[1]LICENCIAS!H89 -> 0 | I89: =[1]FISCALIZACIONES!I89+[1]CERTIFICADOS!I89+[1]REGISTROS!I89+[1]PERMISOS!I89+[1]LICENCIAS!I89 -> 0 | J89: =[1]FISCALIZACIONES!J89+[1]CERTIFICADOS!J89+[1]REGISTROS!J89+[1]PERMISOS!J89+[1]LICENCIAS!J89 -> 0 | K89: =[1]FISCALIZACIONES!K89+[1]CERTIFICADOS!K89+[1]REGISTROS!K89+[1]PERMISOS!K89+[1]LICENCIAS!K89 -> 0 | L89: =[1]FISCALIZACIONES!L89+[1]CERTIFICADOS!L89+[1]REGISTROS!L89+[1]PERMISOS!L89+[1]LICENCIAS!L89 -> 0 | ... Z89: =[1]FISCALIZACIONES!Z89+[1]CERTIFICADOS!Z89+[1]REGISTROS!Z89+[1]PERMISOS!Z89+[1]LICENCIAS!Z89 -> 0
... C98: Yhú | D98: =SUM(E98:Z98) -> 4 | E98: =[1]FISCALIZACIONES!E98+[1]CERTIFICADOS!E98+[1]REGISTROS!E98+[1]PERMISOS!E98+[1]LICENCIAS!E98 -> 1 | F98: =[1]FISCALIZACIONES!F98+[1]CERTIFICADOS!F98+[1]REGISTROS!F98+[1]PERMISOS!F98+[1]LICENCIAS!F98 -> 2 | G98: =[1]FISCALIZACIONES!G98+[1]CERTIFICADOS!G98+[1]REGISTROS!G98+[1]PERMISOS!G98+[1]LICENCIAS!G98 -> 0 | H98: =[1]FISCALIZACIONES!H98+[1]CERTIFICADOS!H98+[1]REGISTROS!H98+[1]PERMISOS!H98+[1]LICENCIAS!H98 -> 0 | I98: =[1]FISCALIZACIONES!I98+[1]CERTIFICADOS!I98+[1]REGISTROS!I98+[1]PERMISOS!I98+[1]LICENCIAS!I98 -> 1 | J98: =[1]FISCALIZACIONES!J98+[1]CERTIFICADOS!J98+[1]REGISTROS!J98+[1]PERMISOS!J98+[1]LICENCIAS!J98 -> 0 | K98: =[1]FISCALIZACIONES!K98+[1]CERTIFICADOS!K98+[1]REGISTROS!K98+[1]PERMISOS!K98+[1]LICENCIAS!K98 -> 0 | L98: =[1]FISCALIZACIONES!L98+[1]CERTIFICADOS!L98+[1]REGISTROS!L98+[1]PERMISOS!L98+[1]LICENCIAS!L98 -> 0 | ... Z98: =[1]FISCALIZACIONES!Z98+[1]CERTIFICADOS!Z98+[1]REGISTROS!Z98+[1]PERMISOS!Z98+[1]LICENCIAS!Z98 -> 0
A99: CAAZAPA | B99: =SUM(D99:D109) -> 24 | C99: Tres de Mayo | D99: =SUM(E99:Z99) -> 2 | E99: =[1]FISCALIZACIONES!E99+[1]CERTIFICADOS!E99+[1]REGISTROS!E99+[1]PERMISOS!E99+[1]LICENCIAS!E99 -> 0 | F99: =[1]FISCALIZACIONES!F99+[1]CERTIFICADOS!F99+[1]REGISTROS!F99+[1]PERMISOS!F99+[1]LICENCIAS!F99 -> 1 | G99: =[1]FISCALIZACIONES!G99+[1]CERTIFICADOS!G99+[1]REGISTROS!G99+[1]PERMISOS!G99+[1]LICENCIAS!G99 -> 1 | H99: =[1]FISCALIZACIONES!H99+[1]CERTIFICADOS!H99+[1]REGISTROS!H99+[1]PERMISOS!H99+[1]LICENCIAS!H99 -> 0 | I99: =[1]FISCALIZACIONES!I99+[1]CERTIFICADOS!I99+[1]REGISTROS!I99+[1]PERMISOS!I99+[1]LICENCIAS!I99 -> 0 | J99: =[1]FISCALIZACIONES!J99+[1]CERTIFICADOS!J99+[1]REGISTROS!J99+[1]PERMISOS!J99+[1]LICENCIAS!J99 -> 0 | K99: =[1]FISCALIZACIONES!K99+[1]CERTIFICADOS!K99+[1]REGISTROS!K99+[1]PERMISOS!K99+[1]LICENCIAS!K99 -> 0 | L99: =[1]FISCALIZACIONES!L99+[1]CERTIFICADOS!L99+[1]REGISTROS!L99+[1]PERMISOS!L99+[1]LICENCIAS!L99 -> 0 | ... Z99: =[1]FISCALIZACIONES!Z99+[1]CERTIFICADOS!Z99+[1]REGISTROS!Z99+[1]PERMISOS!Z99+[1]LICENCIAS!Z99 -> 0
C100: Abaí | D100: =SUM(E100:Z100) -> 1 | E100: =[1]FISCALIZACIONES!E100+[1]CERTIFICADOS!E100+[1]REGISTROS!E100+[1]PERMISOS!E100+[1]LICENCIAS!E100 -> 0 | F100: =[1]FISCALIZACIONES!F100+[1]CERTIFICADOS!F100+[1]REGISTROS!F100+[1]PERMISOS!F100+[1]LICENCIAS!F100 -> 0 | G100: =[1]FISCALIZACIONES!G100+[1]CERTIFICADOS!G100+[1]REGISTROS!G100+[1]PERMISOS!G100+[1]LICENCIAS!G100 -> 0 | H100: =[1]FISCALIZACIONES!H100+[1]CERTIFICADOS!H100+[1]REGISTROS!H100+[1]PERMISOS!H100+[1]LICENCIAS!H100 -> 1 | I100: =[1]FISCALIZACIONES!I100+[1]CERTIFICADOS!I100+[1]REGISTROS!I100+[1]PERMISOS!I100+[1]LICENCIAS!I100 -> 0 | J100: =[1]FISCALIZACIONES!J100+[1]CERTIFICADOS!J100+[1]REGISTROS!J100+[1]PERMISOS!J100+[1]LICENCIAS!J100 -> 0 | K100: =[1]FISCALIZACIONES!K100+[1]CERTIFICADOS!K100+[1]REGISTROS!K100+[1]PERMISOS!K100+[1]LICENCIAS!K100 -> 0 | L100: =[1]FISCALIZACIONES!L100+[1]CERTIFICADOS!L100+[1]REGISTROS!L100+[1]PERMISOS!L100+[1]LICENCIAS!L100 -> 0 | ... Z100: =[1]FISCALIZACIONES!Z100+[1]CERTIFICADOS!Z100+[1]REGISTROS!Z100+[1]PERMISOS!Z100+[1]LICENCIAS!Z100 -> 0
C101: Buena Vista | D101: =SUM(E101:Z101) -> 0 | E101: =[1]FISCALIZACIONES!E101+[1]CERTIFICADOS!E101+[1]REGISTROS!E101+[1]PERMISOS!E101+[1]LICENCIAS!E101 -> 0 | F101: =[1]FISCALIZACIONES!F101+[1]CERTIFICADOS!F101+[1]REGISTROS!F101+[1]PERMISOS!F101+[1]LICENCIAS!F101 -> 0 | G101: =[1]FISCALIZACIONES!G101+[1]CERTIFICADOS!G101+[1]REGISTROS!G101+[1]PERMISOS!G101+[1]LICENCIAS!G101 -> 0 | H101: =[1]FISCALIZACIONES!H101+[1]CERTIFICADOS!H101+[1]REGISTROS!H101+[1]PERMISOS!H101+[1]LICENCIAS!H101 -> 0 | I101: =[1]FISCALIZACIONES!I101+[1]CERTIFICADOS!I101+[1]REGISTROS!I101+[1]PERMISOS!I101+[1]LICENCIAS!I101 -> 0 | J101: =[1]FISCALIZACIONES!J101+[1]CERTIFICADOS!J101+[1]REGISTROS!J101+[1]PERMISOS!J101+[1]LICENCIAS!J101 -> 0 | K101: =[1]FISCALIZACIONES!K101+[1]CERTIFICADOS!K101+[1]REGISTROS!K101+[1]PERMISOS!K101+[1]LICENCIAS!K101 -> 0 | L101: =[1]FISCALIZACIONES!L101+[1]CERTIFICADOS!L101+[1]REGISTROS!L101+[1]PERMISOS!L101+[1]LICENCIAS!L101 -> 0 | ... Z101: =[1]FISCALIZACIONES!Z101+[1]CERTIFICADOS!Z101+[1]REGISTROS!Z101+[1]PERMISOS!Z101+[1]LICENCIAS!Z101 -> 0
C102: Caazapá | D102: =SUM(E102:Z102) -> 3 | E102: =[1]FISCALIZACIONES!E102+[1]CERTIFICADOS!E102+[1]REGISTROS!E102+[1]PERMISOS!E102+[1]LICENCIAS!E102 -> 1 | F102: =[1]FISCALIZACIONES!F102+[1]CERTIFICADOS!F102+[1]REGISTROS!F102+[1]PERMISOS!F102+[1]LICENCIAS!F102 -> 0 | G102: =[1]FISCALIZACIONES!G102+[1]CERTIFICADOS!G102+[1]REGISTROS!G102+[1]PERMISOS!G102+[1]LICENCIAS!G102 -> 1 | H102: =[1]FISCALIZACIONES!H102+[1]CERTIFICADOS!H102+[1]REGISTROS!H102+[1]PERMISOS!H102+[1]LICENCIAS!H102 -> 1 | I102: =[1]FISCALIZACIONES!I102+[1]CERTIFICADOS!I102+[1]REGISTROS!I102+[1]PERMISOS!I102+[1]LICENCIAS!I102 -> 0 | J102: =[1]FISCALIZACIONES!J102+[1]CERTIFICADOS!J102+[1]REGISTROS!J102+[1]PERMISOS!J102+[1]LICENCIAS!J102 -> 0 | K102: =[1]FISCALIZACIONES!K102+[1]CERTIFICADOS!K102+[1]REGISTROS!K102+[1]PERMISOS!K102+[1]LICENCIAS!K102 -> 0 | L102: =[1]FISCALIZACIONES!L102+[1]CERTIFICADOS!L102+[1]REGISTROS!L102+[1]PERMISOS!L102+[1]LICENCIAS!L102 -> 0 | ... Z102: =[1]FISCALIZACIONES!Z102+[1]CERTIFICADOS!Z102+[1]REGISTROS!Z102+[1]PERMISOS!Z102+[1]LICENCIAS!Z102 -> 0
C103: Doctor Moisés S. Bertoni | D103: =SUM(E103:Z103) -> 2 | E103: =[1]FISCALIZACIONES!E103+[1]CERTIFICADOS!E103+[1]REGISTROS!E103+[1]PERMISOS!E103+[1]LICENCIAS!E103 -> 1 | F103: =[1]FISCALIZACIONES!F103+[1]CERTIFICADOS!F103+[1]REGISTROS!F103+[1]PERMISOS!F103+[1]LICENCIAS!F103 -> 1 | G103: =[1]FISCALIZACIONES!G103+[1]CERTIFICADOS!G103+[1]REGISTROS!G103+[1]PERMISOS!G103+[1]LICENCIAS!G103 -> 0 | H103: =[1]FISCALIZACIONES!H103+[1]CERTIFICADOS!H103+[1]REGISTROS!H103+[1]PERMISOS!H103+[1]LICENCIAS!H103 -> 0 | I103: =[1]FISCALIZACIONES!I103+[1]CERTIFICADOS!I103+[1]REGISTROS!I103+[1]PERMISOS!I103+[1]LICENCIAS!I103 -> 0 | J103: =[1]FISCALIZACIONES!J103+[1]CERTIFICADOS!J103+[1]REGISTROS!J103+[1]PERMISOS!J103+[1]LICENCIAS!J103 -> 0 | K103: =[1]FISCALIZACIONES!K103+[1]CERTIFICADOS!K103+[1]REGISTROS!K103+[1]PERMISOS!K103+[1]LICENCIAS!K103 -> 0 | L103: =[1]FISCALIZACIONES!L103+[1]CERTIFICADOS!L103+[1]REGISTROS!L103+[1]PERMISOS!L103+[1]LICENCIAS!L103 -> 0 | ... Z103: =[1]FISCALIZACIONES!Z103+[1]CERTIFICADOS!Z103+[1]REGISTROS!Z103+[1]PERMISOS!Z103+[1]LICENCIAS!Z103 -> 0
C104: Fulgencio Yegros | D104: =SUM(E104:Z104) -> 2 | E104: =[1]FISCALIZACIONES!E104+[1]CERTIFICADOS!E104+[1]REGISTROS!E104+[1]PERMISOS!E104+[1]LICENCIAS!E104 -> 1 | F104: =[1]FISCALIZACIONES!F104+[1]CERTIFICADOS!F104+[1]REGISTROS!F104+[1]PERMISOS!F104+[1]LICENCIAS!F104 -> 0 | G104: =[1]FISCALIZACIONES!G104+[1]CERTIFICADOS!G104+[1]REGISTROS!G104+[1]PERMISOS!G104+[1]LICENCIAS!G104 -> 1 | H104: =[1]FISCALIZACIONES!H104+[1]CERTIFICADOS!H104+[1]REGISTROS!H104+[1]PERMISOS!H104+[1]LICENCIAS!H104 -> 0 | I104: =[1]FISCALIZACIONES!I104+[1]CERTIFICADOS!I104+[1]REGISTROS!I104+[1]PERMISOS!I104+[1]LICENCIAS!I104 -> 0 | J104: =[1]FISCALIZACIONES!J104+[1]CERTIFICADOS!J104+[1]REGISTROS!J104+[1]PERMISOS!J104+[1]LICENCIAS!J104 -> 0 | K104: =[1]FISCALIZACIONES!K104+[1]CERTIFICADOS!K104+[1]REGISTROS!K104+[1]PERMISOS!K104+[1]LICENCIAS!K104 -> 0 | L104: =[1]FISCALIZACIONES!L104+[1]CERTIFICADOS!L104+[1]REGISTROS!L104+[1]PERMISOS!L104+[1]LICENCIAS!L104 -> 0 | ... Z104: =[1]FISCALIZACIONES!Z104+[1]CERTIFICADOS!Z104+[1]REGISTROS!Z104+[1]PERMISOS!Z104+[1]LICENCIAS!Z104 -> 0
C105: General Higinio Morínigo | D105: =SUM(E105:Z105) -> 2 | E105: =[1]FISCALIZACIONES!E105+[1]CERTIFICADOS!E105+[1]REGISTROS!E105+[1]PERMISOS!E105+[1]LICENCIAS!E105 -> 1 | F105: =[1]FISCALIZACIONES!F105+[1]CERTIFICADOS!F105+[1]REGISTROS!F105+[1]PERMISOS!F105+[1]LICENCIAS!F105 -> 1 | G105: =[1]FISCALIZACIONES!G105+[1]CERTIFICADOS!G105+[1]REGISTROS!G105+[1]PERMISOS!G105+[1]LICENCIAS!G105 -> 0 | H105: =[1]FISCALIZACIONES!H105+[1]CERTIFICADOS!H105+[1]REGISTROS!H105+[1]PERMISOS!H105+[1]LICENCIAS!H105 -> 0 | I105: =[1]FISCALIZACIONES!I105+[1]CERTIFICADOS!I105+[1]REGISTROS!I105+[1]PERMISOS!I105+[1]LICENCIAS!I105 -> 0 | J105: =[1]FISCALIZACIONES!J105+[1]CERTIFICADOS!J105+[1]REGISTROS!J105+[1]PERMISOS!J105+[1]LICENCIAS!J105 -> 0 | K105: =[1]FISCALIZACIONES!K105+[1]CERTIFICADOS!K105+[1]REGISTROS!K105+[1]PERMISOS!K105+[1]LICENCIAS!K105 -> 0 | L105: =[1]FISCALIZACIONES!L105+[1]CERTIFICADOS!L105+[1]REGISTROS!L105+[1]PERMISOS!L105+[1]LICENCIAS!L105 -> 0 | ... Z105: =[1]FISCALIZACIONES!Z105+[1]CERTIFICADOS!Z105+[1]REGISTROS!Z105+[1]PERMISOS!Z105+[1]LICENCIAS!Z105 -> 0
C106: Maciel | D106: =SUM(E106:Z106) -> 2 | E106: =[1]FISCALIZACIONES!E106+[1]CERTIFICADOS!E106+[1]REGISTROS!E106+[1]PERMISOS!E106+[1]LICENCIAS!E106 -> 0 | F106: =[1]FISCALIZACIONES!F106+[1]CERTIFICADOS!F106+[1]REGISTROS!F106+[1]PERMISOS!F106+[1]LICENCIAS!F106 -> 0 | G106: =[1]FISCALIZACIONES!G106+[1]CERTIFICADOS!G106+[1]REGISTROS!G106+[1]PERMISOS!G106+[1]LICENCIAS!G106 -> 0 | H106: =[1]FISCALIZACIONES!H106+[1]CERTIFICADOS!H106+[1]REGISTROS!H106+[1]PERMISOS!H106+[1]LICENCIAS!H106 -> 2 | I106: =[1]FISCALIZACIONES!I106+[1]CERTIFICADOS!I106+[1]REGISTROS!I106+[1]PERMISOS!I106+[1]LICENCIAS!I106 -> 0 | J106: =[1]FISCALIZACIONES!J106+[1]CERTIFICADOS!J106+[1]REGISTROS!J106+[1]PERMISOS!J106+[1]LICENCIAS!J106 -> 0 | K106: =[1]FISCALIZACIONES!K106+[1]CERTIFICADOS!K106+[1]REGISTROS!K106+[1]PERMISOS!K106+[1]LICENCIAS!K106 -> 0 | L106: =[1]FISCALIZACIONES!L106+[1]CERTIFICADOS!L106+[1]REGISTROS!L106+[1]PERMISOS!L106+[1]LICENCIAS!L106 -> 0 | ... Z106: =[1]FISCALIZACIONES!Z106+[1]CERTIFICADOS!Z106+[1]REGISTROS!Z106+[1]PERMISOS!Z106+[1]LICENCIAS!Z106 -> 0
C107: San Juan Nepomuceno | D107: =SUM(E107:Z107) -> 4 | E107: =[1]FISCALIZACIONES!E107+[1]CERTIFICADOS!E107+[1]REGISTROS!E107+[1]PERMISOS!E107+[1]LICENCIAS!E107 -> 1 | F107: =[1]FISCALIZACIONES!F107+[1]CERTIFICADOS!F107+[1]REGISTROS!F107+[1]PERMISOS!F107+[1]LICENCIAS!F107 -> 3 | G107: =[1]FISCALIZACIONES!G107+[1]CERTIFICADOS!G107+[1]REGISTROS!G107+[1]PERMISOS!G107+[1]LICENCIAS!G107 -> 0 | H107: =[1]FISCALIZACIONES!H107+[1]CERTIFICADOS!H107+[1]REGISTROS!H107+[1]PERMISOS!H107+[1]LICENCIAS!H107 -> 0 | I107: =[1]FISCALIZACIONES!I107+[1]CERTIFICADOS!I107+[1]REGISTROS!I107+[1]PERMISOS!I107+[1]LICENCIAS!I107 -> 0 | J107: =[1]FISCALIZACIONES!J107+[1]CERTIFICADOS!J107+[1]REGISTROS!J107+[1]PERMISOS!J107+[1]LICENCIAS!J107 -> 0 | K107: =[1]FISCALIZACIONES!K107+[1]CERTIFICADOS!K107+[1]REGISTROS!K107+[1]PERMISOS!K107+[1]LICENCIAS!K107 -> 0 | L107: =[1]FISCALIZACIONES!L107+[1]CERTIFICADOS!L107+[1]REGISTROS!L107+[1]PERMISOS!L107+[1]LICENCIAS!L107 -> 0 | ... Z107: =[1]FISCALIZACIONES!Z107+[1]CERTIFICADOS!Z107+[1]REGISTROS!Z107+[1]PERMISOS!Z107+[1]LICENCIAS!Z107 -> 0
C108: Tavaí | D108: =SUM(E108:Z108) -> 3 | E108: =[1]FISCALIZACIONES!E108+[1]CERTIFICADOS!E108+[1]REGISTROS!E108+[1]PERMISOS!E108+[1]LICENCIAS!E108 -> 1 | F108: =[1]FISCALIZACIONES!F108+[1]CERTIFICADOS!F108+[1]REGISTROS!F108+[1]PERMISOS!F108+[1]LICENCIAS!F108 -> 0 | G108: =[1]FISCALIZACIONES!G108+[1]CERTIFICADOS!G108+[1]REGISTROS!G108+[1]PERMISOS!G108+[1]LICENCIAS!G108 -> 0 | H108: =[1]FISCALIZACIONES!H108+[1]CERTIFICADOS!H108+[1]REGISTROS!H108+[1]PERMISOS!H108+[1]LICENCIAS!H108 -> 1 | I108: =[1]FISCALIZACIONES!I108+[1]CERTIFICADOS!I108+[1]REGISTROS!I108+[1]PERMISOS!I108+[1]LICENCIAS!I108 -> 0 | J108: =[1]FISCALIZACIONES!J108+[1]CERTIFICADOS!J108+[1]REGISTROS!J108+[1]PERMISOS!J108+[1]LICENCIAS!J108 -> 0 | K108: =[1]FISCALIZACIONES!K108+[1]CERTIFICADOS!K108+[1]REGISTROS!K108+[1]PERMISOS!K108+[1]LICENCIAS!K108 -> 0 | L108: =[1]FISCALIZACIONES!L108+[1]CERTIFICADOS!L108+[1]REGISTROS!L108+[1]PERMISOS!L108+[1]LICENCIAS!L108 -> 0 | ... Z108: =[1]FISCALIZACIONES!Z108+[1]CERTIFICADOS!Z108+[1]REGISTROS!Z108+[1]PERMISOS!Z108+[1]LICENCIAS!Z108 -> 1
C109: Yuty | D109: =SUM(E109:Z109) -> 3 | E109: =[1]FISCALIZACIONES!E109+[1]CERTIFICADOS!E109+[1]REGISTROS!E109+[1]PERMISOS!E109+[1]LICENCIAS!E109 -> 1 | F109: =[1]FISCALIZACIONES!F109+[1]CERTIFICADOS!F109+[1]REGISTROS!F109+[1]PERMISOS!F109+[1]LICENCIAS!F109 -> 1 | G109: =[1]FISCALIZACIONES!G109+[1]CERTIFICADOS!G109+[1]REGISTROS!G109+[1]PERMISOS!G109+[1]LICENCIAS!G109 -> 0 | H109: =[1]FISCALIZACIONES!H109+[1]CERTIFICADOS!H109+[1]REGISTROS!H109+[1]PERMISOS!H109+[1]LICENCIAS!H109 -> 1 | I109: =[1]FISCALIZACIONES!I109+[1]CERTIFICADOS!I109+[1]REGISTROS!I109+[1]PERMISOS!I109+[1]LICENCIAS!I109 -> 0 | J109: =[1]FISCALIZACIONES!J109+[1]CERTIFICADOS!J109+[1]REGISTROS!J109+[1]PERMISOS!J109+[1]LICENCIAS!J109 -> 0 | K109: =[1]FISCALIZACIONES!K109+[1]CERTIFICADOS!K109+[1]REGISTROS!K109+[1]PERMISOS!K109+[1]LICENCIAS!K109 -> 0 | L109: =[1]FISCALIZACIONES!L109+[1]CERTIFICADOS!L109+[1]REGISTROS!L109+[1]PERMISOS!L109+[1]LICENCIAS!L109 -> 0 | ... Z109: =[1]FISCALIZACIONES!Z109+[1]CERTIFICADOS!Z109+[1]REGISTROS!Z109+[1]PERMISOS!Z109+[1]LICENCIAS!Z109 -> 0
A110: ITAPUA | B110: =SUM(D110:D139) -> 129 | C110: Alto Verá | D110: =SUM(E110:Z110) -> 7 | E110: =[1]FISCALIZACIONES!E110+[1]CERTIFICADOS!E110+[1]REGISTROS!E110+[1]PERMISOS!E110+[1]LICENCIAS!E110 -> 1 | F110: =[1]FISCALIZACIONES!F110+[1]CERTIFICADOS!F110+[1]REGISTROS!F110+[1]PERMISOS!F110+[1]LICENCIAS!F110 -> 3 | G110: =[1]FISCALIZACIONES!G110+[1]CERTIFICADOS!G110+[1]REGISTROS!G110+[1]PERMISOS!G110+[1]LICENCIAS!G110 -> 1 | H110: =[1]FISCALIZACIONES!H110+[1]CERTIFICADOS!H110+[1]REGISTROS!H110+[1]PERMISOS!H110+[1]LICENCIAS!H110 -> 1 | I110: =[1]FISCALIZACIONES!I110+[1]CERTIFICADOS!I110+[1]REGISTROS!I110+[1]PERMISOS!I110+[1]LICENCIAS!I110 -> 1 | J110: =[1]FISCALIZACIONES!J110+[1]CERTIFICADOS!J110+[1]REGISTROS!J110+[1]PERMISOS!J110+[1]LICENCIAS!J110 -> 0 | K110: =[1]FISCALIZACIONES!K110+[1]CERTIFICADOS!K110+[1]REGISTROS!K110+[1]PERMISOS!K110+[1]LICENCIAS!K110 -> 0 | L110: =[1]FISCALIZACIONES!L110+[1]CERTIFICADOS!L110+[1]REGISTROS!L110+[1]PERMISOS!L110+[1]LICENCIAS!L110 -> 0 | ... Z110: =[1]FISCALIZACIONES!Z110+[1]CERTIFICADOS!Z110+[1]REGISTROS!Z110+[1]PERMISOS!Z110+[1]LICENCIAS!Z110 -> 0
C111: Bella Vista | D111: =SUM(E111:Z111) -> 4 | E111: =[1]FISCALIZACIONES!E111+[1]CERTIFICADOS!E111+[1]REGISTROS!E111+[1]PERMISOS!E111+[1]LICENCIAS!E111 -> 1 | F111: =[1]FISCALIZACIONES!F111+[1]CERTIFICADOS!F111+[1]REGISTROS!F111+[1]PERMISOS!F111+[1]LICENCIAS!F111 -> 2 | G111: =[1]FISCALIZACIONES!G111+[1]CERTIFICADOS!G111+[1]REGISTROS!G111+[1]PERMISOS!G111+[1]LICENCIAS!G111 -> 0 | H111: =[1]FISCALIZACIONES!H111+[1]CERTIFICADOS!H111+[1]REGISTROS!H111+[1]PERMISOS!H111+[1]LICENCIAS!H111 -> 1 | I111: =[1]FISCALIZACIONES!I111+[1]CERTIFICADOS!I111+[1]REGISTROS!I111+[1]PERMISOS!I111+[1]LICENCIAS!I111 -> 0 | J111: =[1]FISCALIZACIONES!J111+[1]CERTIFICADOS!J111+[1]REGISTROS!J111+[1]PERMISOS!J111+[1]LICENCIAS!J111 -> 0 | K111: =[1]FISCALIZACIONES!K111+[1]CERTIFICADOS!K111+[1]REGISTROS!K111+[1]PERMISOS!K111+[1]LICENCIAS!K111 -> 0 | L111: =[1]FISCALIZACIONES!L111+[1]CERTIFICADOS!L111+[1]REGISTROS!L111+[1]PERMISOS!L111+[1]LICENCIAS!L111 -> 0 | ... Z111: =[1]FISCALIZACIONES!Z111+[1]CERTIFICADOS!Z111+[1]REGISTROS!Z111+[1]PERMISOS!Z111+[1]LICENCIAS!Z111 -> 0
C112: Cambyretá | D112: =SUM(E112:Z112) -> 3 | E112: =[1]FISCALIZACIONES!E112+[1]CERTIFICADOS!E112+[1]REGISTROS!E112+[1]PERMISOS!E112+[1]LICENCIAS!E112 -> 1 | F112: =[1]FISCALIZACIONES!F112+[1]CERTIFICADOS!F112+[1]REGISTROS!F112+[1]PERMISOS!F112+[1]LICENCIAS!F112 -> 2 | G112: =[1]FISCALIZACIONES!G112+[1]CERTIFICADOS!G112+[1]REGISTROS!G112+[1]PERMISOS!G112+[1]LICENCIAS!G112 -> 0 | H112: =[1]FISCALIZACIONES!H112+[1]CERTIFICADOS!H112+[1]REGISTROS!H112+[1]PERMISOS!H112+[1]LICENCIAS!H112 -> 0 | I112: =[1]FISCALIZACIONES!I112+[1]CERTIFICADOS!I112+[1]REGISTROS!I112+[1]PERMISOS!I112+[1]LICENCIAS!I112 -> 0 | J112: =[1]FISCALIZACIONES!J112+[1]CERTIFICADOS!J112+[1]REGISTROS!J112+[1]PERMISOS!J112+[1]LICENCIAS!J112 -> 0 | K112: =[1]FISCALIZACIONES!K112+[1]CERTIFICADOS!K112+[1]REGISTROS!K112+[1]PERMISOS!K112+[1]LICENCIAS!K112 -> 0 | L112: =[1]FISCALIZACIONES!L112+[1]CERTIFICADOS!L112+[1]REGISTROS!L112+[1]PERMISOS!L112+[1]LICENCIAS!L112 -> 0 | ... Z112: =[1]FISCALIZACIONES!Z112+[1]CERTIFICADOS!Z112+[1]REGISTROS!Z112+[1]PERMISOS!Z112+[1]LICENCIAS!Z112 -> 0
C113: Capitán Meza | D113: =SUM(E113:Z113) -> 12 | E113: =[1]FISCALIZACIONES!E113+[1]CERTIFICADOS!E113+[1]REGISTROS!E113+[1]PERMISOS!E113+[1]LICENCIAS!E113 -> 1 | F113: =[1]FISCALIZACIONES!F113+[1]CERTIFICADOS!F113+[1]REGISTROS!F113+[1]PERMISOS!F113+[1]LICENCIAS!F113 -> 9 | G113: =[1]FISCALIZACIONES!G113+[1]CERTIFICADOS!G113+[1]REGISTROS!G113+[1]PERMISOS!G113+[1]LICENCIAS!G113 -> 0 | H113: =[1]FISCALIZACIONES!H113+[1]CERTIFICADOS!H113+[1]REGISTROS!H113+[1]PERMISOS!H113+[1]LICENCIAS!H113 -> 1 | I113: =[1]FISCALIZACIONES!I113+[1]CERTIFICADOS!I113+[1]REGISTROS!I113+[1]PERMISOS!I113+[1]LICENCIAS!I113 -> 1 | J113: =[1]FISCALIZACIONES!J113+[1]CERTIFICADOS!J113+[1]REGISTROS!J113+[1]PERMISOS!J113+[1]LICENCIAS!J113 -> 0 | K113: =[1]FISCALIZACIONES!K113+[1]CERTIFICADOS!K113+[1]REGISTROS!K113+[1]PERMISOS!K113+[1]LICENCIAS!K113 -> 0 | L113: =[1]FISCALIZACIONES!L113+[1]CERTIFICADOS!L113+[1]REGISTROS!L113+[1]PERMISOS!L113+[1]LICENCIAS!L113 -> 0 | ... Z113: =[1]FISCALIZACIONES!Z113+[1]CERTIFICADOS!Z113+[1]REGISTROS!Z113+[1]PERMISOS!Z113+[1]LICENCIAS!Z113 -> 0
C114: Capitán Miranda | D114: =SUM(E114:Z114) -> 4 | E114: =[1]FISCALIZACIONES!E114+[1]CERTIFICADOS!E114+[1]REGISTROS!E114+[1]PERMISOS!E114+[1]LICENCIAS!E114 -> 1 | F114: =[1]FISCALIZACIONES!F114+[1]CERTIFICADOS!F114+[1]REGISTROS!F114+[1]PERMISOS!F114+[1]LICENCIAS!F114 -> 1 | G114: =[1]FISCALIZACIONES!G114+[1]CERTIFICADOS!G114+[1]REGISTROS!G114+[1]PERMISOS!G114+[1]LICENCIAS!G114 -> 1 | H114: =[1]FISCALIZACIONES!H114+[1]CERTIFICADOS!H114+[1]REGISTROS!H114+[1]PERMISOS!H114+[1]LICENCIAS!H114 -> 1 | I114: =[1]FISCALIZACIONES!I114+[1]CERTIFICADOS!I114+[1]REGISTROS!I114+[1]PERMISOS!I114+[1]LICENCIAS!I114 -> 0 | J114: =[1]FISCALIZACIONES!J114+[1]CERTIFICADOS!J114+[1]REGISTROS!J114+[1]PERMISOS!J114+[1]LICENCIAS!J114 -> 0 | K114: =[1]FISCALIZACIONES!K114+[1]CERTIFICADOS!K114+[1]REGISTROS!K114+[1]PERMISOS!K114+[1]LICENCIAS!K114 -> 0 | L114: =[1]FISCALIZACIONES!L114+[1]CERTIFICADOS!L114+[1]REGISTROS!L114+[1]PERMISOS!L114+[1]LICENCIAS!L114 -> 0 | ... Z114: =[1]FISCALIZACIONES!Z114+[1]CERTIFICADOS!Z114+[1]REGISTROS!Z114+[1]PERMISOS!Z114+[1]LICENCIAS!Z114 -> 0
C115: Carlos Antonio López | D115: =SUM(E115:Z115) -> 4 | E115: =[1]FISCALIZACIONES!E115+[1]CERTIFICADOS!E115+[1]REGISTROS!E115+[1]PERMISOS!E115+[1]LICENCIAS!E115 -> 1 | F115: =[1]FISCALIZACIONES!F115+[1]CERTIFICADOS!F115+[1]REGISTROS!F115+[1]PERMISOS!F115+[1]LICENCIAS!F115 -> 2 | G115: =[1]FISCALIZACIONES!G115+[1]CERTIFICADOS!G115+[1]REGISTROS!G115+[1]PERMISOS!G115+[1]LICENCIAS!G115 -> 1 | H115: =[1]FISCALIZACIONES!H115+[1]CERTIFICADOS!H115+[1]REGISTROS!H115+[1]PERMISOS!H115+[1]LICENCIAS!H115 -> 0 | I115: =[1]FISCALIZACIONES!I115+[1]CERTIFICADOS!I115+[1]REGISTROS!I115+[1]PERMISOS!I115+[1]LICENCIAS!I115 -> 0 | J115: =[1]FISCALIZACIONES!J115+[1]CERTIFICADOS!J115+[1]REGISTROS!J115+[1]PERMISOS!J115+[1]LICENCIAS!J115 -> 0 | K115: =[1]FISCALIZACIONES!K115+[1]CERTIFICADOS!K115+[1]REGISTROS!K115+[1]PERMISOS!K115+[1]LICENCIAS!K115 -> 0 | L115: =[1]FISCALIZACIONES!L115+[1]CERTIFICADOS!L115+[1]REGISTROS!L115+[1]PERMISOS!L115+[1]LICENCIAS!L115 -> 0 | ... Z115: =[1]FISCALIZACIONES!Z115+[1]CERTIFICADOS!Z115+[1]REGISTROS!Z115+[1]PERMISOS!Z115+[1]LICENCIAS!Z115 -> 0
C116: Carmen del Paraná | D116: =SUM(E116:Z116) -> 4 | E116: =[1]FISCALIZACIONES!E116+[1]CERTIFICADOS!E116+[1]REGISTROS!E116+[1]PERMISOS!E116+[1]LICENCIAS!E116 -> 1 | F116: =[1]FISCALIZACIONES!F116+[1]CERTIFICADOS!F116+[1]REGISTROS!F116+[1]PERMISOS!F116+[1]LICENCIAS!F116 -> 2 | G116: =[1]FISCALIZACIONES!G116+[1]CERTIFICADOS!G116+[1]REGISTROS!G116+[1]PERMISOS!G116+[1]LICENCIAS!G116 -> 1 | H116: =[1]FISCALIZACIONES!H116+[1]CERTIFICADOS!H116+[1]REGISTROS!H116+[1]PERMISOS!H116+[1]LICENCIAS!H116 -> 0 | I116: =[1]FISCALIZACIONES!I116+[1]CERTIFICADOS!I116+[1]REGISTROS!I116+[1]PERMISOS!I116+[1]LICENCIAS!I116 -> 0 | J116: =[1]FISCALIZACIONES!J116+[1]CERTIFICADOS!J116+[1]REGISTROS!J116+[1]PERMISOS!J116+[1]LICENCIAS!J116 -> 0 | K116: =[1]FISCALIZACIONES!K116+[1]CERTIFICADOS!K116+[1]REGISTROS!K116+[1]PERMISOS!K116+[1]LICENCIAS!K116 -> 0 | L116: =[1]FISCALIZACIONES!L116+[1]CERTIFICADOS!L116+[1]REGISTROS!L116+[1]PERMISOS!L116+[1]LICENCIAS!L116 -> 0 | ... Z116: =[1]FISCALIZACIONES!Z116+[1]CERTIFICADOS!Z116+[1]REGISTROS!Z116+[1]PERMISOS!Z116+[1]LICENCIAS!Z116 -> 0
C117: Coronel Bogado | D117: =SUM(E117:Z117) -> 4 | E117: =[1]FISCALIZACIONES!E117+[1]CERTIFICADOS!E117+[1]REGISTROS!E117+[1]PERMISOS!E117+[1]LICENCIAS!E117 -> 1 | F117: =[1]FISCALIZACIONES!F117+[1]CERTIFICADOS!F117+[1]REGISTROS!F117+[1]PERMISOS!F117+[1]LICENCIAS!F117 -> 2 | G117: =[1]FISCALIZACIONES!G117+[1]CERTIFICADOS!G117+[1]REGISTROS!G117+[1]PERMISOS!G117+[1]LICENCIAS!G117 -> 0 | H117: =[1]FISCALIZACIONES!H117+[1]CERTIFICADOS!H117+[1]REGISTROS!H117+[1]PERMISOS!H117+[1]LICENCIAS!H117 -> 1 | I117: =[1]FISCALIZACIONES!I117+[1]CERTIFICADOS!I117+[1]REGISTROS!I117+[1]PERMISOS!I117+[1]LICENCIAS!I117 -> 0 | J117: =[1]FISCALIZACIONES!J117+[1]CERTIFICADOS!J117+[1]REGISTROS!J117+[1]PERMISOS!J117+[1]LICENCIAS!J117 -> 0 | K117: =[1]FISCALIZACIONES!K117+[1]CERTIFICADOS!K117+[1]REGISTROS!K117+[1]PERMISOS!K117+[1]LICENCIAS!K117 -> 0 | L117: =[1]FISCALIZACIONES!L117+[1]CERTIFICADOS!L117+[1]REGISTROS!L117+[1]PERMISOS!L117+[1]LICENCIAS!L117 -> 0 | ... Z117: =[1]FISCALIZACIONES!Z117+[1]CERTIFICADOS!Z117+[1]REGISTROS!Z117+[1]PERMISOS!Z117+[1]LICENCIAS!Z117 -> 0
C118: Edelira | D118: =SUM(E118:Z118) -> 3 | E118: =[1]FISCALIZACIONES!E118+[1]CERTIFICADOS!E118+[1]REGISTROS!E118+[1]PERMISOS!E118+[1]LICENCIAS!E118 -> 1 | F118: =[1]FISCALIZACIONES!F118+[1]CERTIFICADOS!F118+[1]REGISTROS!F118+[1]PERMISOS!F118+[1]LICENCIAS!F118 -> 2 | G118: =[1]FISCALIZACIONES!G118+[1]CERTIFICADOS!G118+[1]REGISTROS!G118+[1]PERMISOS!G118+[1]LICENCIAS!G118 -> 0 | H118: =[1]FISCALIZACIONES!H118+[1]CERTIFICADOS!H118+[1]REGISTROS!H118+[1]PERMISOS!H118+[1]LICENCIAS!H118 -> 0 | I118: =[1]FISCALIZACIONES!I118+[1]CERTIFICADOS!I118+[1]REGISTROS!I118+[1]PERMISOS!I118+[1]LICENCIAS!I118 -> 0 | J118: =[1]FISCALIZACIONES!J118+[1]CERTIFICADOS!J118+[1]REGISTROS!J118+[1]PERMISOS!J118+[1]LICENCIAS!J118 -> 0 | K118: =[1]FISCALIZACIONES!K118+[1]CERTIFICADOS!K118+[1]REGISTROS!K118+[1]PERMISOS!K118+[1]LICENCIAS!K118 -> 0 | L118: =[1]FISCALIZACIONES!L118+[1]CERTIFICADOS!L118+[1]REGISTROS!L118+[1]PERMISOS!L118+[1]LICENCIAS!L118 -> 0 | ... Z118: =[1]FISCALIZACIONES!Z118+[1]CERTIFICADOS!Z118+[1]REGISTROS!Z118+[1]PERMISOS!Z118+[1]LICENCIAS!Z118 -> 0
C119: Encarnación | D119: =SUM(E119:Z119) -> 26 | E119: =[1]FISCALIZACIONES!E119+[1]CERTIFICADOS!E119+[1]REGISTROS!E119+[1]PERMISOS!E119+[1]LICENCIAS!E119 -> 1 | F119: =[1]FISCALIZACIONES!F119+[1]CERTIFICADOS!F119+[1]REGISTROS!F119+[1]PERMISOS!F119+[1]LICENCIAS!F119 -> 12 | G119: =[1]FISCALIZACIONES!G119+[1]CERTIFICADOS!G119+[1]REGISTROS!G119+[1]PERMISOS!G119+[1]LICENCIAS!G119 -> 1 | H119: =[1]FISCALIZACIONES!H119+[1]CERTIFICADOS!H119+[1]REGISTROS!H119+[1]PERMISOS!H119+[1]LICENCIAS!H119 -> 9 | I119: =[1]FISCALIZACIONES!I119+[1]CERTIFICADOS!I119+[1]REGISTROS!I119+[1]PERMISOS!I119+[1]LICENCIAS!I119 -> 1 | J119: =[1]FISCALIZACIONES!J119+[1]CERTIFICADOS!J119+[1]REGISTROS!J119+[1]PERMISOS!J119+[1]LICENCIAS!J119 -> 0 | K119: =[1]FISCALIZACIONES!K119+[1]CERTIFICADOS!K119+[1]REGISTROS!K119+[1]PERMISOS!K119+[1]LICENCIAS!K119 -> 0 | L119: =[1]FISCALIZACIONES!L119+[1]CERTIFICADOS!L119+[1]REGISTROS!L119+[1]PERMISOS!L119+[1]LICENCIAS!L119 -> 0 | ... Z119: =[1]FISCALIZACIONES!Z119+[1]CERTIFICADOS!Z119+[1]REGISTROS!Z119+[1]PERMISOS!Z119+[1]LICENCIAS!Z119 -> 2
C120: Fram | D120: =SUM(E120:Z120) -> 3 | E120: =[1]FISCALIZACIONES!E120+[1]CERTIFICADOS!E120+[1]REGISTROS!E120+[1]PERMISOS!E120+[1]LICENCIAS!E120 -> 1 | F120: =[1]FISCALIZACIONES!F120+[1]CERTIFICADOS!F120+[1]REGISTROS!F120+[1]PERMISOS!F120+[1]LICENCIAS!F120 -> 2 | G120: =[1]FISCALIZACIONES!G120+[1]CERTIFICADOS!G120+[1]REGISTROS!G120+[1]PERMISOS!G120+[1]LICENCIAS!G120 -> 0 | H120: =[1]FISCALIZACIONES!H120+[1]CERTIFICADOS!H120+[1]REGISTROS!H120+[1]PERMISOS!H120+[1]LICENCIAS!H120 -> 0 | I120: =[1]FISCALIZACIONES!I120+[1]CERTIFICADOS!I120+[1]REGISTROS!I120+[1]PERMISOS!I120+[1]LICENCIAS!I120 -> 0 | J120: =[1]FISCALIZACIONES!J120+[1]CERTIFICADOS!J120+[1]REGISTROS!J120+[1]PERMISOS!J120+[1]LICENCIAS!J120 -> 0 | K120: =[1]FISCALIZACIONES!K120+[1]CERTIFICADOS!K120+[1]REGISTROS!K120+[1]PERMISOS!K120+[1]LICENCIAS!K120 -> 0 | L120: =[1]FISCALIZACIONES!L120+[1]CERTIFICADOS!L120+[1]REGISTROS!L120+[1]PERMISOS!L120+[1]LICENCIAS!L120 -> 0 | ... Z120: =[1]FISCALIZACIONES!Z120+[1]CERTIFICADOS!Z120+[1]REGISTROS!Z120+[1]PERMISOS!Z120+[1]LICENCIAS!Z120 -> 0
C121: General Artigas | D121: =SUM(E121:Z121) -> 3 | E121: =[1]FISCALIZACIONES!E121+[1]CERTIFICADOS!E121+[1]REGISTROS!E121+[1]PERMISOS!E121+[1]LICENCIAS!E121 -> 0 | F121: =[1]FISCALIZACIONES!F121+[1]CERTIFICADOS!F121+[1]REGISTROS!F121+[1]PERMISOS!F121+[1]LICENCIAS!F121 -> 2 | G121: =[1]FISCALIZACIONES!G121+[1]CERTIFICADOS!G121+[1]REGISTROS!G121+[1]PERMISOS!G121+[1]LICENCIAS!G121 -> 0 | H121: =[1]FISCALIZACIONES!H121+[1]CERTIFICADOS!H121+[1]REGISTROS!H121+[1]PERMISOS!H121+[1]LICENCIAS!H121 -> 1 | I121: =[1]FISCALIZACIONES!I121+[1]CERTIFICADOS!I121+[1]REGISTROS!I121+[1]PERMISOS!I121+[1]LICENCIAS!I121 -> 0 | J121: =[1]FISCALIZACIONES!J121+[1]CERTIFICADOS!J121+[1]REGISTROS!J121+[1]PERMISOS!J121+[1]LICENCIAS!J121 -> 0 | K121: =[1]FISCALIZACIONES!K121+[1]CERTIFICADOS!K121+[1]REGISTROS!K121+[1]PERMISOS!K121+[1]LICENCIAS!K121 -> 0 | L121: =[1]FISCALIZACIONES!L121+[1]CERTIFICADOS!L121+[1]REGISTROS!L121+[1]PERMISOS!L121+[1]LICENCIAS!L121 -> 0 | ... Z121: =[1]FISCALIZACIONES!Z121+[1]CERTIFICADOS!Z121+[1]REGISTROS!Z121+[1]PERMISOS!Z121+[1]LICENCIAS!Z121 -> 0
C122: General Delgado | D122: =SUM(E122:Z122) -> 3 | E122: =[1]FISCALIZACIONES!E122+[1]CERTIFICADOS!E122+[1]REGISTROS!E122+[1]PERMISOS!E122+[1]LICENCIAS!E122 -> 1 | F122: =[1]FISCALIZACIONES!F122+[1]CERTIFICADOS!F122+[1]REGISTROS!F122+[1]PERMISOS!F122+[1]LICENCIAS!F122 -> 2 | G122: =[1]FISCALIZACIONES!G122+[1]CERTIFICADOS!G122+[1]REGISTROS!G122+[1]PERMISOS!G122+[1]LICENCIAS!G122 -> 0 | H122: =[1]FISCALIZACIONES!H122+[1]CERTIFICADOS!H122+[1]REGISTROS!H122+[1]PERMISOS!H122+[1]LICENCIAS!H122 -> 0 | I122: =[1]FISCALIZACIONES!I122+[1]CERTIFICADOS!I122+[1]REGISTROS!I122+[1]PERMISOS!I122+[1]LICENCIAS!I122 -> 0 | J122: =[1]FISCALIZACIONES!J122+[1]CERTIFICADOS!J122+[1]REGISTROS!J122+[1]PERMISOS!J122+[1]LICENCIAS!J122 -> 0 | K122: =[1]FISCALIZACIONES!K122+[1]CERTIFICADOS!K122+[1]REGISTROS!K122+[1]PERMISOS!K122+[1]LICENCIAS!K122 -> 0 | L122: =[1]FISCALIZACIONES!L122+[1]CERTIFICADOS!L122+[1]REGISTROS!L122+[1]PERMISOS!L122+[1]LICENCIAS!L122 -> 0 | ... Z122: =[1]FISCALIZACIONES!Z122+[1]CERTIFICADOS!Z122+[1]REGISTROS!Z122+[1]PERMISOS!Z122+[1]LICENCIAS!Z122 -> 0
... C139: Yatytay | D139: =SUM(E139:Z139) -> 1 | E139: =[1]FISCALIZACIONES!E139+[1]CERTIFICADOS!E139+[1]REGISTROS!E139+[1]PERMISOS!E139+[1]LICENCIAS!E139 -> 0 | F139: =[1]FISCALIZACIONES!F139+[1]CERTIFICADOS!F139+[1]REGISTROS!F139+[1]PERMISOS!F139+[1]LICENCIAS!F139 -> 0 | G139: =[1]FISCALIZACIONES!G139+[1]CERTIFICADOS!G139+[1]REGISTROS!G139+[1]PERMISOS!G139+[1]LICENCIAS!G139 -> 0 | H139: =[1]FISCALIZACIONES!H139+[1]CERTIFICADOS!H139+[1]REGISTROS!H139+[1]PERMISOS!H139+[1]LICENCIAS!H139 -> 1 | I139: =[1]FISCALIZACIONES!I139+[1]CERTIFICADOS!I139+[1]REGISTROS!I139+[1]PERMISOS!I139+[1]LICENCIAS!I139 -> 0 | J139: =[1]FISCALIZACIONES!J139+[1]CERTIFICADOS!J139+[1]REGISTROS!J139+[1]PERMISOS!J139+[1]LICENCIAS!J139 -> 0 | K139: =[1]FISCALIZACIONES!K139+[1]CERTIFICADOS!K139+[1]REGISTROS!K139+[1]PERMISOS!K139+[1]LICENCIAS!K139 -> 0 | L139: =[1]FISCALIZACIONES!L139+[1]CERTIFICADOS!L139+[1]REGISTROS!L139+[1]PERMISOS!L139+[1]LICENCIAS!L139 -> 0 | ... Z139: =[1]FISCALIZACIONES!Z139+[1]CERTIFICADOS!Z139+[1]REGISTROS!Z139+[1]PERMISOS!Z139+[1]LICENCIAS!Z139 -> 0
A140: MISIONES | B140: =SUM(D140:D149) -> 49 | C140: Ayolas | D140: =SUM(E140:Z140) -> 3 | E140: =[1]FISCALIZACIONES!E140+[1]CERTIFICADOS!E140+[1]REGISTROS!E140+[1]PERMISOS!E140+[1]LICENCIAS!E140 -> 1 | F140: =[1]FISCALIZACIONES!F140+[1]CERTIFICADOS!F140+[1]REGISTROS!F140+[1]PERMISOS!F140+[1]LICENCIAS!F140 -> 2 | G140: =[1]FISCALIZACIONES!G140+[1]CERTIFICADOS!G140+[1]REGISTROS!G140+[1]PERMISOS!G140+[1]LICENCIAS!G140 -> 0 | H140: =[1]FISCALIZACIONES!H140+[1]CERTIFICADOS!H140+[1]REGISTROS!H140+[1]PERMISOS!H140+[1]LICENCIAS!H140 -> 0 | I140: =[1]FISCALIZACIONES!I140+[1]CERTIFICADOS!I140+[1]REGISTROS!I140+[1]PERMISOS!I140+[1]LICENCIAS!I140 -> 0 | J140: =[1]FISCALIZACIONES!J140+[1]CERTIFICADOS!J140+[1]REGISTROS!J140+[1]PERMISOS!J140+[1]LICENCIAS!J140 -> 0 | K140: =[1]FISCALIZACIONES!K140+[1]CERTIFICADOS!K140+[1]REGISTROS!K140+[1]PERMISOS!K140+[1]LICENCIAS!K140 -> 0 | L140: =[1]FISCALIZACIONES!L140+[1]CERTIFICADOS!L140+[1]REGISTROS!L140+[1]PERMISOS!L140+[1]LICENCIAS!L140 -> 0 | ... Z140: =[1]FISCALIZACIONES!Z140+[1]CERTIFICADOS!Z140+[1]REGISTROS!Z140+[1]PERMISOS!Z140+[1]LICENCIAS!Z140 -> 0
C141: San Ignacio | D141: =SUM(E141:Z141) -> 6 | E141: =[1]FISCALIZACIONES!E141+[1]CERTIFICADOS!E141+[1]REGISTROS!E141+[1]PERMISOS!E141+[1]LICENCIAS!E141 -> 2 | F141: =[1]FISCALIZACIONES!F141+[1]CERTIFICADOS!F141+[1]REGISTROS!F141+[1]PERMISOS!F141+[1]LICENCIAS!F141 -> 1 | G141: =[1]FISCALIZACIONES!G141+[1]CERTIFICADOS!G141+[1]REGISTROS!G141+[1]PERMISOS!G141+[1]LICENCIAS!G141 -> 1 | H141: =[1]FISCALIZACIONES!H141+[1]CERTIFICADOS!H141+[1]REGISTROS!H141+[1]PERMISOS!H141+[1]LICENCIAS!H141 -> 1 | I141: =[1]FISCALIZACIONES!I141+[1]CERTIFICADOS!I141+[1]REGISTROS!I141+[1]PERMISOS!I141+[1]LICENCIAS!I141 -> 1 | J141: =[1]FISCALIZACIONES!J141+[1]CERTIFICADOS!J141+[1]REGISTROS!J141+[1]PERMISOS!J141+[1]LICENCIAS!J141 -> 0 | K141: =[1]FISCALIZACIONES!K141+[1]CERTIFICADOS!K141+[1]REGISTROS!K141+[1]PERMISOS!K141+[1]LICENCIAS!K141 -> 0 | L141: =[1]FISCALIZACIONES!L141+[1]CERTIFICADOS!L141+[1]REGISTROS!L141+[1]PERMISOS!L141+[1]LICENCIAS!L141 -> 0 | ... Z141: =[1]FISCALIZACIONES!Z141+[1]CERTIFICADOS!Z141+[1]REGISTROS!Z141+[1]PERMISOS!Z141+[1]LICENCIAS!Z141 -> 0
...

Sheet FEBRERO
A1: MINISTERIO DEL AMBIENTE Y DESARROLLO SOSTENIBLE - FEBRERO
A2: INSTRUMENTOS DE GESTIÓN | E2: TOTALES
B3: CANTIDAD POR DEPARTAMENTO. | C3: DISTRITO | D3: CANTIDAD POR DISTRITO | E3: DESTINATARIOS
E4: Mujeres | F4: Hombres | G4: SRL | H4: SA | I4: LTDA | J4: Agentes de Actividad aduanera | K4: Sociedades Auditoras Externas | L4: Empresas Mixtas o Públicas | M4: Entidades sin fines de Lucro | N4: Inst. De Gobierno Departamental | O4: Inst. De Gobierno Municipal | P4: Patrimonio Autónomo (Fideicomisos) | Q4: Sociedades Emisoras de Capital Abierto | R4: Instituc. de Gobierno Nacional | S4: Sociedades Calificadoras de Riesgo | T4: Administradoras de Fondos Mutuos | U4: Inst. Educativas Basica y Media | V4: Establecimiento de Salud | W4: Consejos Regionales y Locales | X4: Organismos Internacionales | Y4: Comunidades Indígenas | Z4: No Especificado
A5: CAPITAL | B5: =D5 -> 262 | C5: Asunción | D5: =SUM(E5:Z5) -> 262 | E5: =[2]FISCALIZACIONES!E5+[2]CERTIFICADOS!E5+[2]REGISTROS!E5+[2]PERMISOS!E5+[2]LICENCIAS!E5 -> 30 | F5: =[2]FISCALIZACIONES!F5+[2]CERTIFICADOS!F5+[2]REGISTROS!F5+[2]PERMISOS!F5+[2]LICENCIAS!F5 -> 79 | G5: =[2]FISCALIZACIONES!G5+[2]CERTIFICADOS!G5+[2]REGISTROS!G5+[2]PERMISOS!G5+[2]LICENCIAS!G5 -> 47 | H5: =[2]FISCALIZACIONES!H5+[2]CERTIFICADOS!H5+[2]REGISTROS!H5+[2]PERMISOS!H5+[2]LICENCIAS!H5 -> 79 | I5: =[2]FISCALIZACIONES!I5+[2]CERTIFICADOS!I5+[2]REGISTROS!I5+[2]PERMISOS!I5+[2]LICENCIAS!I5 -> 26 | J5: =[2]FISCALIZACIONES!J5+[2]CERTIFICADOS!J5+[2]REGISTROS!J5+[2]PERMISOS!J5+[2]LICENCIAS!J5 -> 0 | K5: =[2]FISCALIZACIONES!K5+[2]CERTIFICADOS!K5+[2]REGISTROS!K5+[2]PERMISOS!K5+[2]LICENCIAS!K5 -> 0 | L5: =[2]FISCALIZACIONES!L5+[2]CERTIFICADOS!L5+[2]REGISTROS!L5+[2]PERMISOS!L5+[2]LICENCIAS!L5 -> 0 | ... Z5: =[2]FISCALIZACIONES!Z5+[2]CERTIFICADOS!Z5+[2]REGISTROS!Z5+[2]PERMISOS!Z5+[2]LICENCIAS!Z5 -> 0
A6: CONCEPCION | B6: =SUM(D6:D17) -> 46 | C6: Arroyito | D6: =SUM(E6:Z6) -> 5 | E6: =[2]FISCALIZACIONES!E6+[2]CERTIFICADOS!E6+[2]REGISTROS!E6+[2]PERMISOS!E6+[2]LICENCIAS!E6 -> 2 | F6: =[2]FISCALIZACIONES!F6+[2]CERTIFICADOS!F6+[2]REGISTROS!F6+[2]PERMISOS!F6+[2]LICENCIAS!F6 -> 1 | G6: =[2]FISCALIZACIONES!G6+[2]CERTIFICADOS!G6+[2]REGISTROS!G6+[2]PERMISOS!G6+[2]LICENCIAS!G6 -> 2 | H6: =[2]FISCALIZACIONES!H6+[2]CERTIFICADOS!H6+[2]REGISTROS!H6+[2]PERMISOS!H6+[2]LICENCIAS!H6 -> 0 | I6: =[2]FISCALIZACIONES!I6+[2]CERTIFICADOS!I6+[2]REGISTROS!I6+[2]PERMISOS!I6+[2]LICENCIAS!I6 -> 0 | J6: =[2]FISCALIZACIONES!J6+[2]CERTIFICADOS!J6+[2]REGISTROS!J6+[2]PERMISOS!J6+[2]LICENCIAS!J6 -> 0 | K6: =[2]FISCALIZACIONES!K6+[2]CERTIFICADOS!K6+[2]REGISTROS!K6+[2]PERMISOS!K6+[2]LICENCIAS!K6 -> 0 | L6: =[2]FISCALIZACIONES!L6+[2]CERTIFICADOS!L6+[2]REGISTROS!L6+[2]PERMISOS!L6+[2]LICENCIAS!L6 -> 0 | ... Z6: =[2]FISCALIZACIONES!Z6+[2]CERTIFICADOS!Z6+[2]REGISTROS!Z6+[2]PERMISOS!Z6+[2]LICENCIAS!Z6 -> 0
C7: Azotey | D7: =SUM(E7:Z7) -> 5 | E7: =[2]FISCALIZACIONES!E7+[2]CERTIFICADOS!E7+[2]REGISTROS!E7+[2]PERMISOS!E7+[2]LICENCIAS!E7 -> 0 | F7: =[2]FISCALIZACIONES!F7+[2]CERTIFICADOS!F7+[2]REGISTROS!F7+[2]PERMISOS!F7+[2]LICENCIAS!F7 -> 3 | G7: =[2]FISCALIZACIONES!G7+[2]CERTIFICADOS!G7+[2]REGISTROS!G7+[2]PERMISOS!G7+[2]LICENCIAS!G7 -> 0 | H7: =[2]FISCALIZACIONES!H7+[2]CERTIFICADOS!H7+[2]REGISTROS!H7+[2]PERMISOS!H7+[2]LICENCIAS!H7 -> 2 | I7: =[2]FISCALIZACIONES!I7+[2]CERTIFICADOS!I7+[2]REGISTROS!I7+[2]PERMISOS!I7+[2]LICENCIAS!I7 -> 0 | J7: =[2]FISCALIZACIONES!J7+[2]CERTIFICADOS!J7+[2]REGISTROS!J7+[2]PERMISOS!J7+[2]LICENCIAS!J7 -> 0 | K7: =[2]FISCALIZACIONES!K7+[2]CERTIFICADOS!K7+[2]REGISTROS!K7+[2]PERMISOS!K7+[2]LICENCIAS!K7 -> 0 | L7: =[2]FISCALIZACIONES!L7+[2]CERTIFICADOS!L7+[2]REGISTROS!L7+[2]PERMISOS!L7+[2]LICENCIAS!L7 -> 0 | ... Z7: =[2]FISCALIZACIONES!Z7+[2]CERTIFICADOS!Z7+[2]REGISTROS!Z7+[2]PERMISOS!Z7+[2]LICENCIAS!Z7 -> 0
C8: Belén | D8: =SUM(E8:Z8) -> 2 | E8: =[2]FISCALIZACIONES!E8+[2]CERTIFICADOS!E8+[2]REGISTROS!E8+[2]PERMISOS!E8+[2]LICENCIAS!E8 -> 2 | F8: =[2]FISCALIZACIONES!F8+[2]CERTIFICADOS!F8+[2]REGISTROS!F8+[2]PERMISOS!F8+[2]LICENCIAS!F8 -> 0 | G8: =[2]FISCALIZACIONES!G8+[2]CERTIFICADOS!G8+[2]REGISTROS!G8+[2]PERMISOS!G8+[2]LICENCIAS!G8 -> 0 | H8: =[2]FISCALIZACIONES!H8+[2]CERTIFICADOS!H8+[2]REGISTROS!H8+[2]PERMISOS!H8+[2]LICENCIAS!H8 -> 0 | I8: =[2]FISCALIZACIONES!I8+[2]CERTIFICADOS!I8+[2]REGISTROS!I8+[2]PERMISOS!I8+[2]LICENCIAS!I8 -> 0 | J8: =[2]FISCALIZACIONES!J8+[2]CERTIFICADOS!J8+[2]REGISTROS!J8+[2]PERMISOS!J8+[2]LICENCIAS!J8 -> 0 | K8: =[2]FISCALIZACIONES!K8+[2]CERTIFICADOS!K8+[2]REGISTROS!K8+[2]PERMISOS!K8+[2]LICENCIAS!K8 -> 0 | L8: =[2]FISCALIZACIONES!L8+[2]CERTIFICADOS!L8+[2]REGISTROS!L8+[2]PERMISOS!L8+[2]LICENCIAS!L8 -> 0 | ... Z8: =[2]FISCALIZACIONES!Z8+[2]CERTIFICADOS!Z8+[2]REGISTROS!Z8+[2]PERMISOS!Z8+[2]LICENCIAS!Z8 -> 0
C9: Concepción | D9: =SUM(E9:Z9) -> 4 | E9: =[2]FISCALIZACIONES!E9+[2]CERTIFICADOS!E9+[2]REGISTROS!E9+[2]PERMISOS!E9+[2]LICENCIAS!E9 -> 1 | F9: =[2]FISCALIZACIONES!F9+[2]CERTIFICADOS!F9+[2]REGISTROS!F9+[2]PERMISOS!F9+[2]LICENCIAS!F9 -> 2 | G9: =[2]FISCALIZACIONES!G9+[2]CERTIFICADOS!G9+[2]REGISTROS!G9+[2]PERMISOS!G9+[2]LICENCIAS!G9 -> 0 | H9: =[2]FISCALIZACIONES!H9+[2]CERTIFICADOS!H9+[2]REGISTROS!H9+[2]PERMISOS!H9+[2]LICENCIAS!H9 -> 1 | I9: =[2]FISCALIZACIONES!I9+[2]CERTIFICADOS!I9+[2]REGISTROS!I9+[2]PERMISOS!I9+[2]LICENCIAS!I9 -> 0 | J9: =[2]FISCALIZACIONES!J9+[2]CERTIFICADOS!J9+[2]REGISTROS!J9+[2]PERMISOS!J9+[2]LICENCIAS!J9 -> 0 | K9: =[2]FISCALIZACIONES!K9+[2]CERTIFICADOS!K9+[2]REGISTROS!K9+[2]PERMISOS!K9+[2]LICENCIAS!K9 -> 0 | L9: =[2]FISCALIZACIONES!L9+[2]CERTIFICADOS!L9+[2]REGISTROS!L9+[2]PERMISOS!L9+[2]LICENCIAS!L9 -> 0 | ... Z9: =[2]FISCALIZACIONES!Z9+[2]CERTIFICADOS!Z9+[2]REGISTROS!Z9+[2]PERMISOS!Z9+[2]LICENCIAS!Z9 -> 0
C10: Horqueta | D10: =SUM(E10:Z10) -> 9 | E10: =[2]FISCALIZACIONES!E10+[2]CERTIFICADOS!E10+[2]REGISTROS!E10+[2]PERMISOS!E10+[2]LICENCIAS!E10 -> 1 | F10: =[2]FISCALIZACIONES!F10+[2]CERTIFICADOS!F10+[2]REGISTROS!F10+[2]PERMISOS!F10+[2]LICENCIAS!F10 -> 1 | G10: =[2]FISCALIZACIONES!G10+[2]CERTIFICADOS!G10+[2]REGISTROS!G10+[2]PERMISOS!G10+[2]LICENCIAS!G10 -> 0 | H10: =[2]FISCALIZACIONES!H10+[2]CERTIFICADOS!H10+[2]REGISTROS!H10+[2]PERMISOS!H10+[2]LICENCIAS!H10 -> 7 | I10: =[2]FISCALIZACIONES!I10+[2]CERTIFICADOS!I10+[2]REGISTROS!I10+[2]PERMISOS!I10+[2]LICENCIAS!I10 -> 0 | J10: =[2]FISCALIZACIONES!J10+[2]CERTIFICADOS!J10+[2]REGISTROS!J10+[2]PERMISOS!J10+[2]LICENCIAS!J10 -> 0 | K10: =[2]FISCALIZACIONES!K10+[2]CERTIFICADOS!K10+[2]REGISTROS!K10+[2]PERMISOS!K10+[2]LICENCIAS!K10 -> 0 | L10: =[2]FISCALIZACIONES!L10+[2]CERTIFICADOS!L10+[2]REGISTROS!L10+[2]PERMISOS!L10+[2]LICENCIAS!L10 -> 0 | ... Z10: =[2]FISCALIZACIONES!Z10+[2]CERTIFICADOS!Z10+[2]REGISTROS!Z10+[2]PERMISOS!Z10+[2]LICENCIAS!Z10 -> 0
C11: Loreto | D11: =SUM(E11:Z11) -> 4 | E11: =[2]FISCALIZACIONES!E11+[2]CERTIFICADOS!E11+[2]REGISTROS!E11+[2]PERMISOS!E11+[2]LICENCIAS!E11 -> 1 | F11: =[2]FISCALIZACIONES!F11+[2]CERTIFICADOS!F11+[2]REGISTROS!F11+[2]PERMISOS!F11+[2]LICENCIAS!F11 -> 0 | G11: =[2]FISCALIZACIONES!G11+[2]CERTIFICADOS!G11+[2]REGISTROS!G11+[2]PERMISOS!G11+[2]LICENCIAS!G11 -> 3 | H11: =[2]FISCALIZACIONES!H11+[2]CERTIFICADOS!H11+[2]REGISTROS!H11+[2]PERMISOS!H11+[2]LICENCIAS!H11 -> 0 | I11: =[2]FISCALIZACIONES!I11+[2]CERTIFICADOS!I11+[2]REGISTROS!I11+[2]PERMISOS!I11+[2]LICENCIAS!I11 -> 0 | J11: =[2]FISCALIZACIONES!J11+[2]CERTIFICADOS!J11+[2]REGISTROS!J11+[2]PERMISOS!J11+[2]LICENCIAS!J11 -> 0 | K11: =[2]FISCALIZACIONES!K11+[2]CERTIFICADOS!K11+[2]REGISTROS!K11+[2]PERMISOS!K11+[2]LICENCIAS!K11 -> 0 | L11: =[2]FISCALIZACIONES!L11+[2]CERTIFICADOS!L11+[2]REGISTROS!L11+[2]PERMISOS!L11+[2]LICENCIAS!L11 -> 0 | ... Z11: =[2]FISCALIZACIONES!Z11+[2]CERTIFICADOS!Z11+[2]REGISTROS!Z11+[2]PERMISOS!Z11+[2]LICENCIAS!Z11 -> 0
C12: San Carlos del Apa | D12: =SUM(E12:Z12) -> 2 | E12: =[2]FISCALIZACIONES!E12+[2]CERTIFICADOS!E12+[2]REGISTROS!E12+[2]PERMISOS!E12+[2]LICENCIAS!E12 -> 1 | F12: =[2]FISCALIZACIONES!F12+[2]CERTIFICADOS!F12+[2]REGISTROS!F12+[2]PERMISOS!F12+[2]LICENCIAS!F12 -> 0 | G12: =[2]FISCALIZACIONES!G12+[2]CERTIFICADOS!G12+[2]REGISTROS!G12+[2]PERMISOS!G12+[2]LICENCIAS!G12 -> 0 | H12: =[2]FISCALIZACIONES!H12+[2]CERTIFICADOS!H12+[2]REGISTROS!H12+[2]PERMISOS!H12+[2]LICENCIAS!H12 -> 1 | I12: =[2]FISCALIZACIONES!I12+[2]CERTIFICADOS!I12+[2]REGISTROS!I12+[2]PERMISOS!I12+[2]LICENCIAS!I12 -> 0 | J12: =[2]FISCALIZACIONES!J12+[2]CERTIFICADOS!J12+[2]REGISTROS!J12+[2]PERMISOS!J12+[2]LICENCIAS!J12 -> 0 | K12: =[2]FISCALIZACIONES!K12+[2]CERTIFICADOS!K12+[2]REGISTROS!K12+[2]PERMISOS!K12+[2]LICENCIAS!K12 -> 0 | L12: =[2]FISCALIZACIONES!L12+[2]CERTIFICADOS!L12+[2]REGISTROS!L12+[2]PERMISOS!L12+[2]LICENCIAS!L12 -> 0 | ... Z12: =[2]FISCALIZACIONES!Z12+[2]CERTIFICADOS!Z12+[2]REGISTROS!Z12+[2]PERMISOS!Z12+[2]LICENCIAS!Z12 -> 0
C13: San Lázaro | D13: =SUM(E13:Z13) -> 4 | E13: =[2]FISCALIZACIONES!E13+[2]CERTIFICADOS!E13+[2]REGISTROS!E13+[2]PERMISOS!E13+[2]LICENCIAS!E13 -> 0 | F13: =[2]FISCALIZACIONES!F13+[2]CERTIFICADOS!F13+[2]REGISTROS!F13+[2]PERMISOS!F13+[2]LICENCIAS!F13 -> 3 | G13: =[2]FISCALIZACIONES!G13+[2]CERTIFICADOS!G13+[2]REGISTROS!G13+[2]PERMISOS!G13+[2]LICENCIAS!G13 -> 1 | H13: =[2]FISCALIZACIONES!H13+[2]CERTIFICADOS!H13+[2]REGISTROS!H13+[2]PERMISOS!H13+[2]LICENCIAS!H13 -> 0 | I13: =[2]FISCALIZACIONES!I13+[2]CERTIFICADOS!I13+[2]REGISTROS!I13+[2]PERMISOS!I13+[2]LICENCIAS!I13 -> 0 | J13: =[2]FISCALIZACIONES!J13+[2]CERTIFICADOS!J13+[2]REGISTROS!J13+[2]PERMISOS!J13+[2]LICENCIAS!J13 -> 0 | K13: =[2]FISCALIZACIONES!K13+[2]CERTIFICADOS!K13+[2]REGISTROS!K13+[2]PERMISOS!K13+[2]LICENCIAS!K13 -> 0 | L13: =[2]FISCALIZACIONES!L13+[2]CERTIFICADOS!L13+[2]REGISTROS!L13+[2]PERMISOS!L13+[2]LICENCIAS!L13 -> 0 | ... Z13: =[2]FISCALIZACIONES!Z13+[2]CERTIFICADOS!Z13+[2]REGISTROS!Z13+[2]PERMISOS!Z13+[2]LICENCIAS!Z13 -> 0
C14: Yby Yaú | D14: =SUM(E14:Z14) -> 2 | E14: =[2]FISCALIZACIONES!E14+[2]CERTIFICADOS!E14+[2]REGISTROS!E14+[2]PERMISOS!E14+[2]LICENCIAS!E14 -> 1 | F14: =[2]FISCALIZACIONES!F14+[2]CERTIFICADOS!F14+[2]REGISTROS!F14+[2]PERMISOS!F14+[2]LICENCIAS!F14 -> 1 | G14: =[2]FISCALIZACIONES!G14+[2]CERTIFICADOS!G14+[2]REGISTROS!G14+[2]PERMISOS!G14+[2]LICENCIAS!G14 -> 0 | H14: =[2]FISCALIZACIONES!H14+[2]CERTIFICADOS!H14+[2]REGISTROS!H14+[2]PERMISOS!H14+[2]LICENCIAS!H14 -> 0 | I14: =[2]FISCALIZACIONES!I14+[2]CERTIFICADOS!I14+[2]REGISTROS!I14+[2]PERMISOS!I14+[2]LICENCIAS!I14 -> 0 | J14: =[2]FISCALIZACIONES!J14+[2]CERTIFICADOS!J14+[2]REGISTROS!J14+[2]PERMISOS!J14+[2]LICENCIAS!J14 -> 0 | K14: =[2]FISCALIZACIONES!K14+[2]CERTIFICADOS!K14+[2]REGISTROS!K14+[2]PERMISOS!K14+[2]LICENCIAS!K14 -> 0 | L14: =[2]FISCALIZACIONES!L14+[2]CERTIFICADOS!L14+[2]REGISTROS!L14+[2]PERMISOS!L14+[2]LICENCIAS!L14 -> 0 | ... Z14: =[2]FISCALIZACIONES!Z14+[2]CERTIFICADOS!Z14+[2]REGISTROS!Z14+[2]PERMISOS!Z14+[2]LICENCIAS!Z14 -> 0
C15: Sargento José Félix López | D15: =SUM(E15:Z15) -> 5 | E15: =[2]FISCALIZACIONES!E15+[2]CERTIFICADOS!E15+[2]REGISTROS!E15+[2]PERMISOS!E15+[2]LICENCIAS!E15 -> 1 | F15: =[2]FISCALIZACIONES!F15+[2]CERTIFICADOS!F15+[2]REGISTROS!F15+[2]PERMISOS!F15+[2]LICENCIAS!F15 -> 1 | G15: =[2]FISCALIZACIONES!G15+[2]CERTIFICADOS!G15+[2]REGISTROS!G15+[2]PERMISOS!G15+[2]LICENCIAS!G15 -> 2 | H15: =[2]FISCALIZACIONES!H15+[2]CERTIFICADOS!H15+[2]REGISTROS!H15+[2]PERMISOS!H15+[2]LICENCIAS!H15 -> 1 | I15: =[2]FISCALIZACIONES!I15+[2]CERTIFICADOS!I15+[2]REGISTROS!I15+[2]PERMISOS!I15+[2]LICENCIAS!I15 -> 0 | J15: =[2]FISCALIZACIONES!J15+[2]CERTIFICADOS!J15+[2]REGISTROS!J15+[2]PERMISOS!J15+[2]LICENCIAS!J15 -> 0 | K15: =[2]FISCALIZACIONES!K15+[2]CERTIFICADOS!K15+[2]REGISTROS!K15+[2]PERMISOS!K15+[2]LICENCIAS!K15 -> 0 | L15: =[2]FISCALIZACIONES!L15+[2]CERTIFICADOS!L15+[2]REGISTROS!L15+[2]PERMISOS!L15+[2]LICENCIAS!L15 -> 0 | ... Z15: =[2]FISCALIZACIONES!Z15+[2]CERTIFICADOS!Z15+[2]REGISTROS!Z15+[2]PERMISOS!Z15+[2]LICENCIAS!Z15 -> 0
C16: San Alfredo | D16: =SUM(E16:Z16) -> 3 | E16: =[2]FISCALIZACIONES!E16+[2]CERTIFICADOS!E16+[2]REGISTROS!E16+[2]PERMISOS!E16+[2]LICENCIAS!E16 -> 2 | F16: =[2]FISCALIZACIONES!F16+[2]CERTIFICADOS!F16+[2]REGISTROS!F16+[2]PERMISOS!F16+[2]LICENCIAS!F16 -> 1 | G16: =[2]FISCALIZACIONES!G16+[2]CERTIFICADOS!G16+[2]REGISTROS!G16+[2]PERMISOS!G16+[2]LICENCIAS!G16 -> 0 | H16: =[2]FISCALIZACIONES!H16+[2]CERTIFICADOS!H16+[2]REGISTROS!H16+[2]PERMISOS!H16+[2]LICENCIAS!H16 -> 0 | I16: =[2]FISCALIZACIONES!I16+[2]CERTIFICADOS!I16+[2]REGISTROS!I16+[2]PERMISOS!I16+[2]LICENCIAS!I16 -> 0 | J16: =[2]FISCALIZACIONES!J16+[2]CERTIFICADOS!J16+[2]REGISTROS!J16+[2]PERMISOS!J16+[2]LICENCIAS!J16 -> 0 | K16: =[2]FISCALIZACIONES!K16+[2]CERTIFICADOS!K16+[2]REGISTROS!K16+[2]PERMISOS!K16+[2]LICENCIAS!K16 -> 0 | L16: =[2]FISCALIZACIONES!L16+[2]CERTIFICADOS!L16+[2]REGISTROS!L16+[2]PERMISOS!L16+[2]LICENCIAS!L16 -> 0 | ... Z16: =[2]FISCALIZACIONES!Z16+[2]CERTIFICADOS!Z16+[2]REGISTROS!Z16+[2]PERMISOS!Z16+[2]LICENCIAS!Z16 -> 0
C17: Paso Barreto | D17: =SUM(E17:Z17) -> 1 | E17: =[2]FISCALIZACIONES!E17+[2]CERTIFICADOS!E17+[2]REGISTROS!E17+[2]PERMISOS!E17+[2]LICENCIAS!E17 -> 0 | F17: =[2]FISCALIZACIONES!F17+[2]CERTIFICADOS!F17+[2]REGISTROS!F17+[2]PERMISOS!F17+[2]LICENCIAS!F17 -> 0 | G17: =[2]FISCALIZACIONES!G17+[2]CERTIFICADOS!G17+[2]REGISTROS!G17+[2]PERMISOS!G17+[2]LICENCIAS!G17 -> 1 | H17: =[2]FISCALIZACIONES!H17+[2]CERTIFICADOS!H17+[2]REGISTROS!H17+[2]PERMISOS!H17+[2]LICENCIAS!H17 -> 0 | I17: =[2]FISCALIZACIONES!I17+[2]CERTIFICADOS!I17+[2]REGISTROS!I17+[2]PERMISOS!I17+[2]LICENCIAS!I17 -> 0 | J17: =[2]FISCALIZACIONES!J17+[2]CERTIFICADOS!J17+[2]REGISTROS!J17+[2]PERMISOS!J17+[2]LICENCIAS!J17 -> 0 | K17: =[2]FISCALIZACIONES!K17+[2]CERTIFICADOS!K17+[2]REGISTROS!K17+[2]PERMISOS!K17+[2]LICENCIAS!K17 -> 0 | L17: =[2]FISCALIZACIONES!L17+[2]CERTIFICADOS!L17+[2]REGISTROS!L17+[2]PERMISOS!L17+[2]LICENCIAS!L17 -> 0 | ... Z17: =[2]FISCALIZACIONES!Z17+[2]CERTIFICADOS!Z17+[2]REGISTROS!Z17+[2]PERMISOS!Z17+[2]LICENCIAS!Z17 -> 0
A18: SAN PEDRO | B18: =SUM(D18:D38) -> 85 | C18: Antequera | D18: =SUM(E18:Z18) -> 6 | E18: =[2]FISCALIZACIONES!E18+[2]CERTIFICADOS!E18+[2]REGISTROS!E18+[2]PERMISOS!E18+[2]LICENCIAS!E18 -> 0 | F18: =[2]FISCALIZACIONES!F18+[2]CERTIFICADOS!F18+[2]REGISTROS!F18+[2]PERMISOS!F18+[2]LICENCIAS!F18 -> 1 | G18: =[2]FISCALIZACIONES!G18+[2]CERTIFICADOS!G18+[2]REGISTROS!G18+[2]PERMISOS!G18+[2]LICENCIAS!G18 -> 3 | H18: =[2]FISCALIZACIONES!H18+[2]CERTIFICADOS!H18+[2]REGISTROS!H18+[2]PERMISOS!H18+[2]LICENCIAS!H18 -> 2 | I18: =[2]FISCALIZACIONES!I18+[2]CERTIFICADOS!I18+[2]REGISTROS!I18+[2]PERMISOS!I18+[2]LICENCIAS!I18 -> 0 | J18: =[2]FISCALIZACIONES!J18+[2]CERTIFICADOS!J18+[2]REGISTROS!J18+[2]PERMISOS!J18+[2]LICENCIAS!J18 -> 0 | K18: =[2]FISCALIZACIONES!K18+[2]CERTIFICADOS!K18+[2]REGISTROS!K18+[2]PERMISOS!K18+[2]LICENCIAS!K18 -> 0 | L18: =[2]FISCALIZACIONES!L18+[2]CERTIFICADOS!L18+[2]REGISTROS!L18+[2]PERMISOS!L18+[2]LICENCIAS!L18 -> 0 | ... Z18: =[2]FISCALIZACIONES!Z18+[2]CERTIFICADOS!Z18+[2]REGISTROS!Z18+[2]PERMISOS!Z18+[2]LICENCIAS!Z18 -> 0
C19: Capiibary | D19: =SUM(E19:Z19) -> 2 | E19: =[2]FISCALIZACIONES!E19+[2]CERTIFICADOS!E19+[2]REGISTROS!E19+[2]PERMISOS!E19+[2]LICENCIAS!E19 -> 1 | F19: =[2]FISCALIZACIONES!F19+[2]CERTIFICADOS!F19+[2]REGISTROS!F19+[2]PERMISOS!F19+[2]LICENCIAS!F19 -> 1 | G19: =[2]FISCALIZACIONES!G19+[2]CERTIFICADOS!G19+[2]REGISTROS!G19+[2]PERMISOS!G19+[2]LICENCIAS!G19 -> 0 | H19: =[2]FISCALIZACIONES!H19+[2]CERTIFICADOS!H19+[2]REGISTROS!H19+[2]PERMISOS!H19+[2]LICENCIAS!H19 -> 0 | I19: =[2]FISCALIZACIONES!I19+[2]CERTIFICADOS!I19+[2]REGISTROS!I19+[2]PERMISOS!I19+[2]LICENCIAS!I19 -> 0 | J19: =[2]FISCALIZACIONES!J19+[2]CERTIFICADOS!J19+[2]REGISTROS!J19+[2]PERMISOS!J19+[2]LICENCIAS!J19 -> 0 | K19: =[2]FISCALIZACIONES!K19+[2]CERTIFICADOS!K19+[2]REGISTROS!K19+[2]PERMISOS!K19+[2]LICENCIAS!K19 -> 0 | L19: =[2]FISCALIZACIONES!L19+[2]CERTIFICADOS!L19+[2]REGISTROS!L19+[2]PERMISOS!L19+[2]LICENCIAS!L19 -> 0 | ... Z19: =[2]FISCALIZACIONES!Z19+[2]CERTIFICADOS!Z19+[2]REGISTROS!Z19+[2]PERMISOS!Z19+[2]LICENCIAS!Z19 -> 0
C20: Choré | D20: =SUM(E20:Z20) -> 9 | E20: =[2]FISCALIZACIONES!E20+[2]CERTIFICADOS!E20+[2]REGISTROS!E20+[2]PERMISOS!E20+[2]LICENCIAS!E20 -> 3 | F20: =[2]FISCALIZACIONES!F20+[2]CERTIFICADOS!F20+[2]REGISTROS!F20+[2]PERMISOS!F20+[2]LICENCIAS!F20 -> 2 | G20: =[2]FISCALIZACIONES!G20+[2]CERTIFICADOS!G20+[2]REGISTROS!G20+[2]PERMISOS!G20+[2]LICENCIAS!G20 -> 2 | H20: =[2]FISCALIZACIONES!H20+[2]CERTIFICADOS!H20+[2]REGISTROS!H20+[2]PERMISOS!H20+[2]LICENCIAS!H20 -> 2 | I20: =[2]FISCALIZACIONES!I20+[2]CERTIFICADOS!I20+[2]REGISTROS!I20+[2]PERMISOS!I20+[2]LICENCIAS!I20 -> 0 | J20: =[2]FISCALIZACIONES!J20+[2]CERTIFICADOS!J20+[2]REGISTROS!J20+[2]PERMISOS!J20+[2]LICENCIAS!J20 -> 0 | K20: =[2]FISCALIZACIONES!K20+[2]CERTIFICADOS!K20+[2]REGISTROS!K20+[2]PERMISOS!K20+[2]LICENCIAS!K20 -> 0 | L20: =[2]FISCALIZACIONES!L20+[2]CERTIFICADOS!L20+[2]REGISTROS!L20+[2]PERMISOS!L20+[2]LICENCIAS!L20 -> 0 | ... Z20: =[2]FISCALIZACIONES!Z20+[2]CERTIFICADOS!Z20+[2]REGISTROS!Z20+[2]PERMISOS!Z20+[2]LICENCIAS!Z20 -> 0
C21: General Elizardo Aquino | D21: =SUM(E21:Z21) -> 3 | E21: =[2]FISCALIZACIONES!E21+[2]CERTIFICADOS!E21+[2]REGISTROS!E21+[2]PERMISOS!E21+[2]LICENCIAS!E21 -> 1 | F21: =[2]FISCALIZACIONES!F21+[2]CERTIFICADOS!F21+[2]REGISTROS!F21+[2]PERMISOS!F21+[2]LICENCIAS!F21 -> 2 | G21: =[2]FISCALIZACIONES!G21+[2]CERTIFICADOS!G21+[2]REGISTROS!G21+[2]PERMISOS!G21+[2]LICENCIAS!G21 -> 0 | H21: =[2]FISCALIZACIONES!H21+[2]CERTIFICADOS!H21+[2]REGISTROS!H21+[2]PERMISOS!H21+[2]LICENCIAS!H21 -> 0 | I21: =[2]FISCALIZACIONES!I21+[2]CERTIFICADOS!I21+[2]REGISTROS!I21+[2]PERMISOS!I21+[2]LICENCIAS!I21 -> 0 | J21: =[2]FISCALIZACIONES!J21+[2]CERTIFICADOS!J21+[2]REGISTROS!J21+[2]PERMISOS!J21+[2]LICENCIAS!J21 -> 0 | K21: =[2]FISCALIZACIONES!K21+[2]CERTIFICADOS!K21+[2]REGISTROS!K21+[2]PERMISOS!K21+[2]LICENCIAS!K21 -> 0 | L21: =[2]FISCALIZACIONES!L21+[2]CERTIFICADOS!L21+[2]REGISTROS!L21+[2]PERMISOS!L21+[2]LICENCIAS!L21 -> 0 | ... Z21: =[2]FISCALIZACIONES!Z21+[2]CERTIFICADOS!Z21+[2]REGISTROS!Z21+[2]PERMISOS!Z21+[2]LICENCIAS!Z21 -> 0
C22: General Isidoro Resquín | D22: =SUM(E22:Z22) -> 5 | E22: =[2]FISCALIZACIONES!E22+[2]CERTIFICADOS!E22+[2]REGISTROS!E22+[2]PERMISOS!E22+[2]LICENCIAS!E22 -> 2 | F22: =[2]FISCALIZACIONES!F22+[2]CERTIFICADOS!F22+[2]REGISTROS!F22+[2]PERMISOS!F22+[2]LICENCIAS!F22 -> 2 | G22: =[2]FISCALIZACIONES!G22+[2]CERTIFICADOS!G22+[2]REGISTROS!G22+[2]PERMISOS!G22+[2]LICENCIAS!G22 -> 0 | H22: =[2]FISCALIZACIONES!H22+[2]CERTIFICADOS!H22+[2]REGISTROS!H22+[2]PERMISOS!H22+[2]LICENCIAS!H22 -> 1 | I22: =[2]FISCALIZACIONES!I22+[2]CERTIFICADOS!I22+[2]REGISTROS!I22+[2]PERMISOS!I22+[2]LICENCIAS!I22 -> 0 | J22: =[2]FISCALIZACIONES!J22+[2]CERTIFICADOS!J22+[2]REGISTROS!J22+[2]PERMISOS!J22+[2]LICENCIAS!J22 -> 0 | K22: =[2]FISCALIZACIONES!K22+[2]CERTIFICADOS!K22+[2]REGISTROS!K22+[2]PERMISOS!K22+[2]LICENCIAS!K22 -> 0 | L22: =[2]FISCALIZACIONES!L22+[2]CERTIFICADOS!L22+[2]REGISTROS!L22+[2]PERMISOS!L22+[2]LICENCIAS!L22 -> 0 | ... Z22: =[2]FISCALIZACIONES!Z22+[2]CERTIFICADOS!Z22+[2]REGISTROS!Z22+[2]PERMISOS!Z22+[2]LICENCIAS!Z22 -> 0
C23: Guayaibí | D23: =SUM(E23:Z23) -> 6 | E23: =[2]FISCALIZACIONES!E23+[2]CERTIFICADOS!E23+[2]REGISTROS!E23+[2]PERMISOS!E23+[2]LICENCIAS!E23 -> 1 | F23: =[2]FISCALIZACIONES!F23+[2]CERTIFICADOS!F23+[2]REGISTROS!F23+[2]PERMISOS!F23+[2]LICENCIAS!F23 -> 1 | G23: =[2]FISCALIZACIONES!G23+[2]CERTIFICADOS!G23+[2]REGISTROS!G23+[2]PERMISOS!G23+[2]LICENCIAS!G23 -> 1 | H23: =[2]FISCALIZACIONES!H23+[2]CERTIFICADOS!H23+[2]REGISTROS!H23+[2]PERMISOS!H23+[2]LICENCIAS!H23 -> 2 | I23: =[2]FISCALIZACIONES!I23+[2]CERTIFICADOS!I23+[2]REGISTROS!I23+[2]PERMISOS!I23+[2]LICENCIAS!I23 -> 0 | J23: =[2]FISCALIZACIONES!J23+[2]CERTIFICADOS!J23+[2]REGISTROS!J23+[2]PERMISOS!J23+[2]LICENCIAS!J23 -> 0 | K23: =[2]FISCALIZACIONES!K23+[2]CERTIFICADOS!K23+[2]REGISTROS!K23+[2]PERMISOS!K23+[2]LICENCIAS!K23 -> 0 | L23: =[2]FISCALIZACIONES!L23+[2]CERTIFICADOS!L23+[2]REGISTROS!L23+[2]PERMISOS!L23+[2]LICENCIAS!L23 -> 0 | ... Z23: =[2]FISCALIZACIONES!Z23+[2]CERTIFICADOS!Z23+[2]REGISTROS!Z23+[2]PERMISOS!Z23+[2]LICENCIAS!Z23 -> 1
C24: Itacurubí del Rosario | D24: =SUM(E24:Z24) -> 2 | E24: =[2]FISCALIZACIONES!E24+[2]CERTIFICADOS!E24+[2]REGISTROS!E24+[2]PERMISOS!E24+[2]LICENCIAS!E24 -> 1 | F24: =[2]FISCALIZACIONES!F24+[2]CERTIFICADOS!F24+[2]REGISTROS!F24+[2]PERMISOS!F24+[2]LICENCIAS!F24 -> 1 | G24: =[2]FISCALIZACIONES!G24+[2]CERTIFICADOS!G24+[2]REGISTROS!G24+[2]PERMISOS!G24+[2]LICENCIAS!G24 -> 0 | H24: =[2]FISCALIZACIONES!H24+[2]CERTIFICADOS!H24+[2]REGISTROS!H24+[2]PERMISOS!H24+[2]LICENCIAS!H24 -> 0 | I24: =[2]FISCALIZACIONES!I24+[2]CERTIFICADOS!I24+[2]REGISTROS!I24+[2]PERMISOS!I24+[2]LICENCIAS!I24 -> 0 | J24: =[2]FISCALIZACIONES!J24+[2]CERTIFICADOS!J24+[2]REGISTROS!J24+[2]PERMISOS!J24+[2]LICENCIAS!J24 -> 0 | K24: =[2]FISCALIZACIONES!K24+[2]CERTIFICADOS!K24+[2]REGISTROS!K24+[2]PERMISOS!K24+[2]LICENCIAS!K24 -> 0 | L24: =[2]FISCALIZACIONES!L24+[2]CERTIFICADOS!L24+[2]REGISTROS!L24+[2]PERMISOS!L24+[2]LICENCIAS!L24 -> 0 | ... Z24: =[2]FISCALIZACIONES!Z24+[2]CERTIFICADOS!Z24+[2]REGISTROS!Z24+[2]PERMISOS!Z24+[2]LICENCIAS!Z24 -> 0
C25: Liberación | D25: =SUM(E25:Z25) -> 4 | E25: =[2]FISCALIZACIONES!E25+[2]CERTIFICADOS!E25+[2]REGISTROS!E25+[2]PERMISOS!E25+[2]LICENCIAS!E25 -> 1 | F25: =[2]FISCALIZACIONES!F25+[2]CERTIFICADOS!F25+[2]REGISTROS!F25+[2]PERMISOS!F25+[2]LICENCIAS!F25 -> 1 | G25: =[2]FISCALIZACIONES!G25+[2]CERTIFICADOS!G25+[2]REGISTROS!G25+[2]PERMISOS!G25+[2]LICENCIAS!G25 -> 0 | H25: =[2]FISCALIZACIONES!H25+[2]CERTIFICADOS!H25+[2]REGISTROS!H25+[2]PERMISOS!H25+[2]LICENCIAS!H25 -> 2 | I25: =[2]FISCALIZACIONES!I25+[2]CERTIFICADOS!I25+[2]REGISTROS!I25+[2]PERMISOS!I25+[2]LICENCIAS!I25 -> 0 | J25: =[2]FISCALIZACIONES!J25+[2]CERTIFICADOS!J25+[2]REGISTROS!J25+[2]PERMISOS!J25+[2]LICENCIAS!J25 -> 0 | K25: =[2]FISCALIZACIONES!K25+[2]CERTIFICADOS!K25+[2]REGISTROS!K25+[2]PERMISOS!K25+[2]LICENCIAS!K25 -> 0 | L25: =[2]FISCALIZACIONES!L25+[2]CERTIFICADOS!L25+[2]REGISTROS!L25+[2]PERMISOS!L25+[2]LICENCIAS!L25 -> 0 | ... Z25: =[2]FISCALIZACIONES!Z25+[2]CERTIFICADOS!Z25+[2]REGISTROS!Z25+[2]PERMISOS!Z25+[2]LICENCIAS!Z25 -> 0
C26: Lima | D26: =SUM(E26:Z26) -> 6 | E26: =[2]FISCALIZACIONES!E26+[2]CERTIFICADOS!E26+[2]REGISTROS!E26+[2]PERMISOS!E26+[2]LICENCIAS!E26 -> 1 | F26: =[2]FISCALIZACIONES!F26+[2]CERTIFICADOS!F26+[2]REGISTROS!F26+[2]PERMISOS!F26+[2]LICENCIAS!F26 -> 2 | G26: =[2]FISCALIZACIONES!G26+[2]CERTIFICADOS!G26+[2]REGISTROS!G26+[2]PERMISOS!G26+[2]LICENCIAS!G26 -> 1 | H26: =[2]FISCALIZACIONES!H26+[2]CERTIFICADOS!H26+[2]REGISTROS!H26+[2]PERMISOS!H26+[2]LICENCIAS!H26 -> 2 | I26: =[2]FISCALIZACIONES!I26+[2]CERTIFICADOS!I26+[2]REGISTROS!I26+[2]PERMISOS!I26+[2]LICENCIAS!I26 -> 0 | J26: =[2]FISCALIZACIONES!J26+[2]CERTIFICADOS!J26+[2]REGISTROS!J26+[2]PERMISOS!J26+[2]LICENCIAS!J26 -> 0 | K26: =[2]FISCALIZACIONES!K26+[2]CERTIFICADOS!K26+[2]REGISTROS!K26+[2]PERMISOS!K26+[2]LICENCIAS!K26 -> 0 | L26: =[2]FISCALIZACIONES!L26+[2]CERTIFICADOS!L26+[2]REGISTROS!L26+[2]PERMISOS!L26+[2]LICENCIAS!L26 -> 0 | ... Z26: =[2]FISCALIZACIONES!Z26+[2]CERTIFICADOS!Z26+[2]REGISTROS!Z26+[2]PERMISOS!Z26+[2]LICENCIAS!Z26 -> 0
C27: Nueva Germania | D27: =SUM(E27:Z27) -> 1 | E27: =[2]FISCALIZACIONES!E27+[2]CERTIFICADOS!E27+[2]REGISTROS!E27+[2]PERMISOS!E27+[2]LICENCIAS!E27 -> 1 | F27: =[2]FISCALIZACIONES!F27+[2]CERTIFICADOS!F27+[2]REGISTROS!F27+[2]PERMISOS!F27+[2]LICENCIAS!F27 -> 0 | G27: =[2]FISCALIZACIONES!G27+[2]CERTIFICADOS!G27+[2]REGISTROS!G27+[2]PERMISOS!G27+[2]LICENCIAS!G27 -> 0 | H27: =[2]FISCALIZACIONES!H27+[2]CERTIFICADOS!H27+[2]REGISTROS!H27+[2]PERMISOS!H27+[2]LICENCIAS!H27 -> 0 | I27: =[2]FISCALIZACIONES!I27+[2]CERTIFICADOS!I27+[2]REGISTROS!I27+[2]PERMISOS!I27+[2]LICENCIAS!I27 -> 0 | J27: =[2]FISCALIZACIONES!J27+[2]CERTIFICADOS!J27+[2]REGISTROS!J27+[2]PERMISOS!J27+[2]LICENCIAS!J27 -> 0 | K27: =[2]FISCALIZACIONES!K27+[2]CERTIFICADOS!K27+[2]REGISTROS!K27+[2]PERMISOS!K27+[2]LICENCIAS!K27 -> 0 | L27: =[2]FISCALIZACIONES!L27+[2]CERTIFICADOS!L27+[2]REGISTROS!L27+[2]PERMISOS!L27+[2]LICENCIAS!L27 -> 0 | ... Z27: =[2]FISCALIZACIONES!Z27+[2]CERTIFICADOS!Z27+[2]REGISTROS!Z27+[2]PERMISOS!Z27+[2]LICENCIAS!Z27 -> 0
C28: San Estanislao | D28: =SUM(E28:Z28) -> 12 | E28: =[2]FISCALIZACIONES!E28+[2]CERTIFICADOS!E28+[2]REGISTROS!E28+[2]PERMISOS!E28+[2]LICENCIAS!E28 -> 2 | F28: =[2]FISCALIZACIONES!F28+[2]CERTIFICADOS!F28+[2]REGISTROS!F28+[2]PERMISOS!F28+[2]LICENCIAS!F28 -> 4 | G28: =[2]FISCALIZACIONES!G28+[2]CERTIFICADOS!G28+[2]REGISTROS!G28+[2]PERMISOS!G28+[2]LICENCIAS!G28 -> 0 | H28: =[2]FISCALIZACIONES!H28+[2]CERTIFICADOS!H28+[2]REGISTROS!H28+[2]PERMISOS!H28+[2]LICENCIAS!H28 -> 5 | I28: =[2]FISCALIZACIONES!I28+[2]CERTIFICADOS!I28+[2]REGISTROS!I28+[2]PERMISOS!I28+[2]LICENCIAS!I28 -> 0 | J28: =[2]FISCALIZACIONES!J28+[2]CERTIFICADOS!J28+[2]REGISTROS!J28+[2]PERMISOS!J28+[2]LICENCIAS!J28 -> 0 | K28: =[2]FISCALIZACIONES!K28+[2]CERTIFICADOS!K28+[2]REGISTROS!K28+[2]PERMISOS!K28+[2]LICENCIAS!K28 -> 0 | L28: =[2]FISCALIZACIONES!L28+[2]CERTIFICADOS!L28+[2]REGISTROS!L28+[2]PERMISOS!L28+[2]LICENCIAS!L28 -> 0 | ... Z28: =[2]FISCALIZACIONES!Z28+[2]CERTIFICADOS!Z28+[2]REGISTROS!Z28+[2]PERMISOS!Z28+[2]LICENCIAS!Z28 -> 0
C29: San Pablo | D29: =SUM(E29:Z29) -> 5 | E29: =[2]FISCALIZACIONES!E29+[2]CERTIFICADOS!E29+[2]REGISTROS!E29+[2]PERMISOS!E29+[2]LICENCIAS!E29 -> 1 | F29: =[2]FISCALIZACIONES!F29+[2]CERTIFICADOS!F29+[2]REGISTROS!F29+[2]PERMISOS!F29+[2]LICENCIAS!F29 -> 2 | G29: =[2]FISCALIZACIONES!G29+[2]CERTIFICADOS!G29+[2]REGISTROS!G29+[2]PERMISOS!G29+[2]LICENCIAS!G29 -> 1 | H29: =[2]FISCALIZACIONES!H29+[2]CERTIFICADOS!H29+[2]REGISTROS!H29+[2]PERMISOS!H29+[2]LICENCIAS!H29 -> 0 | I29: =[2]FISCALIZACIONES!I29+[2]CERTIFICADOS!I29+[2]REGISTROS!I29+[2]PERMISOS!I29+[2]LICENCIAS!I29 -> 1 | J29: =[2]FISCALIZACIONES!J29+[2]CERTIFICADOS!J29+[2]REGISTROS!J29+[2]PERMISOS!J29+[2]LICENCIAS!J29 -> 0 | K29: =[2]FISCALIZACIONES!K29+[2]CERTIFICADOS!K29+[2]REGISTROS!K29+[2]PERMISOS!K29+[2]LICENCIAS!K29 -> 0 | L29: =[2]FISCALIZACIONES!L29+[2]CERTIFICADOS!L29+[2]REGISTROS!L29+[2]PERMISOS!L29+[2]LICENCIAS!L29 -> 0 | ... Z29: =[2]FISCALIZACIONES!Z29+[2]CERTIFICADOS!Z29+[2]REGISTROS!Z29+[2]PERMISOS!Z29+[2]LICENCIAS!Z29 -> 0
C30: San Pedro del Ycuamandiyú | D30: =SUM(E30:Z30) -> 3 | E30: =[2]FISCALIZACIONES!E30+[2]CERTIFICADOS!E30+[2]REGISTROS!E30+[2]PERMISOS!E30+[2]LICENCIAS!E30 -> 0 | F30: =[2]FISCALIZACIONES!F30+[2]CERTIFICADOS!F30+[2]REGISTROS!F30+[2]PERMISOS!F30+[2]LICENCIAS!F30 -> 0 | G30: =[2]FISCALIZACIONES!G30+[2]CERTIFICADOS!G30+[2]REGISTROS!G30+[2]PERMISOS!G30+[2]LICENCIAS!G30 -> 0 | H30: =[2]FISCALIZACIONES!H30+[2]CERTIFICADOS!H30+[2]REGISTROS!H30+[2]PERMISOS!H30+[2]LICENCIAS!H30 -> 2 | I30: =[2]FISCALIZACIONES!I30+[2]CERTIFICADOS!I30+[2]REGISTROS!I30+[2]PERMISOS!I30+[2]LICENCIAS!I30 -> 1 | J30: =[2]FISCALIZACIONES!J30+[2]CERTIFICADOS!J30+[2]REGISTROS!J30+[2]PERMISOS!J30+[2]LICENCIAS!J30 -> 0 | K30: =[2]FISCALIZACIONES!K30+[2]CERTIFICADOS!K30+[2]REGISTROS!K30+[2]PERMISOS!K30+[2]LICENCIAS!K30 -> 0 | L30: =[2]FISCALIZACIONES!L30+[2]CERTIFICADOS!L30+[2]REGISTROS!L30+[2]PERMISOS!L30+[2]LICENCIAS!L30 -> 0 | ... Z30: =[2]FISCALIZACIONES!Z30+[2]CERTIFICADOS!Z30+[2]REGISTROS!Z30+[2]PERMISOS!Z30+[2]LICENCIAS!Z30 -> 0
... C38: Yrybucuá | D38: =SUM(E38:Z38) -> 3 | E38: =[2]FISCALIZACIONES!E38+[2]CERTIFICADOS!E38+[2]REGISTROS!E38+[2]PERMISOS!E38+[2]LICENCIAS!E38 -> 1 | F38: =[2]FISCALIZACIONES!F38+[2]CERTIFICADOS!F38+[2]REGISTROS!F38+[2]PERMISOS!F38+[2]LICENCIAS!F38 -> 0 | G38: =[2]FISCALIZACIONES!G38+[2]CERTIFICADOS!G38+[2]REGISTROS!G38+[2]PERMISOS!G38+[2]LICENCIAS!G38 -> 0 | H38: =[2]FISCALIZACIONES!H38+[2]CERTIFICADOS!H38+[2]REGISTROS!H38+[2]PERMISOS!H38+[2]LICENCIAS!H38 -> 2 | I38: =[2]FISCALIZACIONES!I38+[2]CERTIFICADOS!I38+[2]REGISTROS!I38+[2]PERMISOS!I38+[2]LICENCIAS!I38 -> 0 | J38: =[2]FISCALIZACIONES!J38+[2]CERTIFICADOS!J38+[2]REGISTROS!J38+[2]PERMISOS!J38+[2]LICENCIAS!J38 -> 0 | K38: =[2]FISCALIZACIONES!K38+[2]CERTIFICADOS!K38+[2]REGISTROS!K38+[2]PERMISOS!K38+[2]LICENCIAS!K38 -> 0 | L38: =[2]FISCALIZACIONES!L38+[2]CERTIFICADOS!L38+[2]REGISTROS!L38+[2]PERMISOS!L38+[2]LICENCIAS!L38 -> 0 | ... Z38: =[2]FISCALIZACIONES!Z38+[2]CERTIFICADOS!Z38+[2]REGISTROS!Z38+[2]PERMISOS!Z38+[2]LICENCIAS!Z38 -> 0
A39: CORDILLERA | B39: =SUM(D39:D58) -> 82 | C39: Altos | D39: =SUM(E39:Z39) -> 5 | E39: =[2]FISCALIZACIONES!E39+[2]CERTIFICADOS!E39+[2]REGISTROS!E39+[2]PERMISOS!E39+[2]LICENCIAS!E39 -> 3 | F39: =[2]FISCALIZACIONES!F39+[2]CERTIFICADOS!F39+[2]REGISTROS!F39+[2]PERMISOS!F39+[2]LICENCIAS!F39 -> 2 | G39: =[2]FISCALIZACIONES!G39+[2]CERTIFICADOS!G39+[2]REGISTROS!G39+[2]PERMISOS!G39+[2]LICENCIAS!G39 -> 0 | H39: =[2]FISCALIZACIONES!H39+[2]CERTIFICADOS!H39+[2]REGISTROS!H39+[2]PERMISOS!H39+[2]LICENCIAS!H39 -> 0 | I39: =[2]FISCALIZACIONES!I39+[2]CERTIFICADOS!I39+[2]REGISTROS!I39+[2]PERMISOS!I39+[2]LICENCIAS!I39 -> 0 | J39: =[2]FISCALIZACIONES!J39+[2]CERTIFICADOS!J39+[2]REGISTROS!J39+[2]PERMISOS!J39+[2]LICENCIAS!J39 -> 0 | K39: =[2]FISCALIZACIONES!K39+[2]CERTIFICADOS!K39+[2]REGISTROS!K39+[2]PERMISOS!K39+[2]LICENCIAS!K39 -> 0 | L39: =[2]FISCALIZACIONES!L39+[2]CERTIFICADOS!L39+[2]REGISTROS!L39+[2]PERMISOS!L39+[2]LICENCIAS!L39 -> 0 | ... Z39: =[2]FISCALIZACIONES!Z39+[2]CERTIFICADOS!Z39+[2]REGISTROS!Z39+[2]PERMISOS!Z39+[2]LICENCIAS!Z39 -> 0
C40: Arroyos y Esteros | D40: =SUM(E40:Z40) -> 5 | E40: =[2]FISCALIZACIONES!E40+[2]CERTIFICADOS!E40+[2]REGISTROS!E40+[2]PERMISOS!E40+[2]LICENCIAS!E40 -> 1 | F40: =[2]FISCALIZACIONES!F40+[2]CERTIFICADOS!F40+[2]REGISTROS!F40+[2]PERMISOS!F40+[2]LICENCIAS!F40 -> 1 | G40: =[2]FISCALIZACIONES!G40+[2]CERTIFICADOS!G40+[2]REGISTROS!G40+[2]PERMISOS!G40+[2]LICENCIAS!G40 -> 1 | H40: =[2]FISCALIZACIONES!H40+[2]CERTIFICADOS!H40+[2]REGISTROS!H40+[2]PERMISOS!H40+[2]LICENCIAS!H40 -> 2 | I40: =[2]FISCALIZACIONES!I40+[2]CERTIFICADOS!I40+[2]REGISTROS!I40+[2]PERMISOS!I40+[2]LICENCIAS!I40 -> 0 | J40: =[2]FISCALIZACIONES!J40+[2]CERTIFICADOS!J40+[2]REGISTROS!J40+[2]PERMISOS!J40+[2]LICENCIAS!J40 -> 0 | K40: =[2]FISCALIZACIONES!K40+[2]CERTIFICADOS!K40+[2]REGISTROS!K40+[2]PERMISOS!K40+[2]LICENCIAS!K40 -> 0 | L40: =[2]FISCALIZACIONES!L40+[2]CERTIFICADOS!L40+[2]REGISTROS!L40+[2]PERMISOS!L40+[2]LICENCIAS!L40 -> 0 | ... Z40: =[2]FISCALIZACIONES!Z40+[2]CERTIFICADOS!Z40+[2]REGISTROS!Z40+[2]PERMISOS!Z40+[2]LICENCIAS!Z40 -> 0
C41: Atyrá | D41: =SUM(E41:Z41) -> 3 | E41: =[2]FISCALIZACIONES!E41+[2]CERTIFICADOS!E41+[2]REGISTROS!E41+[2]PERMISOS!E41+[2]LICENCIAS!E41 -> 1 | F41: =[2]FISCALIZACIONES!F41+[2]CERTIFICADOS!F41+[2]REGISTROS!F41+[2]PERMISOS!F41+[2]LICENCIAS!F41 -> 1 | G41: =[2]FISCALIZACIONES!G41+[2]CERTIFICADOS!G41+[2]REGISTROS!G41+[2]PERMISOS!G41+[2]LICENCIAS!G41 -> 0 | H41: =[2]FISCALIZACIONES!H41+[2]CERTIFICADOS!H41+[2]REGISTROS!H41+[2]PERMISOS!H41+[2]LICENCIAS!H41 -> 1 | I41: =[2]FISCALIZACIONES!I41+[2]CERTIFICADOS!I41+[2]REGISTROS!I41+[2]PERMISOS!I41+[2]LICENCIAS!I41 -> 0 | J41: =[2]FISCALIZACIONES!J41+[2]CERTIFICADOS!J41+[2]REGISTROS!J41+[2]PERMISOS!J41+[2]LICENCIAS!J41 -> 0 | K41: =[2]FISCALIZACIONES!K41+[2]CERTIFICADOS!K41+[2]REGISTROS!K41+[2]PERMISOS!K41+[2]LICENCIAS!K41 -> 0 | L41: =[2]FISCALIZACIONES!L41+[2]CERTIFICADOS!L41+[2]REGISTROS!L41+[2]PERMISOS!L41+[2]LICENCIAS!L41 -> 0 | ... Z41: =[2]FISCALIZACIONES!Z41+[2]CERTIFICADOS!Z41+[2]REGISTROS!Z41+[2]PERMISOS!Z41+[2]LICENCIAS!Z41 -> 0
C42: Caacupé | D42: =SUM(E42:Z42) -> 11 | E42: =[2]FISCALIZACIONES!E42+[2]CERTIFICADOS!E42+[2]REGISTROS!E42+[2]PERMISOS!E42+[2]LICENCIAS!E42 -> 1 | F42: =[2]FISCALIZACIONES!F42+[2]CERTIFICADOS!F42+[2]REGISTROS!F42+[2]PERMISOS!F42+[2]LICENCIAS!F42 -> 6 | G42: =[2]FISCALIZACIONES!G42+[2]CERTIFICADOS!G42+[2]REGISTROS!G42+[2]PERMISOS!G42+[2]LICENCIAS!G42 -> 2 | H42: =[2]FISCALIZACIONES!H42+[2]CERTIFICADOS!H42+[2]REGISTROS!H42+[2]PERMISOS!H42+[2]LICENCIAS!H42 -> 1 | I42: =[2]FISCALIZACIONES!I42+[2]CERTIFICADOS!I42+[2]REGISTROS!I42+[2]PERMISOS!I42+[2]LICENCIAS!I42 -> 0 | J42: =[2]FISCALIZACIONES!J42+[2]CERTIFICADOS!J42+[2]REGISTROS!J42+[2]PERMISOS!J42+[2]LICENCIAS!J42 -> 0 | K42: =[2]FISCALIZACIONES!K42+[2]CERTIFICADOS!K42+[2]REGISTROS!K42+[2]PERMISOS!K42+[2]LICENCIAS!K42 -> 0 | L42: =[2]FISCALIZACIONES!L42+[2]CERTIFICADOS!L42+[2]REGISTROS!L42+[2]PERMISOS!L42+[2]LICENCIAS!L42 -> 0 | ... Z42: =[2]FISCALIZACIONES!Z42+[2]CERTIFICADOS!Z42+[2]REGISTROS!Z42+[2]PERMISOS!Z42+[2]LICENCIAS!Z42 -> 0
C43: Caraguatay | D43: =SUM(E43:Z43) -> 3 | E43: =[2]FISCALIZACIONES!E43+[2]CERTIFICADOS!E43+[2]REGISTROS!E43+[2]PERMISOS!E43+[2]LICENCIAS!E43 -> 1 | F43: =[2]FISCALIZACIONES!F43+[2]CERTIFICADOS!F43+[2]REGISTROS!F43+[2]PERMISOS!F43+[2]LICENCIAS!F43 -> 1 | G43: =[2]FISCALIZACIONES!G43+[2]CERTIFICADOS!G43+[2]REGISTROS!G43+[2]PERMISOS!G43+[2]LICENCIAS!G43 -> 1 | H43: =[2]FISCALIZACIONES!H43+[2]CERTIFICADOS!H43+[2]REGISTROS!H43+[2]PERMISOS!H43+[2]LICENCIAS!H43 -> 0 | I43: =[2]FISCALIZACIONES!I43+[2]CERTIFICADOS!I43+[2]REGISTROS!I43+[2]PERMISOS!I43+[2]LICENCIAS!I43 -> 0 | J43: =[2]FISCALIZACIONES!J43+[2]CERTIFICADOS!J43+[2]REGISTROS!J43+[2]PERMISOS!J43+[2]LICENCIAS!J43 -> 0 | K43: =[2]FISCALIZACIONES!K43+[2]CERTIFICADOS!K43+[2]REGISTROS!K43+[2]PERMISOS!K43+[2]LICENCIAS!K43 -> 0 | L43: =[2]FISCALIZACIONES!L43+[2]CERTIFICADOS!L43+[2]REGISTROS!L43+[2]PERMISOS!L43+[2]LICENCIAS!L43 -> 0 | ... Z43: =[2]FISCALIZACIONES!Z43+[2]CERTIFICADOS!Z43+[2]REGISTROS!Z43+[2]PERMISOS!Z43+[2]LICENCIAS!Z43 -> 0
C44: Emboscada | D44: =SUM(E44:Z44) -> 3 | E44: =[2]FISCALIZACIONES!E44+[2]CERTIFICADOS!E44+[2]REGISTROS!E44+[2]PERMISOS!E44+[2]LICENCIAS!E44 -> 1 | F44: =[2]FISCALIZACIONES!F44+[2]CERTIFICADOS!F44+[2]REGISTROS!F44+[2]PERMISOS!F44+[2]LICENCIAS!F44 -> 1 | G44: =[2]FISCALIZACIONES!G44+[2]CERTIFICADOS!G44+[2]REGISTROS!G44+[2]PERMISOS!G44+[2]LICENCIAS!G44 -> 1 | H44: =[2]FISCALIZACIONES!H44+[2]CERTIFICADOS!H44+[2]REGISTROS!H44+[2]PERMISOS!H44+[2]LICENCIAS!H44 -> 0 | I44: =[2]FISCALIZACIONES!I44+[2]CERTIFICADOS!I44+[2]REGISTROS!I44+[2]PERMISOS!I44+[2]LICENCIAS!I44 -> 0 | J44: =[2]FISCALIZACIONES!J44+[2]CERTIFICADOS!J44+[2]REGISTROS!J44+[2]PERMISOS!J44+[2]LICENCIAS!J44 -> 0 | K44: =[2]FISCALIZACIONES!K44+[2]CERTIFICADOS!K44+[2]REGISTROS!K44+[2]PERMISOS!K44+[2]LICENCIAS!K44 -> 0 | L44: =[2]FISCALIZACIONES!L44+[2]CERTIFICADOS!L44+[2]REGISTROS!L44+[2]PERMISOS!L44+[2]LICENCIAS!L44 -> 0 | ... Z44: =[2]FISCALIZACIONES!Z44+[2]CERTIFICADOS!Z44+[2]REGISTROS!Z44+[2]PERMISOS!Z44+[2]LICENCIAS!Z44 -> 0
C45: Eusebio Ayala | D45: =SUM(E45:Z45) -> 6 | E45: =[2]FISCALIZACIONES!E45+[2]CERTIFICADOS!E45+[2]REGISTROS!E45+[2]PERMISOS!E45+[2]LICENCIAS!E45 -> 2 | F45: =[2]FISCALIZACIONES!F45+[2]CERTIFICADOS!F45+[2]REGISTROS!F45+[2]PERMISOS!F45+[2]LICENCIAS!F45 -> 1 | G45: =[2]FISCALIZACIONES!G45+[2]CERTIFICADOS!G45+[2]REGISTROS!G45+[2]PERMISOS!G45+[2]LICENCIAS!G45 -> 1 | H45: =[2]FISCALIZACIONES!H45+[2]CERTIFICADOS!H45+[2]REGISTROS!H45+[2]PERMISOS!H45+[2]LICENCIAS!H45 -> 1 | I45: =[2]FISCALIZACIONES!I45+[2]CERTIFICADOS!I45+[2]REGISTROS!I45+[2]PERMISOS!I45+[2]LICENCIAS!I45 -> 1 | J45: =[2]FISCALIZACIONES!J45+[2]CERTIFICADOS!J45+[2]REGISTROS!J45+[2]PERMISOS!J45+[2]LICENCIAS!J45 -> 0 | K45: =[2]FISCALIZACIONES!K45+[2]CERTIFICADOS!K45+[2]REGISTROS!K45+[2]PERMISOS!K45+[2]LICENCIAS!K45 -> 0 | L45: =[2]FISCALIZACIONES!L45+[2]CERTIFICADOS!L45+[2]REGISTROS!L45+[2]PERMISOS!L45+[2]LICENCIAS!L45 -> 0 | ... Z45: =[2]FISCALIZACIONES!Z45+[2]CERTIFICADOS!Z45+[2]REGISTROS!Z45+[2]PERMISOS!Z45+[2]LICENCIAS!Z45 -> 0
C46: Isla Pucú | D46: =SUM(E46:Z46) -> 3 | E46: =[2]FISCALIZACIONES!E46+[2]CERTIFICADOS!E46+[2]REGISTROS!E46+[2]PERMISOS!E46+[2]LICENCIAS!E46 -> 1 | F46: =[2]FISCALIZACIONES!F46+[2]CERTIFICADOS!F46+[2]REGISTROS!F46+[2]PERMISOS!F46+[2]LICENCIAS!F46 -> 1 | G46: =[2]FISCALIZACIONES!G46+[2]CERTIFICADOS!G46+[2]REGISTROS!G46+[2]PERMISOS!G46+[2]LICENCIAS!G46 -> 0 | H46: =[2]FISCALIZACIONES!H46+[2]CERTIFICADOS!H46+[2]REGISTROS!H46+[2]PERMISOS!H46+[2]LICENCIAS!H46 -> 0 | I46: =[2]FISCALIZACIONES!I46+[2]CERTIFICADOS!I46+[2]REGISTROS!I46+[2]PERMISOS!I46+[2]LICENCIAS!I46 -> 1 | J46: =[2]FISCALIZACIONES!J46+[2]CERTIFICADOS!J46+[2]REGISTROS!J46+[2]PERMISOS!J46+[2]LICENCIAS!J46 -> 0 | K46: =[2]FISCALIZACIONES!K46+[2]CERTIFICADOS!K46+[2]REGISTROS!K46+[2]PERMISOS!K46+[2]LICENCIAS!K46 -> 0 | L46: =[2]FISCALIZACIONES!L46+[2]CERTIFICADOS!L46+[2]REGISTROS!L46+[2]PERMISOS!L46+[2]LICENCIAS!L46 -> 0 | ... Z46: =[2]FISCALIZACIONES!Z46+[2]CERTIFICADOS!Z46+[2]REGISTROS!Z46+[2]PERMISOS!Z46+[2]LICENCIAS!Z46 -> 0
C47: Itacurubí de la Cordillera | D47: =SUM(E47:Z47) -> 4 | E47: =[2]FISCALIZACIONES!E47+[2]CERTIFICADOS!E47+[2]REGISTROS!E47+[2]PERMISOS!E47+[2]LICENCIAS!E47 -> 1 | F47: =[2]FISCALIZACIONES!F47+[2]CERTIFICADOS!F47+[2]REGISTROS!F47+[2]PERMISOS!F47+[2]LICENCIAS!F47 -> 1 | G47: =[2]FISCALIZACIONES!G47+[2]CERTIFICADOS!G47+[2]REGISTROS!G47+[2]PERMISOS!G47+[2]LICENCIAS!G47 -> 0 | H47: =[2]FISCALIZACIONES!H47+[2]CERTIFICADOS!H47+[2]REGISTROS!H47+[2]PERMISOS!H47+[2]LICENCIAS!H47 -> 2 | I47: =[2]FISCALIZACIONES!I47+[2]CERTIFICADOS!I47+[2]REGISTROS!I47+[2]PERMISOS!I47+[2]LICENCIAS!I47 -> 0 | J47: =[2]FISCALIZACIONES!J47+[2]CERTIFICADOS!J47+[2]REGISTROS!J47+[2]PERMISOS!J47+[2]LICENCIAS!J47 -> 0 | K47: =[2]FISCALIZACIONES!K47+[2]CERTIFICADOS!K47+[2]REGISTROS!K47+[2]PERMISOS!K47+[2]LICENCIAS!K47 -> 0 | L47: =[2]FISCALIZACIONES!L47+[2]CERTIFICADOS!L47+[2]REGISTROS!L47+[2]PERMISOS!L47+[2]LICENCIAS!L47 -> 0 | ... Z47: =[2]FISCALIZACIONES!Z47+[2]CERTIFICADOS!Z47+[2]REGISTROS!Z47+[2]PERMISOS!Z47+[2]LICENCIAS!Z47 -> 0
C48: Juan de Mena | D48: =SUM(E48:Z48) -> 2 | E48: =[2]FISCALIZACIONES!E48+[2]CERTIFICADOS!E48+[2]REGISTROS!E48+[2]PERMISOS!E48+[2]LICENCIAS!E48 -> 1 | F48: =[2]FISCALIZACIONES!F48+[2]CERTIFICADOS!F48+[2]REGISTROS!F48+[2]PERMISOS!F48+[2]LICENCIAS!F48 -> 1 | G48: =[2]FISCALIZACIONES!G48+[2]CERTIFICADOS!G48+[2]REGISTROS!G48+[2]PERMISOS!G48+[2]LICENCIAS!G48 -> 0 | H48: =[2]FISCALIZACIONES!H48+[2]CERTIFICADOS!H48+[2]REGISTROS!H48+[2]PERMISOS!H48+[2]LICENCIAS!H48 -> 0 | I48: =[2]FISCALIZACIONES!I48+[2]CERTIFICADOS!I48+[2]REGISTROS!I48+[2]PERMISOS!I48+[2]LICENCIAS!I48 -> 0 | J48: =[2]FISCALIZACIONES!J48+[2]CERTIFICADOS!J48+[2]REGISTROS!J48+[2]PERMISOS!J48+[2]LICENCIAS!J48 -> 0 | K48: =[2]FISCALIZACIONES!K48+[2]CERTIFICADOS!K48+[2]REGISTROS!K48+[2]PERMISOS!K48+[2]LICENCIAS!K48 -> 0 | L48: =[2]FISCALIZACIONES!L48+[2]CERTIFICADOS!L48+[2]REGISTROS!L48+[2]PERMISOS!L48+[2]LICENCIAS!L48 -> 0 | ... Z48: =[2]FISCALIZACIONES!Z48+[2]CERTIFICADOS!Z48+[2]REGISTROS!Z48+[2]PERMISOS!Z48+[2]LICENCIAS!Z48 -> 0
C49: Loma Grande | D49: =SUM(E49:Z49) -> 2 | E49: =[2]FISCALIZACIONES!E49+[2]CERTIFICADOS!E49+[2]REGISTROS!E49+[2]PERMISOS!E49+[2]LICENCIAS!E49 -> 0 | F49: =[2]FISCALIZACIONES!F49+[2]CERTIFICADOS!F49+[2]REGISTROS!F49+[2]PERMISOS!F49+[2]LICENCIAS!F49 -> 0 | G49: =[2]FISCALIZACIONES!G49+[2]CERTIFICADOS!G49+[2]REGISTROS!G49+[2]PERMISOS!G49+[2]LICENCIAS!G49 -> 1 | H49: =[2]FISCALIZACIONES!H49+[2]CERTIFICADOS!H49+[2]REGISTROS!H49+[2]PERMISOS!H49+[2]LICENCIAS!H49 -> 0 | I49: =[2]FISCALIZACIONES!I49+[2]CERTIFICADOS!I49+[2]REGISTROS!I49+[2]PERMISOS!I49+[2]LICENCIAS!I49 -> 1 | J49: =[2]FISCALIZACIONES!J49+[2]CERTIFICADOS!J49+[2]REGISTROS!J49+[2]PERMISOS!J49+[2]LICENCIAS!J49 -> 0 | K49: =[2]FISCALIZACIONES!K49+[2]CERTIFICADOS!K49+[2]REGISTROS!K49+[2]PERMISOS!K49+[2]LICENCIAS!K49 -> 0 | L49: =[2]FISCALIZACIONES!L49+[2]CERTIFICADOS!L49+[2]REGISTROS!L49+[2]PERMISOS!L49+[2]LICENCIAS!L49 -> 0 | ... Z49: =[2]FISCALIZACIONES!Z49+[2]CERTIFICADOS!Z49+[2]REGISTROS!Z49+[2]PERMISOS!Z49+[2]LICENCIAS!Z49 -> 0
C50: Mbocayaty del Yhaguy | D50: =SUM(E50:Z50) -> 2 | E50: =[2]FISCALIZACIONES!E50+[2]CERTIFICADOS!E50+[2]REGISTROS!E50+[2]PERMISOS!E50+[2]LICENCIAS!E50 -> 1 | F50: =[2]FISCALIZACIONES!F50+[2]CERTIFICADOS!F50+[2]REGISTROS!F50+[2]PERMISOS!F50+[2]LICENCIAS!F50 -> 1 | G50: =[2]FISCALIZACIONES!G50+[2]CERTIFICADOS!G50+[2]REGISTROS!G50+[2]PERMISOS!G50+[2]LICENCIAS!G50 -> 0 | H50: =[2]FISCALIZACIONES!H50+[2]CERTIFICADOS!H50+[2]REGISTROS!H50+[2]PERMISOS!H50+[2]LICENCIAS!H50 -> 0 | I50: =[2]FISCALIZACIONES!I50+[2]CERTIFICADOS!I50+[2]REGISTROS!I50+[2]PERMISOS!I50+[2]LICENCIAS!I50 -> 0 | J50: =[2]FISCALIZACIONES!J50+[2]CERTIFICADOS!J50+[2]REGISTROS!J50+[2]PERMISOS!J50+[2]LICENCIAS!J50 -> 0 | K50: =[2]FISCALIZACIONES!K50+[2]CERTIFICADOS!K50+[2]REGISTROS!K50+[2]PERMISOS!K50+[2]LICENCIAS!K50 -> 0 | L50: =[2]FISCALIZACIONES!L50+[2]CERTIFICADOS!L50+[2]REGISTROS!L50+[2]PERMISOS!L50+[2]LICENCIAS!L50 -> 0 | ... Z50: =[2]FISCALIZACIONES!Z50+[2]CERTIFICADOS!Z50+[2]REGISTROS!Z50+[2]PERMISOS!Z50+[2]LICENCIAS!Z50 -> 0
C51: Nueva Colombia | D51: =SUM(E51:Z51) -> 6 | E51: =[2]FISCALIZACIONES!E51+[2]CERTIFICADOS!E51+[2]REGISTROS!E51+[2]PERMISOS!E51+[2]LICENCIAS!E51 -> 1 | F51: =[2]FISCALIZACIONES!F51+[2]CERTIFICADOS!F51+[2]REGISTROS!F51+[2]PERMISOS!F51+[2]LICENCIAS!F51 -> 2 | G51: =[2]FISCALIZACIONES!G51+[2]CERTIFICADOS!G51+[2]REGISTROS!G51+[2]PERMISOS!G51+[2]LICENCIAS!G51 -> 1 | H51: =[2]FISCALIZACIONES!H51+[2]CERTIFICADOS!H51+[2]REGISTROS!H51+[2]PERMISOS!H51+[2]LICENCIAS!H51 -> 2 | I51: =[2]FISCALIZACIONES!I51+[2]CERTIFICADOS!I51+[2]REGISTROS!I51+[2]PERMISOS!I51+[2]LICENCIAS!I51 -> 0 | J51: =[2]FISCALIZACIONES!J51+[2]CERTIFICADOS!J51+[2]REGISTROS!J51+[2]PERMISOS!J51+[2]LICENCIAS!J51 -> 0 | K51: =[2]FISCALIZACIONES!K51+[2]CERTIFICADOS!K51+[2]REGISTROS!K51+[2]PERMISOS!K51+[2]LICENCIAS!K51 -> 0 | L51: =[2]FISCALIZACIONES!L51+[2]CERTIFICADOS!L51+[2]REGISTROS!L51+[2]PERMISOS!L51+[2]LICENCIAS!L51 -> 0 | ... Z51: =[2]FISCALIZACIONES!Z51+[2]CERTIFICADOS!Z51+[2]REGISTROS!Z51+[2]PERMISOS!Z51+[2]LICENCIAS!Z51 -> 0
